Workbook

Sheet Baggrundsdata
A1: Epidemiology | B1: Epidemiology, Environment and Biostatistics
A2: Environment | B2: Epidemiology, Environment and Biostatistics
A3: Biostatistics | B3: Epidemiology, Environment and Biostatistics
A4: Health Promotion and Interventions | B4: Applied Public Health
A5: Health Economics, Policy and Planning | B5: Applied Public Health
A6: Health Organisation | B6: Applied Public Health
A7: Nursing and Health Care | B7: Clinical Public Health
A8: General Practice | B8: Clinical Public Health
A9: Exercise Biology | B9: Sport Science
A10: Sport and Body Culture | B10: Sport Science
A11: Educational Development, Didactics and Practical Skills | B11: Sport Science
A12: Videnskabsteori | B12: Sport Science
... A16: På sektionsniveau | B16: Alle sektioner

Sheet Grunddata
A1: Tidspunkt for eksport: 11-06-2026 08:32, Rapportsprog: da, Link til filtrering: https://kursuskatalog-admin.au.dk/da?year=2026&department=18. Der kan ikke garanteres for korrektheden af EKA koder.
A2: Kursuskatalog id | B2: STADS UVA kode | C2: STADS EKA kode | D2: Langt navn | E2: ECTS | F2: ECTS tekst | G2: Institut | H2: Institut email | I2: Primær uddannelse | J2: Fakultet | K2: Niveau | L2: Undervisningsformer | M2: Periode | N2: År | O2: Sæson | P2: Kvalifikationsbeskrivelse | Q2: Kursustype | R2: Undervisningssprog | S2: Tags | T2: Kursusansvarlig | U2: Kursusansvarlig AuID | V2: Kursusansvarlig Email | W2: Pensum | X2: Indhold | Y2: Underviser | Z2: Semesterplacering | AA2: Litteratur | AB2: Deltagerbegrænsning | AC2: Faglige forudsætninger | AD2: Kommentar til undervisningsform | AE2: Timer - Uge - Periode | AF2: Sted | AG2: Sted tekst | AH2: Øvrige oplysninger | AI2: Studienævn | AJ2: Relaterede uddannelser | AK2: EksOpl:Antal valgmuligheder | AL2: EksOpl: Eksamensnavn | AM2: EksOpl: Bemærkninger | AN2: EksOpl: Forudsætninger | AO2: EksOpl: Censurform | AP2: EksOpl: Bedømmelse | AQ2: EksOpl: Antal Prøvelementer | AR2: EksOplPe: Kaldenavn | AS2: EksOplPe: Prøveform | AT2: EksOplPe: Forberedelsestid | AU2: EksOplPe: Eksamenstid | AV2: EksOplPe: Hjælpemidler | AW2: Emnekrav | AX2: Link
A3: 143231 | B3: 341262U001 | C3: 341202E040 | D3: Abduktive tekstanalyser | E3: 10 | F3: 10 ECTS | G3: Institut for Folkesundhed | H3: Health.studadm@au.dk | I3: Kandidatuddannelsen i folkesundhedsvidenskab | J3: Health | K3: Kandidat | L3: Forelæsning, Holdundervisning, Praktisk, Vejledning | M3: Efterårssemester | N3: 2026 | O3: Efterår | P3: Abduktive tilgange bruges stadig oftere i sundhedsvidenskabelig kvalitativ forskning, især i komplekse praksisfelter som klinisk beslutningstagning, patientforløb, tværfagligt samarbejde og hverdagsliv med sygdom. Deres styrke ligger i, at de hverken er strikt deduktive (teoridrevne) eller induktive (datadrevne), men bevæger sig mellem teori og empiri i en kreativ, systematisk og refleksiv proces. Formålet med abduktive analyser er at opdage det uventede og udvikle den bedst mulige forklaring ved at lade data og teori udfordre og berige hinanden gensidigt. 1. Identificere grundbegreber knyttet til abduktive analyser i sundhedsfaglig forskning. 2. Beskrive centrale elementer i abduktion, herunder teoretisk følsomhed, iterative analyser og håndtering af overraskende fund. 3. Forbinde abduktive analyseprincipper til konkrete metodiske valg og begrunde deres relevans i sundhedsfaglig forskning. 4. Vurdere kvalitet og transparens i abduktive analyser ud fra etablerede videnskabsteoretiske kriterier. 5. Anvende abduktion til at generere innovative, teoretisk informerede tolkninger af komplekse sundhedsfænomener, også i nye eller uforudsete kontekster. 6. Reflektere kritisk og kreativt over egen analytisk praksis og formulere fagligt begrundede anbefalinger til forskning eller sundhedspraksis. | Q3: Tomplads, Ordinær, Udveksling | R3: Dansk | T3: Niels Buus | U3: 222385 | V3: niels.buus@ph.au.dk | W3: Kursets grundbog er: Timmermans, S., &amp; Tavory, I. (2022). Data analysis in qualitative research. Theorizing with abductive analysis. University of Chicago Press. | X3: Dette kursus introducerer studerende til abduktiv analyse med udgangspunkt i Timmermans og Tavorys forståelse af abduktion som en systematisk og kreativ metode til teoridrevet kvalitativ forskning. Kurset tager afsæt i en central pointe hos Timmermans & Tavory: at abduktion ikke blot er en metode, men ”en analytisk holdning”, hvor forskeren aktivt søger overraskelser, mønsterbrud og analytiske spændinger i data for at udvikle nye, plausible forklaringer. Kurset gennemgår abduktionens teoretiske fundament, herunder dens rødder i pragmatismen og Peirces oprindelige formulering. Herefter fokuseres der på Timmermans & Tavorys tre nøgleelementer: 1. Systematisk teoretisk triangulering, hvor forskeren arbejder bevidst med flere teorier samtidig for at øge sin teoretiske sensitivitet; 2. Analytiske abduktive loops, hvor forskeren pendulerer mellem empiri og teori for gradvist at forme forklaringer; og 3. Brug af anomalier, hvor det uventede i data ses som produktiv drivkraft for analytisk indsigt. Der arbejdes med, hvordan abduktion kan styrke forståelsen af praksisnære udfordringer, og hvordan metoden kan skabe forklaringer, der både er teoretisk velbegrundede og praktisk meningsfulde. Gennem kursusforløbet vil de studerende arbejde med egne data for praktisk at erfare effekten af skift mellem teoretiske perspektiver og forskellige tilgange til tekstanalyse. | AA3: Kursets grundbog er: Timmermans, S., & Tavory, I. (2022). Data analysis in qualitative research. Theorizing with abductive analysis. University of Chicago Press | AB3: 24 | AD3: Kurset har ikke fokus på datagenerering, men de studerende vil som optakt til kurset udføre et længere kvalitativt interview med en pensionist om vedkommendes oplevelse af sundhed baseret på en interviewguide udleveret af kursuslederen. Dette interview vil være udgangspunkt for praktiske øvelser i abduktive analyser (de vil pendulere mellem flere forskellige teoretiske perspektiver og forskellige kvalitative analyseformer mens de forfølger både mønstre og overraskelser). | AE3: Der vil være 12 ugers undervisning med fire undervisertilrettelagte timer per uge samt 12 timer til den afsluttende prøve. Halvdelen af disse timer vil være forelæsning og den anden halvdel holdundervisning, gruppearbejde og den fortløbende udarbejdelse af opgaven. Der vil være forberedelser og tid til udfærdigelse af prøve svarende til ca. 90 timer. | AF3: Aarhus | AI3: Studienævnet for Folkesundhedsvidenskab | AJ3: Den sundhedsfaglige kandidatuddannelse, Kandidatuddannelsen i sygepleje, Kandidatuddannelsen i optometri og synsvidenskab, Kandidatuddannelsen i idrætsvidenskab | AK3: 1 | AL3: Undervisningsdeltagelse | AM3: Kurset afsluttes med en individuel skriftlig opgave (omkring, men ikke over 20.000 anslag), der sammenfatter og præsenterer en større abduktiv analyse udført gennem hele semesteret. Det skal være fokus på både analytisk proces og analysens fund. Opgaven præsenteres ved en 10 minutters mundtlig fremlæggelse ved kursets afslutning. Det er ikke muligt at aflevere i grupper. Opgave og fremlæggelse vurderes samlet som bestået eller ikke bestået.Reeksamen: Består den studerende ikke eksamen, skal den studerende bestå kurset ved en fri hjemmeopgave og en mundtlig eksamen.Individuel fri hjemmeopgave hvor de studerende udarbejder en ny analyse baseret på samme datasæt som fra ordinær.Opgaven er samme omfang som ordinær.Mundtlig eksamen:Varighed: 20 minutter inkl. 10 min præsentation af opgaven og efterfølgende spørgsmål. | AO3: ingen censur | AP3: bestået/ikke bestået | AQ3: 1 | AR3: Undervisningsdeltagelse | AS3: Undervisningsdeltagelse | AV3: Alle | AX3: https://kursuskatalog-admin.au.dk/da/course/143231/
A4: 140938 | B4: 342192U007 | C4: 342192E004 | D4: Aktuelle tendenser i sygepleje | E4: 10 | F4: 10 ECTS | G4: Institut for Folkesundhed | H4: Health.studadm@au.dk | I4: Kandidatuddannelsen i sygepleje | J4: Health | K4: Kandidat | L4: Holdundervisning | M4: Efterårssemester | N4: 2026 | O4: Efterår | P4: Formål Kurset er et refleksions- og diskussionsfag, som skal give studerende indsigt i udvalgte aktuelle tendenser i sygepleje og sætte dem i stand til kritisk at analysere og diskutere disse tendensers konsekvenser for pleje og behandling af patienter og borgere. Læringsmål De studerende skal kunne: Demonstrere forståelse for aktuelle tendenser i sygeplejen og forholde sig kritisk analyserende til udvalgte aktuelle tendenserIdentificere, afgrænse og begrunde relevante sygeplejefaglige problemstillinger relateret til kursets emneområde på baggrund af en struktureret, systematisk og reflekteret informationssøgning med vægt på en argumentation for hvorledes udvalgte tendenser kommer til udtryk i det aktuelle sundhedsvæsenIdentificere, beskrive og begrunde en relevant metode til at undersøge en selvvalgt problemstillingUndersøge problemstillingen gennem analyse og diskussion af et velbegrundet valg af materiale/kilderBedømme undersøgelsens resultater og metode i en diskussion med inddragelse af relevante kilder og perspektivere undersøgelsens resultat med fokus på dens implikationer for patienter og/eller sygepleje.Strukturere redegørelsen for undersøgelsen på en systematisk og velargumenteret måde. | Q4: Tomplads, Ordinær | T4: Pia Dreyer | U4: 168389 | V4: dreyer@ph.au.dk | X4: Der gives en generel indføring i udvalgte aktuelle tendenser i sygepleje. Emnerne udgøres af nogle nedslagspunkter, der har forskellige abstraktionsniveauer. Under kurset arbejdes løbende med en obligatorisk øvelse i form af et debatindlæg (læserbrev, kommentar el. kronik) til et selvvalgt dansk medie, som ved kursets afslutning i princippet skal kunne publiceres. | AF4: Aarhus | AI4: Studienævnet for Sundhedsvidenskab | AK4: 1 | AL4: Fri hjemmeopgave | AM4: IndstillingsbetingelseFor at blive indstillet til eksamen skal de studerende have godkendt en skriveøvelse i form af en kronik/kommentar/læserbrev VejledningVejledning i grupper (seminarform): 1 gang á 135 minutterVejledning individuelt: 1 gang á 45 minutter. OmfangDen studerende udarbejder en individuel fri skriftligt hjemmeopgave på maksimalt 36.000 anslag (tegn inkl. mellemrum) svarende til 15 normalsider Der skal udarbejdes et kort dansk resume på maksimum ½ side svarende til 1.200 anslag Prøveform ved reeksamenPrøveformen ved 2. og 3. prøveforsøg svarer til kurstes ordinære prøveform | AN4: IndstillingsbetingelseFor at blive indstillet til eksamen skal de studerende have godkendt en skriveøvelse i form af en kronik/kommentar/læserbrev | AO4: ekstern censur | AP4: 7-trinsskala | AQ4: 1 | AR4: Fri hjemmeopgave | AS4: Hjemmeopgave (Assign) | AV4: Alle | AX4: https://kursuskatalog-admin.au.dk/da/course/140938/
A5: 140948 | B5: 341202U005 | C5: 341152E056 | D5: Almen sygdomslære | E5: 5 | F5: 5 ECTS | G5: Institut for Folkesundhed | H5: Health.studadm@au.dk | I5: Den sundhedsfaglige kandidatuddannelse | J5: Health | K5: Kandidat | L5: Forelæsning, Holdundervisning | M5: Efterårssemester | N5: 2026 | O5: Efterår | P5: Formål Formålet med kurset er at give de studerende et grundlæggende kendskab til de hyppigste og væsentligste sygdomme i den danske befolkning, således at de studerende opnår videregående kompetencer til at anvende og kritisk vurdere teorier og metoder i forhold til sundhedsvidenskabelige problemstillinger. Læringsmål: Ved afslutning af kurset skal den studerende kunne: Redegøre for og kritisk diskutere udvalgte teorier og/eller metoder anvendt inden for sundhedsvidenskabelige forskningAnvende disse teorier og/eller metoder til at belyse problemstillinger og/eller empirisk materialeVurdere disse teoriers og/eller metoders anvendelighed (forudsætninger, begrænsninger og styrker) i en sundhedsfaglig sammenhæng | Q5: Tomplads, Ordinær | T5: Iben Bach Damgaard | U5: 217847 | V5: iben.b.damgaard@clin.au.dk | X5: Der lægges i undervisningen vægt på at forklare sygdommes årsager og udvikling. Der vil være fokus på de hyppigste og væsentligste sygdomme i den vestlige befolkning. Undervisningen vil komme omkring: Patogenese og ætiologiSymptomer og fundDiagnostik, behandling, forebyggelse og byrde for patient og samfund.Forekomst, følgesygdomme og prognose.Udvalgte patofysiologiske tilstandes samspil med konkurrerende sygdomme.Medicinsk terminologi relateret til sygdomslæreUdvalgte teorier om sygdomslære og disses styrker/svaghederKommunikation til sundhedspersonale og sundhedsvidenskabelige forskere Fagets målgruppe er primært studerende fra kandidatuddannelsen i optometri og synsvidenskab. Faget er desuden relevant for øvrige studerende der skal samarbejde med sundhedspersonale. | Y5: Stine Elkjær Nielsen, stine.elkjaer.nielsen@auh.rm.dk | AA5: Sygdomslære for ikke-klinikere. Else Marie Bladbjerg & Jens Brings Jacobsen (Red.). Bog, hæftet. Sprog: Dansk. ISBN: 9788762818644 | AB5: 25 | AC5: Fagets målgruppe er primært studerende fra kandidatuddannelsen i optometri og synsvidenskab. Faget er desuden relevant for øvrige studerende der skal samarbejde med sundhedspersonale. | AE5: 8 undervisningsgange á 4 lektioner | AF5: Aarhus | AI5: Studienævnet for Sundhedsvidenskab | AJ5: Kandidatuddannelsen i sygepleje, Kandidatuddannelsen i optometri og synsvidenskab | AK5: 1 | AL5: Undervisningsdeltagelse | AM5: Valgfaget bestås ved følgende obligatoriske øvelse: De studerende vil blive inddelt i grupper á 4-5 personer og vil få udleveret en problemstilling, som de skal forberede et oplæg omkring. Problemstillingen tager udgangspunkt i et af undervisningsemnerne og udleveres en uge før fremlæggelsen. Alle i gruppen skal præsentere. ReeksamenBestår den studerende ikke kurset ved aktiv undervisningsdeltagelse, skal den studerende bestå kurset ved en bunden hjemmeopgave + en mundtlig eksamen Individuel, bunden hjemmeopgave: Omfang: 16.800 anslag (tegn inkl. mellemrum) svarende til 7 normalsiderVarighed: 3 dageMundtlig eksamen:Varighed: 30 min. inkl. votering | AO5: ingen censur | AP5: bestået/ikke bestået | AQ5: 1 | AR5: Undervisningsdeltagelse | AS5: Undervisningsdeltagelse | AX5: https://kursuskatalog-admin.au.dk/da/course/140948/
A6: 140949 | B6: 345231U001 | C6: 345201E028 | D6: Analyser og formidling af kontroversielle emner i sport | E6: 10 | F6: 10 ECTS | G6: Institut for Folkesundhed | H6: Health.studadm@au.dk | I6: Bacheloruddannelsen i idrætsvidenskab | J6: Health | K6: Bachelor | L6: Holdundervisning | M6: Efterårssemester | N6: 2026 | O6: Efterår | P6: Formål Formålet med kurset er at styrke de studerendes forudsætninger for at analysere humanvidenskabelig idrætsforskning inden for de angivne emner i indholdsbeskrivelsen. På kurset opøver de studerende deres evne til at vurdere idrætsvidenskabelige tekster af forskellig type inden for området med henblik på at skærpe egne skriftlige analyse- og formidlingskompetencer. De studerende vil blive præsenteret for forskellige teoretiske og metodiske tilgange inden for humanvidenskabelig idrætsforskning. Læringsmål Ved bedømmelse af den studerendes præstation lægges vægt på, i hvor høj grad den studerende kan: Redegøre for styrker og svagheder i idrætsfaglige tekster inden for det humanvidenskabelige område af såvel metodologisk som formidlingsmæssig karakter.Identificere og beskrive brug af teori i idrætsfaglige tekster.Identificere underliggende videnskabsteoretiske, ideologiske og politiske positioner og eventuelle biases.Analysere, diskutere og kritisere fremstillings- og argumentationsformen i idrætsvidenskabelig litteratur.Foretage og formidle en analyse klart, konsistent og velargumenteret. | Q6: Ordinær, Udveksling | R6: Dansk | T6: Verner Møller | U6: 167504 | V6: vm@ph.au.dk | X6: Undervisningen har fokus på læsning af idrætsfaglige tekster inden for det humanvidenskabelige område af såvel empirisk som teoretisk karakter. I kurset vil problemstillinger, som rejses i det forelagte tekstmateriale, gøres til genstand for diskussion, men der vil i særlig grad være opmærksomhed på at belyse de greb og virkemidler som teksterne er tilvejebragt ved hjælp af. Dvs. deres komposition, greb, materialevalg, sprog og argumentationsformer. Kurset vil således i høj grad rette sig mod at give de studerende indblik i den videnskabelige produktion og ”formidlingsmaskinrum”. Undervisningsmaterialet vil variere og f.eks. omfatte tekster som tematiserer: Doping og snyd i sportGambling, matchfixing og sportsbettingTransatleters inklusion og eksklusionRacisme og homofobi i sportIdræt som socialpolitikIdræt og identitetsdannelse Undervisningen vil være diskussions- og problembaseret på hold og i grupper. I faget vil studerendes egne skriftlige produkter også gøres til genstand for kritik og analyse. | Y6: Verner Møller | AB6: 35 | AC6: Kurset tager udgangspunkt i men forudsætter ikke de studerendes kendskab til humanistisk samfundsvidenskabelige idrætsteori som introduceres på kurset Sport history and sport sociology, samt på deres viden opnået ved fagene Videnskabsteori og Idrætspolitik, sundhedsbegreber og samfund samt kurset Introduktion til kvalitative metoder. | AD6: Holdundervisning, gruppearbejde, skriftligt arbejde | AE6: 3-timers holdundervisning 1 gang per uge i 14 uger | AF6: Aarhus | AI6: Studienævnet for Idræt | AJ6: Kandidattilvalget i idrætsvidenskab, Bacheloruddannelsen i idrætsvidenskab | AK6: 1 | AL6: Bunden hjemmeopgave | AM6: Individuel bunden hjemmeopgave på maksimalt 15 normalsider. Den studerende får ved kursets afslutning udleveret 3 idrætsvidenskabelige tekster, hvoraf de vælger én som analyseres indholds- og formidlingsmæssigt. | AO6: ekstern censur | AP6: 7-trinsskala | AQ6: 1 | AR6: Bunden hjemmeopgave | AS6: Hjemmeopgave (Assign) | AU6: 4 uge(r) | AX6: https://kursuskatalog-admin.au.dk/da/course/140949/
A7: 140951 | B7: 345201U006 | C7: 345201E001 | D7: Anatomi og biomekanik | E7: 10 | F7: 10 ECTS | G7: Institut for Folkesundhed | H7: Health.studadm@au.dk | I7: Bacheloruddannelsen i idrætsvidenskab | J7: Health | K7: Bachelor | L7: Forelæsning, Holdundervisning | M7: Efterårssemester | N7: 2026 | O7: Efterår | P7: Formål Kurset indeholder emnerne Anatomi og Biomekanik. Anatomi er læren om kroppens opbygning. Anatomidelen i dette kursus omhandler bevægeapparatets funktionelle anatomi. Bevægeapparatet omfatter knoglerne, leddene og musklerne, og i udvidet forstand endvidere kredsløbet og nervesystemet. Det primære formål i denne del af kurset er, at de studerende får en viden om anatomi, der sætter dem i stand til at forstå, hvordan bevægeapparatet fungerer i forbindelse med bevægelse. Et sekundært formål er, at de studerende opnår et kendskab til anatomiens sprog (nomenklatur), der dels sætter dem i stand til at kunne kommunikere med andre faggrupper inden for natur- og sundhedsvidenskab, og dels at kunne læse faglitteraturen. Biomekanik er læren om biologiske systemers mekaniske funktion. Det primære formål i denne del af kurset er, at de studerende får en viden om mekanik, der sætter dem i stand til at analysere menneskets bevægelser, specielt i idrætsmæssig sammenhæng. Dvs. at de studerende skal kunne forstå og udføre simple kvantitative bevægelsesanalyser. For kurset gælder det, at læringen herfra kan bruges i en række af idrætsstudiets senere kurser, f.eks. Menneskets fysiologi, Svømning, Atletik og bevægelsesoptimering og Idrætsskader Læringsmål Ved bedømmelse af den studerendes præstation lægges vægt på, i hvor høj grad den studerende kan: Beskrive bevægeapparatets knogler, led og musklerRedegøre for sammenhænge mellem kraft og bevægelseAnalysere bevægelser kvalitativtAnvende anatomisk nomenklaturAnvende den klassiske mekanik på menneskets bevægelserAnalysere menneskets grundlæggende bevægelser kinematiskAnalysere menneskets grundlæggende bevægelser kinetiskAnalysere mere komplekse idrætsbevægelser kvantitativt ved brug af digitale teknologier | Q7: Ordinær, Udveksling | R7: Dansk | T7: Thomas Bull Andersen | U7: 132707 | V7: tbull@ph.au.dk | X7: Systematisk, detaljeret gennemgang af bevægeapparatets knogler, led og muskler, samt mindre detaljeret gennemgang af kredsløb og nervesystem Kvalitativ bevægelsesanalyse: ledbevægelser og musklers kontraktionsformer i forbindelse med naturlige bevægelser Anatomisk terminologi (nomenklatur) på dansk og latin Systematisk gennemgang af den klassiske mekanik og hvorledes den kan anvendes på menneskets bevægelser Kvantitative bevægelsesanalyser af idrætsbevægelser, herunder kinematiske og kinetiske analyser. | Y7: Thomas Bull Andersen tbull@ph.au.dk og Henrik Sørensen hs@ph.au.dk | AE7: 6 timer pr. uge i 14 uger | AF7: Aarhus | AI7: Studienævnet for Idræt | AJ7: Bachelortilvalget i idrætsvidenskab, Bacheloruddannelsen i idrætsvidenskab | AK7: 1 | AL7: Skriftlig tilsynseksamen m. PC | AM7: Eksamen er en individuel fem-timers skriftlig tilsynseksamen. Anviste hjælpemidler: Papir og pen. Lommeregner og PC med officepakken; kun til løsning af opgave. Derfor er internet, værktøjer baseret på Generativ Artificial Intelligence (GAI), andre funktioner, programmer eller noter på PC'en ikke tilladt. Prøveform ved reeksamen Prøveformen ved reeksamen svarer til kursets ordinære prøveform. | AO7: ekstern censur | AP7: 7-trinsskala | AQ7: 1 | AR7: Skriftlig tilsynseksamen m. PC | AS7: Skriftlig Tilsynsprøve(Assign) | AU7: 5 time(r) | AV7: Anviste | AX7: https://kursuskatalog-admin.au.dk/da/course/140951/
A8: 137613 | B8: 341221U001 | C8: 341181E019 | D8: Anvendelse af "The Demographic and Health Surveys Program (DHS)" | E8: 20 | F8: 20 ECTS | G8: Institut for Folkesundhed | H8: Health.studadm@au.dk | I8: Bacheloruddannelsen i folkesundhedsvidenskab | J8: Health | K8: Bachelor | L8: Forelæsning, Holdundervisning, Selvstudium, Vejledning | M8: Forårssemester | N8: 2026 | O8: Forår | P8: Indenfor kursets emnefelt: Anvendelse af ”The Demographic and Health Surveys Program (DHS)”, skal den studerende kunne: behandle en afgrænset og klar folkesundhedsvidenskabelig problemstillingdokumentere en struktureret og fokuseret litteratursøgning med fremdragelse af relevant litteraturargumentere for valg af metode i relation til den valgte problemstillingdiskutere relevant teori og viden om det valgte genstandsområdeanalysere og fortolke empirisk datamaterialekritisk diskutere teori og materialekonkludere og perspektivere- gennemføre en logisk sammenhængende og velunderbygget argumentation fra problemformulering over analyse til konklusiondokumentere evnen til skriftlig akademisk fremstillingAnvende peer-feedback i forbindelse med udarbejdelse af bachelor projekt. | Q8: Ordinær, Udveksling | R8: Dansk | T8: Ulrika Enemark | U8: 186743 | V8: ue@ph.au.dk | X8: Flere internationale standardiserede surveys indsamler regelmæssigt valide nationalt repræsentative survey data omhandlende befolkning og sundhed i nu flere end 90 lande, primært lav- og middelindkomstlande. Eksempler på dette er Demographic and Health Surveys Program (DHS), Multi-Indicator Cluster Surveys (MICS) og Malaria Indicator Surveys (MIS). Fælles for dem er, at der anvendes standardiserede og validerede metoder. DHS blev oprindeligt iværksat for tredive år siden med henblik på at give lav- og middelindkomst lande mulighed for at monitorere og evaluere befolkningsudvikling, sundhed og ernæring. Fokus er især på børn og reproduktiv sundhed, men der er gennem årene tilkommet en række andre data moduler. I øjeblikket indsamles data til at beregne omkring 30 af indikatorerne, som anvendes til at monitorere FNs bæredygtighedsmål (SDG -Sustainable Development Goals). Data indsamles cirka hvert femte år og omfatter som standard - udover baggrundsdata for husstand og enkeltpersoner, blandt andet information om børnedødelighed, ernæring, forekomst af sygdom og brug af sundhedsvæsenet, vaccinationer, brug af graviditetsundersøgelser og fødselshjælp, mødredødelighed, familieplanlægning, omskæring, vold i hjemmet, hygiejne og adgang til rent drikkevand. Desuden findes tillægsmoduler, som dækker en række andre områder. På dette seminar skal studerende vælge en folkesundhedsvidenskabelig problemstilling som kan belyses via kvantitative analyser med brug af data fra DHS eller et andet internationalet survey. Som eksempel på mulige emneområder kan nævnes: Brug af sundhedsydelser eller sundhedsvæsenErnæring blandt børnSvangre omsorgForekomst af sygdomGeografisk og/eller socioøkonomisk ulighed Eksempel på en problemstilling: Den 26. september er World Contraception Day som en påmindelse om at regeringer verden over bør gøre mere for at imødekomme befolkningens behov for moderne præventionsmidler. For at imødekomme SDG 3 Ensure healthy lives and promote well-being for all at all ages har FNs medlemslande blandt andet forpligtet sig til at sikre universel adgang til seksuel og reproduktiv sundhedsydelser. Men i lav- og middelindkomstlande er det op imod hver fjerde kvinde, som ikke får imødekommet deres behov for moderne prævention. Hvad kan der gøres i det enkelte land for at leve op til forpligtelsen? En forudsætning for at kunne svare på dette er at forstå, hvor stort problemet er, hvem der er påvirket og sammenhængen mellem adgang til og brug af prævention og andre faktorer. Analyse af DHS data kan bidrage til mere viden på dette område. Ved kursus start vil der være udvalgt et mindre antal lande som de studerende skal rekvirere DHS data fra. Seminaret vil tage udgangspunkt i nogle udvalgte emneområder, men det vil være muligt at vælge andre emneområder til BA-opgaven. De udvalgte emneområder for undervisningen kunne fx være Børn og reproduktiv sundhedHvem bruger sundhedsvæsenet til hvad ?Sundhedsadfærd (vedrører også brug af sundhedsvæsenet, nogle DHS inkluderer også tobaksforbrug, trafikulykker etc.) Bachelorseminaret vil indeholde følgende overordnede elementer: Eksempler på folkesundhedsvidenskabelige problemstillinger og metode til belysning med anvendelse af DHS dataProblemformulering og formulering af teori og hypoteserLitteratursøgningOm data: Hvordan er data indsamlet? Hvilke spørgsmål indgår i spørgeskemaet? Hvad indeholder datasættet? Hvordan er datasættet struktureret? Hvordan ansøges om data? | Y8: Ulrika Enemark og Derek Asuman | AD8: Undervisningen vil veksle mellem oplæg fra undervisere, workshops og små oplæg fra studerende og peer-feedback de studerende imellem. De studerende vil tidligt i forløbet, skulle arbejde målrettet med valg af problemformulering som kan belyses med kvantitativ tilgang. Deltagerne forventes at udarbejde en kort individuel projektbeskrivelse og bacheloropgave. Forløbet omfatter både gruppebaseret og individuel vejledning. | AF8: Aarhus | AI8: Studienævnet for Folkesundhedsvidenskab | AK8: 1 | AL8: Fri hjemmeopgave | AM8: Opgavebesvarelsen må have et omfang på maksimalt 25 normalsider, inkl. bilag og noter, men ekskl. indholdsfortegnelse, litteraturliste og engelsk resumé (max 1 normalside). Resuméet indgår i bedømmelsen.Desuden kan dokumentation for dataindsamling, databehandling og statistiske analyser vedlægges. Dokumentation for dataindsamling, databehandling og statistiske analyser indgår ikke i bacheloropgavens omfang. Det er muligt at aflevere bachelorprojektet på dansk eller engelsk. Ved aflevering på dansk skrives et resumé på engelsk og ved aflevering på engelsk skrives et resumé på dansk. | AO8: ekstern censur | AP8: 7-trinsskala | AQ8: 1 | AR8: Fri hjemmeopgave | AS8: Hjemmeopgave (Assign) | AV8: Alle | AX8: https://kursuskatalog-admin.au.dk/da/course/137613/
A9: 140952 | B9: 345201U017 | C9: 345201E009 | D9: Arbejds- og træningsfysiologi | E9: 10 | F9: 10 ECTS | G9: Institut for Folkesundhed | H9: Health.studadm@au.dk | I9: Bacheloruddannelsen i idrætsvidenskab | J9: Health | K9: Bachelor | L9: Forelæsning, Holdundervisning, Praktisk | M9: Efterårssemester | N9: 2026 | O9: Efterår | P9: Formål Formålet med kurset er at bibringe de studerende teoretisk kendskab til menneskets fysiologiske reaktioner under idræt, arbejde og træning. Herunder at forstå akut fysiologisk regulation til muskelaktivitet og kroniske tilpasninger til længerevarende træning. Læringsmål Ved bedømmelse af den studerendes præstation lægges vægt på, i hvor høj grad den studerende kan: Demonstrere forståelse for akut humanfysiologisk regulation under arbejde/idræt under forskellige forudsætninger og omstændigheder.Demonstrere kendskab til kroniske humanfysiologisk tilpasninger til længerevarende træning.Omsætte fysiologisk viden til en praktisk kontekst.Indsamle og fortolke fysiologiske datasæt.Redegøre for humanfysiologisk regulation og respons til arbejde/idræt.Analysere og fortolke data fra fysiologiske laboratorieøvelser.Rådgive givne målgrupper om effekt og praktisering af fysisk aktivitet under givne ydre omstændigheder. | Q9: Ordinær, Udveksling | R9: Dansk | T9: Kristian Kjær Vissing | U9: 150782 | V9: vissing@ph.au.dk | X9: Følgende emner omfattes af undervisningen: Energistofskiftet og aerobt/anaerobt arbejde, neuromuskulær fysiologi,- kredsløbs- og respirationsfysiologi, endokrinologi samt berører indflydelse af ernæring, ergogene stoffer, temperatur, alder og køn. | Y9: Kristian Vissing | AC9: Kurset bygger videre på teoretisk viden opnået i kurset Menneskets fysiologi | AE9: 1 x 2 lektioners forelæsninger, 1 x 2 lektioners selvstudier og 1 x 2 lektioners holdtimer. Hertil kommer 2 laboratorieøvelser af 2-4 timers varighed. Til 1 x 2 lektioners selvstudier løses opgaver i grupper eller individuelt som forberedelse til holdtimerne. Der er ikke en underviser til stede. | AF9: Aarhus | AI9: Studienævnet for Idræt | AJ9: Kandidattilvalget i idrætsvidenskab, Bacheloruddannelsen i idrætsvidenskab | AK9: 1 | AL9: Skriftlig tilsynseksamen m. PC | AM9: Eksamen er en individuel fire-timers skriftlig tilsynseksamen. Anviste hjælpemidler: Papir og pen. Lommeregner og PC med officepakken; kun til løsning af opgave. Derfor er internet, værktøjer baseret på Generativ Artificial Intelligence (GAI), andre funktioner, programmer eller noter på PC´ en ikke tilladt. Prøveform ved reeksamen Prøveformen ved reeksamen svarer til kursets ordinære prøveform. | AO9: ekstern censur | AP9: 7-trinsskala | AQ9: 1 | AR9: Skriftlig tilsynseksamen m. PC | AS9: Skriftlig Tilsynsprøve(Assign) | AU9: 4 time(r) | AV9: Anviste | AX9: https://kursuskatalog-admin.au.dk/da/course/140952/
A10: 137584 | B10: 321202U027 | C10: 321202E016 | D10: Arktisk medicin | E10: 5 | F10: 5 ECTS | G10: Institut for Folkesundhed | H10: Health.studadm@au.dk | I10: Kandidatuddannelsen i medicin | J10: Health | K10: Kandidat | L10: Forelæsning, Holdundervisning, Selvstudium | M10: Forårssemester | N10: 2026 | O10: Forår | P10: Kurset er beregnet til medicinstuderende på kandidatuddannelsen. Kurset giver en introduktion til menneskers sundhed i det arktiske med fokus på folkesygdomme og forebyggelse inkluderende risikofaktorer ved miljøeksponeringer og livsstil samt betydning af eventuelle klimaforandringer. Endvidere er kurset en introduktion til lægegerning (KBU, klinikophold) i Grønland. Kurset lægger op til individuelt forløb og evt. speciale på Grønland eller Grønlandske / arktiske sundhedsemner. Når kurset er gennemført forventer vi, at den studerende med hensyn til Arktisk Medicin skal kunne: Beskrive mønstre for sygdomme i arktiske befolkninger både overførbare og ikke-overførbareBeskrive påvirkninger og betydningen sundhedsdeterminanter som livsstilfaktorer og miljøeksponeringer samt evt. betydningen af klimaforandringerne.Beskrive sundhedssystemer og udfordringer til levering af sundhedspleje i arktiske regionerBeskrive leve- og sociale forhold blandt cirkumpolare populationerBeskriv forskelle i sundhedsvæsenet mellem f.eks. Skandinaviske lande og arktiske områder fra et praktisk synspunktBeskrive og sammenligne sygdomsfrekvens forskelle i Skandinaviske lande og arktiske områder. Redegøre for almindelige sygdomme og sundhedsmæssige forhold over tid i arktiske populationer og forskelle fra helbredsforhold i vestlige landeForklare hovedrisikofaktorer og determinanter for helbred og sygdom i arktiske populationerAnalysere etablerede sundhedssystemer og deres udfordringer til levering af sundhedsydelser i arktiske regionerDiskutere betydningen af praktiske spørgsmål relateret til arbejde i sundhedssystemer i arktiske områder | Q10: Ordinær, Udveksling | R10: Dansk | T10: Maria Wielsøe | U10: 255532 | V10: mwielsoe@ph.au.dk | X10: Kurset beskæftiger sig med menneskers sundhed i det arktiske. Der vil være en bred vifte af emner som medicinsk antropologi, sundhedssystemets opbygning og udfordringer med fokus på Grønland og folkesundhed i det arktiske. Der vil introduceres til cancer i det arktiske vs vestlige lande samt livsstilssygdomme som diabetes, hjertekar-og endokrine sygdomme, reproduktion og mor-barn sundhed, infektions sygdomme og genetisk diversitet. Inkluderet er også diæt og miljø-eksponeringseffekter på sundhed i det arktiske. Der er en række sygdomsmønstre i de arktiske populationer. Høj forekomst af smitsomme (infektiøse) sygdomme og lav forekomst af ikke-overførbare (kroniske) sygdomme som f.eks. koronar hjertesygdom og diabetes. Dette sundhedsmønster har ændret sig i arktiske befolkninger bl.a. grundet ændret livsstil og diæt. De arktiske samfund har gennem en årrække ændret sig fra et jagtsamfund til en mere vestlig livsstil inklusive skift fra traditionel primært marin kost til vestlige fødevarer. Dette har medført betydelige kulturelle og sociale problemstillinger, som har påvirket arktiske samfund i de seneste årtier. Endvidere er der set en tydelig stigning i visse type af kræft og fx diabetes. Desuden påvirker klimaændringer de arktiske populationer i større udstrækning end mange andre befolkninger. De cirkumpolare populationer er kendetegnet ved høje niveauer af svært nedbrydelige, sundhedsskadelige gifte i miljø og deres marine kost. En række miljøgifte er blevet reguleret – men nye er kommet til og udgør derfor stadig en sundhedsrisiko. Kurset vedrører således de sundhedsmønstre i arktiske befolkninger, som tydeligt har ændret sig over tid. Samlet behandler kurset levevilkår og statistikker for arktiske befolkninger; determinanter og risikofaktorer for sundhed, herunder genetisk modtagelighed, miljø, sociale faktorer, diæt og ernæring, rygning, alkohol og stofbrug; og konsekvenser med hensyn til de særlige mønstre af sygdomme, der er observeret i disse populationer, herunder genetiske, infektions- og hjerte-kar-sygdomme, kræft, diabetes, fedme, skader og vold, mental sundhed og selvmord og mødres og børns sundhed. Der vil blive lagt særlig vægt på nye forskningsresultater. Kurset giver en indsigt i praktisk arbejde i sundhedsvæsenets systemer i arktiske områder med særlig fokus på Grønland og kan derfor også fungere som et forberedende kursus for arbejde i sådanne områder. | Y10: Eva Cecilie Bonefeld-Jørgensen | AA10: Litteratur i relation til forelæsninger og individuelle opgaver indgår i pensum. | AB10: 30 | AC10: Bestået bacheloruddannelse i medicin | AD10: Forelæsninger / Holdundervisning med gruppearbejde med efterfølgende præsentation i plenum samt opponering af andre gruppers arbejde/præsentation. Undervisningen er typisk opbygget ved 1-2 times forelæsning fulgt af en time med gruppearbejde præsentation og diskussion i plenum af udleveret relateret litteratur. Generelt er der afsat 1 time til gruppearbejde pr undervisningsdag til forberedelse af gruppens kommende præsentation, diskussion og opponering. Ved kursusstart vil der blive etableret hold af ca. 4 studerende. I tilknytning til hver forelæsning lægges der på Brightspace (BS), senest 8-10 dage før undervisningsdagen, relateret litteratur (artikel(er)) med spørgsmål fra forelæser, som de studerende i de valgte hold skal besvare og præsentere på klassen som oplæg (PowerPoint (PP)) til efterfølgende diskussion i plenum med underviser, opponenter og de øvrige studerende. Der vælges blandt medkursisterne faste opponenter til hvert emne. De studerendes gruppearbejde som PP skal lægges på BS og fremsendes til forelæser i emnet senest 2 dage før projektpræsentationerne så opponenterne kan forberede spørgsmål. | AE10: 150 timer, heraf 32 konfrontationstimer, 70 timers forberedelse til/opfølgning på konfrontationstimer, 48 timers udarbejdelse af skriftlig afsluttende opgave. | AF10: Aarhus | AI10: Studienævnet for Medicin | AK10: 1 | AL10: Undervisningsdeltagelse | AM10: For at få godkendt aktiv undervisningsdeltagelse og dermed kurset, skal studerende have godkendt følgende: Gruppeoplæg med efterfølgende diskussion i plenum i forbindelse med forelæsning. Deltagelse som opponent ved en andens gruppes oplæg i forbindelse med forelæsning Skriftlig projektopgave i grupper over et emne der udleveres ved kursusstart (BS). Inspiration til emnet vil være på BS under ”forelæsninger” ved kursus start. Opgaven er en hjemmeopgave som udføres i løbet at kurset. Den skriftlige opgave må max være 5 sider (á 2400 tegn inkl. blanktegn), inkl. noter, men ekskl. abstrakt, indholdsfortegnelse, litteraturliste, bilag og tabeller/figurer. Den enkelte studerende skal i rapporten angive hvad de har skrevet og været ansvarlig for. Opgaven afleveres på BS i uge 6 på kurset. Opgaven vil blive skriftligt kommenteret af underviser med ekspertise i emnet. Alle i gruppen står til regnskab for hele opgaven. På baggrund af aktiviteterne foretages en individuel helhedsvurdering af den studerendes præstation med henblik på at bedømme om undervisningsdeltagelsen er godkendt B-prøveBestår den studerende ikke 1. prøveforsøg, tilmeldes den studerende B-prøven som sit 2. prøveforsøg. B-prøven er en stillet 48 timers skriftlig hjemmeopgave på maks. 5 sider (á 2400 tegn inkl. blanktegn), inkl. noter, men ekskl. indholdsfortegnelse, litteraturliste, abstrakt, bilag og tabeller/figurer. Herudover 30 min. mundtlig eksamination (fremlæggelse af opgaven samt indgående spørgsmål til pensum). | AO10: ingen censur | AP10: bestået/ikke bestået | AQ10: 1 | AR10: Undervisningsdeltagelse | AS10: Undervisningsdeltagelse | AX10: https://kursuskatalog-admin.au.dk/da/course/137584/
A11: 137565 | B11: 345201U021 | C11: 345201E021 | D11: Atletik og bevægelsesoptimering | E11: 5 | F11: 5 ECTS | G11: Institut for Folkesundhed | H11: Health.studadm@au.dk | I11: Bacheloruddannelsen i idrætsvidenskab | J11: Health | K11: Bachelor | L11: Forelæsning, Holdundervisning, Praktisk | M11: Forårssemester | N11: 2026 | O11: Forår | P11: Formål Formålet med kurset er, at de studerende udvikler alsidige praktiske kompetencer samt biomekanisk indsigt i og forståelse for atletikkens discipliner inden for løb, spring og kast. De studerende skal ydermere ud fra tillæring af en praktisk-teoretisk forståelsesramme af kendte bevægelser fra atletik, kunne anvende denne viden til at optimere på bevægelser, der ligger uden for atletikkens discipliner (ex: retningsskifte, spark og slag). Læringsmål Ved bedømmelse af den studerendes præstation lægges vægt på, i hvor høj grad den studerende kan: Redegøre og forklare for relevante biomekaniske formler og modeller inden for optimering af løb, spring og kastPerspektivere sin teoretisk-biomekaniske og praktiske viden fra atletikkens discipliner til optimering af bevægelser i andre sportsgreneUdføre praktiske basisfærdigheder inden udvalgte atletikdiscipliner samt indsamle og analysere kinematiske data fra egne/andres bevægelser.Anvende sine biomekaniske analyser i en praksis-kontekst til bevægelsesoptimering herunder at, dels) udpege tekniske forbedringspunkter og, dels) opstille konkrete træningsøvelser.Selvstændigt tilrettelægge og opstille forsøg for dataindsamling (ex. position, højde, vinkel) af bevægelser i atletik.Identificere egne læringsbehov og udpege relevante øvelser for teknisk-biomekanisk optimering af egne bevægelser. | Q11: Ordinær, Udveksling | R11: Dansk | T11: Simon Lønbro | U11: 146588 | V11: loenbro@ph.au.dk | X11: De studerende introduceres til udvalgte atletikdiscipliner inden for hovedgrupperne: løb, spring og kast. De studerende vil på kurset blive indført i hvilke biomekaniske betragtninger der ligger til grund for den tekniske udførelse af den enkelte disciplin, ligesom de studerende skal afprøve og erfare disciplinerne på egen krop gennem praktisk undervisning. Der vil være et teoretisk pensum med teknisk og biomekanisk forklaring af de atletikdiscipliner som der arbejdes med i den praktiske undervisning, ligesom der afholdes en forelæsning pr. disciplin. De studerende vil undervejs på kurset arbejde med at indsamle og regne på kinematisk data ved hjælp af on-field redskaber (videooptagelser, fotoceller ol.) og computerprogrammer (tracker, excel ol.) med henblik på teknisk optimering af egne og andres bevægelser. De studerende vil på kurset arbejde med at perspektivere deres praktiske og teoretiske viden fra atletik til at optimere på bevægelser der ligger uden for atletikkens egenart, eksempelvis slag, spark og retningsskifte. I den perspektiverende del kan de studerende finde inspiration til andre sportsgrene i et kursorisk materiale, men pointen med perspektiveringen er at de biomekaniske forklaringsmodeller i atletik også er gældende i andre sportsgrene. | Y11: Andreas K. Christensen, Thomas Cortebeeck | AB11: 20 | AC11: Det forudsættes at den studerende har bestået kurset Anatomi og biomekanik, da den anvendte biomekanik i Atletik og bevægelsesoptimering tager afsæt i dette kursus. | AD11: Kurset afholdes på Ceres Park, i Marselisborghallen og på Sektion for Idræt | AE11: Kurset er en kombination af praktisk og teoretisk undervisning. Kurset består af 54 lektioner fordelt på 14 uger med 1-2 x 3 praktiske/teoretiske lektioner pr. uge. | AF11: Aarhus | AI11: Studienævnet for Idræt | AJ11: Kandidattilvalget i idrætsvidenskab, Bacheloruddannelsen i idrætsvidenskab | AK11: 1 | AL11: Praktisk + Bunden hjemmeopgave | AM11: Kombineret praktisk og skrifltig prøve: Praktisk prøve: De studerende går enkeltvis op til prøven, men den afholdes samtidig med prøven for resten af holdet, da den praktiske prøve består af flere discipliner. Studerende A vurderes på sin 100 m, derefter studerende B og så fremdeles. Herefter fortsætter de studerende til en ny disciplin for studerende A starter, efterfulgt af studerende B. Den samlede varighed for et hold af 25-30 studerende er ca. 4 timer. Skriftlig prøve: Individuel bunden hjemmeopgave. Bedømmelsesgrundlag: Den studerende vurderes både praktisk og skriftligt. Den studerende skal bestå begge prøver hver for sig. Der gives karakter på baggrund af en samlet vurdering Reeksamen er samme som ordinær | AO11: intern censur | AP11: 7-trinsskala | AQ11: 2 | AR11: Praktisk(A),Bunden hjemmeopgave(B) | AS11: Praktisk(A),Hjemmeopgave (Assign)(B) | AT11: (A),(B) | AU11: 4 time(r)(A),48 time(r)(B) | AV11: (A),(B) | AX11: https://kursuskatalog-admin.au.dk/da/course/137565/
A12: 137622 | B12: 341181U019 | C12: 341181E017 | D12: Bacheloropgave | E12: 20 | F12: 20 ECTS | G12: Institut for Folkesundhed | H12: Health.studadm@au.dk | I12: Bacheloruddannelsen i folkesundhedsvidenskab | J12: Health | K12: Bachelor | L12: Selvstudium, Vejledning | M12: Forårssemester | N12: 2026 | O12: Forår | P12: Formålet er, at den studerende selvstændigt kan behandle, analysere og diskutere en folkesundhedsvidenskabelig problemstilling. Den studerende skal med udgangspunkt i bacheloruddannelsens fagelementer kunne: behandle en afgrænset og klar folkesundhedsvidenskabelig problemstillingdokumentere en struktureret og fokuseret litteratursøgning med fremdragelse af relevant litteraturargumentere for valg af metode i relation til den valgte problemstillingdiskutere relevant teori og viden om det valgte genstandsområdeanalysere og fortolke empirisk datamaterialekritisk diskutere teori og materialekonkludere og perspektivere; gennemføre en logisk sammenhængende og velunderbygget argumentation fra problemformulering over analyse til konklusiondokumentere evnen til skriftlig akademisk fremstilling | Q12: Ordinær | R12: Dansk | AD12: Den studerende skal individuelt udarbejde en opgave, hvor den studerende selvstændigt finder emnefelt og vejleder. Vejleder skal godkendes af Studieleder. | AF12: Aarhus | AI12: Studienævnet for Folkesundhedsvidenskab | AK12: 1 | AL12: Hjemmeopgave (Assign) | AM12: Fri skriftlig hjemmeopgave, dog inden for emnefeltet af det udbudte seminar såfremt den studerende har valgt at følge et sådant. Det skriftlige produkt må have et omfang på max 25 normalsider, inkl. bilag og noter, men ekskl. indholdsfortegnelse, litteraturliste og engelsk resumé (max 1 normalside). Resuméet indgår i bedømmelsen. Desuden kan dokumentation for dataindsamling, databehandling og statistiske analyser vedlægges. Dokumentation for dataindsamling, databehandling og statistiske analyser indgår ikke i bacheloropgavens omfang. Det er muligt at aflevere bachelorprojektet på dansk eller engelsk. Ved aflevering på dansk skrives et resumé på engelsk og ved aflevering på engelsk skrives et resumé på dansk. | AO12: ekstern censur | AP12: 7-trinsskala | AQ12: 1 | AS12: Hjemmeopgave (Assign) | AX12: https://kursuskatalog-admin.au.dk/da/course/137622/
A13: 137606 | B13: 345201U012 | C13: 345201E015 | D13: Bachelorprojekt | E13: 15 | F13: 15 ECTS | G13: Institut for Folkesundhed | H13: Health.studadm@au.dk | I13: Bacheloruddannelsen i idrætsvidenskab | J13: Health | K13: Bachelor | L13: Selvstudium | M13: Forårssemester | N13: 2026 | O13: Forår | P13: Formål Formålet med bachelorprojektet er, at den studerende fordyber sig i et forhåndsgodkendt emne inden for et idrætsligt fagområde. Det valgte emne kan belyses inden for et eller flere af idrætsstudiets tre hovedområder: humanfysiologisk idrætsteori, humanistisk-samfundsvidenskabelig idrætsteori og det praktisk-teoretiske område. Læringsmål Ved bedømmelse af den studerendes præstation lægges vægt på, i hvor høj grad den studerende kan: Demonstrere grundlæggende viden om forskningsbaserede metoder, relevante digitale teknologier samt teorier knyttet til en konkret idrætsfaglig problemstilling.Demonstrere indsigt i det valgte faglige emne på grundlag af den viden, der er opnået inden for et eller flere af uddannelsens fagområder.Formulere og afgrænse en konkret idrætsfaglig problemstillingUdvælge og afgrænse inddraget metode og teori på systematisk vis i relation til den idrætsfaglige problemstilling.Skriftligt og mundtligt formidle det valgte emne ved hjælp af relevant litteratur, digitale teknologier og metoder.Samle resultaterne i en klar, struktureret og sproglig korrekt fremstilling.I resuméform redegøre for arbejdets rationale, problemstilling, teoretiske grundlag, metoder og resultater.Tilegne og kritisk fortolke til eksisterende og ny viden.Argumentere for og kritisk diskutere teorivalg, metodiske tilgange og datahåndtering hvis relevant.Selvstændigt indsamle og kritisk vurdere faglig litteratur og andet materiale.Selvstændigt analysere og diskutere emnet på baggrund af beskrevne intentioner og ved hjælp af faglige metoder og teorier. | Q13: Ordinær, Udveksling | R13: Dansk, Engelsk | T13: Kristian Raun Thomsen | U13: 275643 | V13: thomsen@ph.au.dk | X13: Bachelorprojektet er et afsluttende selvstændigt videnskabeligt arbejde, der trækker på uddannelsens kernefaglige elementer. Den studerende vælger en problemstilling inden for et idrætsfagligt emne, der afspejler bacheloruddannelsens kompetenceprofil, og som kan godkendes af en vejleder. Bachelorprojektet udgør et selvstændigt teoretisk og/eller eksperimentelt/empirisk baseret arbejde ved hjælp af forskningsmetoder, som anvendes inden for minimum et af de tre hovedområder: (1) Humanfysiologisk idrætsteori, (2) humanistisk-samfundsvidenskabelig idrætsteori og (3) praktisk-teoretisk idræt. | Y13: Akademisk ansatte på Insitut for Folkesundhed | Z13: 6. semester (1-faglig) 5. semester (2-faglig) | AD13: Vejledningsomfang og indhold aftales i dialog med vejleder. | AE13: Bachelorprojektet strækker sig over et semester. | AF13: Aarhus | AI13: Studienævnet for Idræt | AJ13: Bacheloruddannelsen i idrætsvidenskab | AK13: 1 | AL13: Fri hjemmeopgave + Bunden mundtlig prøve | AM13: Bachelorprojektet er en fri skriftlig hjemmeopgave efterfulgt af en mundtlig eksamen. Fri hjemmeopgave: Bachelorprojektet skal have et omfang på maksimalt 25 normalsider. Derudover skal bachelorprojektet indeholde et resumé på maksimalt 1 normalside. Bachelorprojektet kan udarbejdes af op til tre studerende. Ved flere studerende tillægges maksimalt 15 sider pr. studerende ekstra i gruppen. Det er muligt at aflevere bachelorprojektet på dansk eller engelsk. Ved aflevering på dansk skrives et resumé på engelsk og ved aflevering på engelsk skrives et resumé på dansk. Mundtlig prøve: Den mundtlige eksamen er individuel og varer 30 minutter inkl. votering. Eksaminationen tager udgangspunkt i den skriftlige opgave. Den studerende har mulighed for at indlede den mundtlige eksamen med et oplæg maksimalt 8 minutter. Bedømmelsesgrundlag: Bedømmelsen sker på baggrund af en helhedsvurdering af den skriftlige opgave og den mundtlige eksamination | AO13: ekstern censur | AP13: 7-trinsskala | AQ13: 2 | AR13: Fri hjemmeopgave(A),Bunden mundtlig prøve(B) | AS13: Hjemmeopgave (Assign)(A),Mundtlig(B) | AT13: (A),(B) | AU13: (A),30 minutter(B) | AV13: Alle(A),Alle(B) | AX13: https://kursuskatalog-admin.au.dk/da/course/137606/
A14: 140953 | B14: 345201U012 | C14: 345201E015 | D14: Bachelorprojekt | E14: 15 | F14: 15 ECTS | G14: Institut for Folkesundhed | H14: Health.studadm@au.dk | I14: Bacheloruddannelsen i idrætsvidenskab | J14: Health | K14: Bachelor | L14: Selvstudium | M14: Efterårssemester | N14: 2026 | O14: Efterår | P14: Formål Formålet med bachelorprojektet er, at den studerende fordyber sig i et forhåndsgodkendt emne inden for et idrætsligt fagområde. Det valgte emne kan belyses inden for et eller flere af idrætsstudiets tre hovedområder: humanfysiologisk idrætsteori, humanistisk-samfundsvidenskabelig idrætsteori og det praktisk-teoretiske område. Læringsmål Ved bedømmelse af den studerendes præstation lægges vægt på, i hvor høj grad den studerende kan: Demonstrere grundlæggende viden om forskningsbaserede metoder, relevante digitale teknologier samt teorier knyttet til en konkret idrætsfaglig problemstilling.Demonstrere indsigt i det valgte faglige emne på grundlag af den viden, der er opnået inden for et eller flere af uddannelsens fagområder.Formulere og afgrænse en konkret idrætsfaglig problemstillingUdvælge og afgrænse inddraget metode og teori på systematisk vis i relation til den idrætsfaglige problemstilling.Skriftligt og mundtligt formidle det valgte emne ved hjælp af relevant litteratur, digitale teknologier og metoder.Samle resultaterne i en klar, struktureret og sproglig korrekt fremstilling.I resuméform redegøre for arbejdets rationale, problemstilling, teoretiske grundlag, metoder og resultater.Tilegne og kritisk fortolke til eksisterende og ny viden.Argumentere for og kritisk diskutere teorivalg, metodiske tilgange og datahåndtering hvis relevant.Selvstændigt indsamle og kritisk vurdere faglig litteratur og andet materiale.Selvstændigt analysere og diskutere emnet på baggrund af beskrevne intentioner og ved hjælp af faglige metoder og teorier. | Q14: Ordinær, Udveksling | R14: Dansk, Engelsk | T14: Kristian Raun Thomsen | U14: 275643 | V14: thomsen@ph.au.dk | X14: Bachelorprojektet er et afsluttende selvstændigt videnskabeligt arbejde, der trækker på uddannelsens kernefaglige elementer. Den studerende vælger en problemstilling inden for et idrætsfagligt emne, der afspejler bacheloruddannelsens kompetenceprofil, og som kan godkendes af en vejleder. Bachelorprojektet udgør et selvstændigt teoretisk og/eller eksperimentelt/empirisk baseret arbejde ved hjælp af forskningsmetoder, som anvendes inden for minimum et af de tre hovedområder: (1) Humanfysiologisk idrætsteori, (2) humanistisk-samfundsvidenskabelig idrætsteori og (3) praktisk-teoretisk idræt. | Y14: Akademisk ansatte på Insitut for Folkesundhed | Z14: 6. semester (1-faglig) 5. semester (2-faglig) | AD14: Vejledningsomfang og indhold aftales i dialog med vejleder. | AE14: Bachelorprojektet strækker sig over et semester. | AF14: Aarhus | AI14: Studienævnet for Idræt | AJ14: Bacheloruddannelsen i idrætsvidenskab | AK14: 1 | AL14: Fri hjemmeopgave + Bunden mundtlig prøve | AM14: Bachelorprojektet er en fri skriftlig hjemmeopgave efterfulgt af en mundtlig eksamen. Fri hjemmeopgave: Bachelorprojektet skal have et omfang på maksimalt 25 normalsider. Derudover skal bachelorprojektet indeholde et resumé på maksimalt 1 normalside. Bachelorprojektet kan udarbejdes af op til tre studerende. Ved flere studerende tillægges maksimalt 15 sider pr. studerende ekstra i gruppen. Det er muligt at aflevere bachelorprojektet på dansk eller engelsk. Ved aflevering på dansk skrives et resumé på engelsk og ved aflevering på engelsk skrives et resumé på dansk. Mundtlig prøve: Den mundtlige eksamen er individuel og varer 30 minutter inkl. votering. Eksaminationen tager udgangspunkt i den skriftlige opgave. Den studerende har mulighed for at indlede den mundtlige eksamen med et oplæg maksimalt 8 minutter. Bedømmelsesgrundlag: Bedømmelsen sker på baggrund af en helhedsvurdering af den skriftlige opgave og den mundtlige eksamination | AO14: ekstern censur | AP14: 7-trinsskala | AQ14: 2 | AR14: Fri hjemmeopgave(A),Bunden mundtlig prøve(B) | AS14: Hjemmeopgave (Assign)(A),Mundtlig(B) | AT14: (A),(B) | AU14: (A),30 minutter(B) | AV14: Alle(A),Alle(B) | AX14: https://kursuskatalog-admin.au.dk/da/course/140953/
A15: 137516 | B15: 311201U023 | C15: 311201E030 | D15: Bachelorprojekt: Folkesundhed | E15: 10 | F15: 10 ECTS | G15: Institut for Folkesundhed | H15: Health.studadm@au.dk | I15: Bacheloruddannelsen i medicin | J15: Health | K15: Bachelor | L15: Forelæsning, Holdundervisning, Selvstudium, Vejledning | M15: Forårssemester | N15: 2026 | O15: Forår | P15: Formålet med bachelorprojektet er, at den studerende selvstændigt skal behandle, analysere og diskutere en medicinsk problemstilling med udgangspunkt i enten videnskabelig litteratur, egne data eller data stillet til rådighed af vejleder. Den studerende skal lære målrettet at skaffe sig ny information og vurdere dens kvalitet samt præsenteres for og forholde sig til videnskabsetiske og videnskabsteoretiske forhold. Endvidere trænes formidling af data, forskningsresultater og videnskabelig litteratur til forskellige målgrupper. Den studerende skal kunne: Analysere sundhedsvidenskabelige problemstillinger systematisk og kritisk på basis af generelle forhåndskundskaber og ny indsamlet litteratur.Afgrænse en problemformulering inden for det selvvalgte emne og argumentere for problemstillingens relevans.Kritisk anvende informationsteknologi til at søge viden.Diskutere og vurdere videnskabelige metoder og resultater.Diskutere og perspektivere en faglig problemstilling.Reflektere over videnskabsetiske og videnskabsteoretiske aspekter af relevans for besvarelse af den selvvalgte problemstilling.På skriftligt engelsk besvare den selvvalgte problemformulering i en bacheloropgave og i et dansk resumé formidle hovedpointerne til ikke-specialister. | Q15: Ordinær, Udveksling | T15: Bodil Hammer Bech | U15: 7816 | V15: bhb@ph.au.dk | X15: En bacheloropgave i folkesundhed, kan skrives indenfor følgende emner: Kvalitative, kulturanalytiske studier: Sundhedsbegreber, sundhedsopfattelser, idræt og samfundFødevarer og sundhedReproduktion og sundhedKost og sundhedFysisk aktivitetFødevarer og sundhedSygdomme, medicinering og muligheden for fysisk aktivitetFolkesundhed – problemstillinger og tilgange | Z15: 5. semester | AC15: Kurset tager udgangspunkt i de faglige kompetencer, den studerende har erhvervet i de foregående kurser på 1.-4. semester. | AD15: Forelæsninger: Der afholdes 1 blok med forelæsninger (3 timer), som omhandler forventninger (etik, arbejde med primærlitteratur, arbejdsindsats) og formelle krav til rapporten. Holdlektioner: Der udbydes workshops fra AU Library, som skal understøtte de studerende i at tilvejebringe den relevante primærlitteratur. Vejledning: Der tilbydes op til 4.5 timers vejledning for den studerende, herunder vejledning til disposition af rapport samt diskussion i relation til litteratur og emneområde. Individuel forberedelse: Valg af emneområde samt strukturering af rapport. Forberedelse til vejledninger. Udfærdigelse af selve rapporten på 10 normalsider. Underviser til stede og har planlægningsansvar: 3 timers introduktion, 4.5 times vejledning + evt. bibliotekets workshop. Underviser planlægningsansvar, ikke til stede: 0 Underviser tilstede, studerende har planlægningsansvar: 0 Studerende har planlægningsansvar, underviser ikke tilstede: 292.5 timer. | AE15: Ca. 3 timers introduktionsforelæsning og litteratursøgningskursus i starten af forløbet. Derefter individuelt arbejde med bachelorprojekt under vejledning. Bachelorforløbet starter 4 uger inde i 5. semester. | AF15: Aarhus | AI15: Studienævnet for Medicin | AK15: 1 | AL15: Fri hjemmeopgave | AM15: Opgaven udarbejdes på engelsk. Bacheloropgaven på 10 ECTS kan skrives individuelt eller i grupper af maks. 3 studerende. Skrives bacheloropgaven i grupper, skal den enkelte varetage et delområde. Afleveres en gruppeopgave, så skal problemformulering, indledning og konklusion laves i fællesskab, mens de øvrige afsnit markeres entydigt med initialer for den studerende, der har udarbejdet det pågældende afsnit; således at det sikres, at der kan foretages en individuel bedømmelse af hver enkelt studerende. Skrives opgaven individuelt må opgavens omfang være maks. 10 normalsider (á 2400 tegn inkl. blanktegn), inkl. bilag og noter, men ekskl. indholdsfortegnelse, evt. forkortelsesliste, litteraturliste, dansk resumé, engelsk abstract og tabeller/figurer - for sidstnævnte gælder også at tabel- og figurtekster heller ikke tælles med. Der må maksimalt være 10 tabeller/figurer og hver tabel/figur skal så vidt muligt holdes inden for 1 side, inklusive tabel/figurtekst. Såfremt en tabel/figur andrager mere end 1 side, reduceres det tilladte maksimale antal tabeller/figurer tilsvarende. Skrives opgaven i gruppe af 2 studerende: Maks. omfang 15 normalsider Skrives opgaven i gruppe af 3 studerende: Maks. omfang 20 normalsider ReeksamenOpgaveformuleringen ved hh. 2. og 3. prøveforsøg er den samme som ved 1. prøveforsøg. 2. og 3. prøveforsøg består af en kvalificering og forbedring af opgaven. | AO15: ekstern censur | AP15: 7-trinsskala | AQ15: 1 | AR15: Fri hjemmeopgave | AS15: Hjemmeopgave (Assign) | AV15: Alle | AX15: https://kursuskatalog-admin.au.dk/da/course/137516/
A16: 140958 | B16: 311201U023 | C16: 311201E030 | D16: Bachelorprojekt: Folkesundhed | E16: 10 | F16: 10 ECTS | G16: Institut for Folkesundhed | H16: Health.studadm@au.dk | I16: Bacheloruddannelsen i medicin | J16: Health | K16: Bachelor | L16: Forelæsning, Holdundervisning, Selvstudium, Vejledning | M16: Efterårssemester | N16: 2026 | O16: Efterår | P16: Formålet med bachelorprojektet er, at den studerende selvstændigt skal behandle, analysere og diskutere en medicinsk problemstilling med udgangspunkt i enten videnskabelig litteratur, egne data eller data stillet til rådighed af vejleder. Den studerende skal lære målrettet at skaffe sig ny information og vurdere dens kvalitet samt præsenteres for og forholde sig til videnskabsetiske og videnskabsteoretiske forhold. Endvidere trænes formidling af data, forskningsresultater og videnskabelig litteratur til forskellige målgrupper. Den studerende skal kunne: Analysere sundhedsvidenskabelige problemstillinger systematisk og kritisk på basis af generelle forhåndskundskaber og ny indsamlet litteratur.Afgrænse en problemformulering inden for det selvvalgte emne og argumentere for problemstillingens relevans.Kritisk anvende informationsteknologi til at søge viden.Diskutere og vurdere videnskabelige metoder og resultater.Diskutere og perspektivere en faglig problemstilling.Reflektere over videnskabsetiske og videnskabsteoretiske aspekter af relevans for besvarelse af den selvvalgte problemstilling.På skriftligt engelsk besvare den selvvalgte problemformulering i en bacheloropgave og i et dansk resumé formidle hovedpointerne til ikke-specialister. | Q16: Ordinær, Udveksling | T16: Karoline Kærgaard Hansen | U16: 518982 | V16: kkh@ph.au.dk | X16: En bacheloropgave i folkesundhed, kan skrives indenfor følgende emner: Kvalitative, kulturanalytiske studier: Sundhedsbegreber, sundhedsopfattelser, idræt og samfundFødevarer og sundhedReproduktion og sundhedKost og sundhedFysisk aktivitetFødevarer og sundhedSygdomme, medicinering og muligheden for fysisk aktivitetFolkesundhed – problemstillinger og tilgange | Z16: 5. semester | AC16: Kurset tager udgangspunkt i de faglige kompetencer, den studerende har erhvervet i de foregående kurser på 1.-4. semester. | AD16: Forelæsninger: Der afholdes 1 blok med forelæsninger (3 timer), som omhandler forventninger (etik, arbejde med primærlitteratur, arbejdsindsats) og formelle krav til rapporten. Holdlektioner: Der udbydes workshops fra AU Library, som skal understøtte de studerende i at tilvejebringe den relevante primærlitteratur. Vejledning: Der tilbydes op til 4.5 timers vejledning for den studerende, herunder vejledning til disposition af rapport samt diskussion i relation til litteratur og emneområde. Individuel forberedelse: Valg af emneområde samt strukturering af rapport. Forberedelse til vejledninger. Udfærdigelse af selve rapporten på 10 normalsider. Underviser til stede og har planlægningsansvar: 3 timers introduktion, 4.5 times vejledning + evt. bibliotekets workshop. Underviser planlægningsansvar, ikke til stede: 0 Underviser tilstede, studerende har planlægningsansvar: 0 Studerende har planlægningsansvar, underviser ikke tilstede: 292.5 timer. | AE16: Ca. 3 timers introduktionsforelæsning og litteratursøgningskursus i starten af forløbet. Derefter individuelt arbejde med bachelorprojekt under vejledning. Bachelorforløbet starter 4 uger inde i 5. semester. | AF16: Aarhus | AI16: Studienævnet for Medicin | AK16: 1 | AL16: Fri hjemmeopgave | AM16: Opgaven udarbejdes på engelsk. Bacheloropgaven på 10 ECTS kan skrives individuelt eller i grupper af maks. 3 studerende. Skrives bacheloropgaven i grupper, skal den enkelte varetage et delområde. Afleveres en gruppeopgave, så skal problemformulering, indledning og konklusion laves i fællesskab, mens de øvrige afsnit markeres entydigt med initialer for den studerende, der har udarbejdet det pågældende afsnit; således at det sikres, at der kan foretages en individuel bedømmelse af hver enkelt studerende. Skrives opgaven individuelt må opgavens omfang være maks. 10 normalsider (á 2400 tegn inkl. blanktegn), inkl. bilag og noter, men ekskl. indholdsfortegnelse, evt. forkortelsesliste, litteraturliste, dansk resumé, engelsk abstract og tabeller/figurer - for sidstnævnte gælder også at tabel- og figurtekster heller ikke tælles med. Der må maksimalt være 10 tabeller/figurer og hver tabel/figur skal så vidt muligt holdes inden for 1 side, inklusive tabel/figurtekst. Såfremt en tabel/figur andrager mere end 1 side, reduceres det tilladte maksimale antal tabeller/figurer tilsvarende. Skrives opgaven i gruppe af 2 studerende: Maks. omfang 15 normalsider Skrives opgaven i gruppe af 3 studerende: Maks. omfang 20 normalsider ReeksamenOpgaveformuleringen ved hh. 2. og 3. prøveforsøg er den samme som ved 1. prøveforsøg. 2. og 3. prøveforsøg består af en kvalificering og forbedring af opgaven. | AO16: ekstern censur | AP16: 7-trinsskala | AQ16: 1 | AR16: Fri hjemmeopgave | AS16: Hjemmeopgave (Assign) | AV16: Alle | AX16: https://kursuskatalog-admin.au.dk/da/course/140958/
A17: 137518 | B17: 345201U010 | C17: 345201E013 | D17: Basal epidemiologi og statistik | E17: 10 | F17: 10 ECTS | G17: Institut for Folkesundhed | H17: Health.studadm@au.dk | I17: Bacheloruddannelsen i idrætsvidenskab | J17: Health | K17: Bachelor | L17: Forelæsning, Holdundervisning | M17: Forårssemester | N17: 2026 | O17: Forår | P17: Formål De studerende skal opnå et basalt kendskab til epidemiologiske og statistiske principper, begreber og metoder, så de bliver i stand til at læse og kritisk vurdere idrætsvidenskabelige artikler og rapporter på dansk og engelsk, hvor der er anvendt epidemiologiske og/eller statistiske metoder til at understøtte konklusionerne. Læringsmål Ved bedømmelse af den studerendes præstation lægges vægt på, i hvor høj grad den studerende kan: Beskrive de forskellige hovedtyper af epidemiologiske design og diskutere deres styrker og svagheder.Identificere, beskrive, og diskutere forskellige typer af fejlkilder i epidemiologiske studier, og, på baggrund heraf, vurdere studiets interne validitet herunder om analyseresultaterne repræsenterer den sande sammenhæng i målpopulationen eller om de er over- eller undervurderede med brug af digitale teknologier.Beskrive hvordan der kan tages højde for confounding i design- og analysefasen og vurdere om analyseresultater er påvirket af confounding.Redegøre for målet med forskningen og diskutere om analyseresultater afspejler kausale sammenhænge samt vurdere generaliserbarhed (ekstern validitet) af analyseresultater.Skelne mellem forskellige datatyper samt estimere og sammenligne relevante hyppigheds- og associationsmål ved hjælp af relevante digitale teknologier, herunder kunne vurdere om der er effektmodifikation.Forklare hvordan en stikprøve kan bruges til at beskrive egenskaber ved målpopulationen, herunder kunne forklare hvilken betydning variation i data har for disse karakteristika.Foretage simple beregninger af stikprøvestørrelser i planlægningen af små eksperimentelle forsøg ved anvendelse af digitale teknologier. Fortolke resultater fra de mest almindelige statistiske analyser og udlede konsekvenser heraf. | Q17: Ordinær, Udveksling | R17: Dansk | T17: Bo Martin Bibby | U17: 156291 | V17: bibby@ph.au.dk | X17: Temaerne for undervisningen er bl.a. doping, screening for hjertefejl, biomekanik, fysisk aktivitet og rehabilitering, idrætsskader og præstationsevne. I kursusforløbet er et naturligt overlap mellem epidemiologien og statistikken, da der arrangeres fælles workshops, fælles forelæsning med gennemgang af opgavesæt. Dertil tilbydes de studerende i grupper af fem studerende at aflevere en skriftlig aflevering med både epidemiologiske og statistiske spørgsmål relateret til idræt midtvejs i forløbet. Besvarelsen modtager de studerende skriftlig feedback på fra underviserne i epidemiologi og statistik. Epidemiologi De studerende arbejder med undersøgelser, som afdækker forhold vedrørende fysisk aktivitet og de største sportsgrene i Danmark: Omtrentligt antal udøvere samt idrætsskader. I denne forbindelse stiftes bekendtskab med forskellige forskningsinstitutioner, såsom Idrættens Analyseinstitut, Sundhedsstyrelsen og Defactum, som offentliggør befolkningsundersøgelser vedrørende fysisk aktivitet og inaktivitet. Hovedtyper af designs, som anvendes i epidemiologiske undersøgelser, såsom case-kontrol studier, kohorte studier, tværsnitsstudier og randomiserede forsøg præsenteres. Dertil lægges vægt på tolkning af epidemiologiske hyppigheds- og associationsmål. Det diskuteres, om resultater fra videnskabelige undersøgelser kan overføres til andre målgrupper, og hvordan resultaterne fremhæves som gældende for den danske befolkning i medierne. Slutteligt arbejdes der med systematiske reviews og med at lave simple beregninger af vægtede estimater samt at diskutere fordele og ulemper ved at lave et fælles vægtet estimat på tværs af undersøgelser i en meta-analyse. Statistik I statistikken vil de studerende arbejde med basale deskriptive metoder, herunder fortolkning af prædiktionsinterval og sikkerhedsinterval. De studerende vil også stifte bekendtskab med statistisk test og (i) sammenligning af to gennemsnit, (ii) analyse af parrede data, (iii) sammenligning af to proportioner, (iv) analyse af krydstabulerede data, (v) ensidet og tosidet variansanalyse (1-vejs og 2-vejs ANOVA), (vi) lineær regression og korrelation og (vii) basale egenskaber ved multipel regression. Dertil afprøve stikprøve størrelsesberegning baseret på to proportioner og to gennemsnit. | Y17: Bo Martin Bibby, Rasmus Østergaard Nielsen m.fl. | AE17: Ca. 4-6 timer pr. uge, i alt ca. 76 konfrontationstimer over 14 uger. | AF17: Aarhus | AI17: Studienævnet for Idræt | AJ17: Kandidattilvalget i idrætsvidenskab, Bacheloruddannelsen i idrætsvidenskab | AK17: 1 | AL17: Skriftlig tilsynseksamen m. PC | AM17: Eksamen er en individuel fem-timers skriftlig tilsynseksamen. Anviste hjælpemidler: Alle undtagen internet og værktøjer baseret på Generative Artificial Intelligence (GAI). Prøveform ved reeksamen Prøveformen ved reeksamen svarer til kursets ordinære prøveform. | AO17: ekstern censur | AP17: 7-trinsskala | AQ17: 1 | AR17: Skriftlig tilsynseksamen m. PC | AS17: Skriftlig Tilsynsprøve(Assign) | AU17: 5 time(r) | AV17: Anviste | AX17: https://kursuskatalog-admin.au.dk/da/course/137518/
A18: 140966 | B18: 341181U001 | C18: 341181E003 | D18: Befolkningssundhed og demografi | E18: 10 | F18: 10 ECTS | G18: Institut for Folkesundhed | H18: Health.studadm@au.dk | I18: Bacheloruddannelsen i folkesundhedsvidenskab | J18: Health | K18: Bachelor | L18: Forelæsning, Holdundervisning | M18: Efterårssemester | N18: 2026 | O18: Efterår | P18: Kurset skal give den studerende en indføring i forståelser for befolkningers sundhed og hvilke metoder der bruges til at måle en befolknings sundhed. Der lægges især vægt på betydningen af faktorer, der påvirker befolkningens sundhed, og som ligger uden for det enkelte individ, herunder økonomiske, politiske og kulturelle forhold. Metoder fra demografi, som er studier af befolkningers størrelse, struktur og dynamik vil blive anvendt til beskrivelse af befolkningssundhed, herunder udviklingen i middellevetid, aldersfordeling, fertilitet, befolkningsvækst og etnisk sammensætning. Ligeledes introduceres og benyttes basale begreber fra epidemiologi og statistisk metode samt databehandlingsmuligheder i Excel. Den studerende skal have kendskab til: Befolkningers demografiske sammensætning i relation til bl.a.: alder, køn, etnisk baggrund og socio-demografiske forholdBefolkningers demografiske udvikling i historisk og internationalt perspektivGrundlæggende begreber inden for demografien og befolkningsfremskrivningEpidemiologiske design, associationsmål og systematiske fejlkilderBetydningen af tilfældig variation, modeller og estimater, herunder digitale redskaber og vigtigheden af at forholde sig kritisk til datakilder Den studerende skal kunne redegøre for: Historiske udviklingstræk i internationalt perspektiv for middellevetid, fertilitet og befolkningsvækst for den demografiske og epidemiologiske transitionDe væsentligste determinanter for sundhed og sygdom i en befolkning, herunder sociale, psykologiske og biologiske faktorer der i et samspil påvirker udviklingen i folkesundheden, herunder ulighed i sundhed. Den studerende skal kunne anvende: Demografiske begreber og metoder til at beskrive og analysere en befolknings dødelighed, fertilitet og migration og anvendelse af digitale redskaber | Q18: Ordinær | R18: Dansk | T18: Mette Vinther Skriver | U18: 155630 | V18: mette.skriver@ph.au.dk | Y18: Mette Vinther Skriver (kursusansvarlig), mette.skriver@ph.au.dk Kim Moesgaard Iburg, kmi@ph.au.dk | AD18: Arbejdsbelastning (omtrentlig) Forelæsninger og holdtimer: 70 timer Forberedelse: 140 timer Eksamen, skriftlig: 48 timer Eksamen, mundtlig inkl. forberedelse: 40 timer I alt: 298 timer | AF18: Aarhus | AI18: Studienævnet for Folkesundhedsvidenskab | AK18: 1 | AL18: Bunden hjemmeopgave + Fri mundtlig prøve | AM18: Det skriftlige produkt må udarbejdes i grupper af 1-5 personer, og være på max 10 normalsider per gruppe. Der afholdes individuel mundtlige eksamination. Det skriftlige produkt vil indgå i bedømmelsen, idet der foretages en helhedsvurdering af den skriftlige og mundtlige præstation. 30 min mundtlig inkl. votering. Mundtlig eksamen indledes med oplæg af maksimalt 10 minutter ved studerende.Den individuelle mundtlige prøve, som tager udgangspunkt i et skriftligt produkt udarbejdet i grupper, foregår således, at alle studerende i gruppen møder samtidig til prøven, hvorefter den første studerende eksamineres, mens de øvrige studerende isoleres indtil de selv eksamineres. Prøven tilknyttes én eksaminator/bedømmer samt én medeksaminator. | AO18: ingen censur | AP18: 7-trinsskala | AQ18: 2 | AR18: Bunden hjemmeopgave(A),Fri mundtlig prøve(B) | AS18: Hjemmeopgave (Assign)(A),Mundtlig(B) | AT18: (A),(B) | AU18: 48 time(r)(A),30 minutter(B) | AV18: Alle(A),(B) | AX18: https://kursuskatalog-admin.au.dk/da/course/140966/
A19: 140970 | B19: 345201U007 | C19: 345201E002 | D19: Boldspil | E19: 10 | F19: 10 ECTS | G19: Institut for Folkesundhed | H19: Health.studadm@au.dk | I19: Bacheloruddannelsen i idrætsvidenskab | J19: Health | K19: Bachelor | L19: Forelæsning, Holdundervisning, Praktisk | M19: Efterårssemester | N19: 2026 | O19: Efterår | P19: Formål Målet med kurset er, at den studerende tilegner sig viden og alsidige færdigheder inden for en bred vifte af boldspil og boldspilsaktiviteter. Faget har særlig fokus på fodbold, basketball, volleyball og badminton med henblik på at kunne koble teoretisk viden til de fire discipliners praksisfelter. I tilknytning hertil er det et mål, at give den studerende viden om og erfaringer med læringsteorier og pædagogiske metoder og principper i relation til undervisning i boldspil og spiludvikling for forskellige målgrupper. Læringsmål Ved bedømmelse af den studerendes præstation lægges vægt på, i hvor høj grad den studerende kan: Redegøre for boldspillenes teori og terminologiIdentificere og sammenholde boldspillenes karakteristika i relation til hinanden og forskellige målgrupperKonstruere, planlægge, formidle og justere nye og kendte øvelser og spil tilpasset forskellige niveauer og målgrupper.Demonstrere de fire boldspils tekniske, taktiske og fysiske facetter med en forevisningsmæssig værdi.Give relevant og konstruktiv feedback i forhold til bevægelseskvalitet og øvelsesvalg i en konkret situation.Indgå teknisk, taktisk og socialt i komplekse spilsammenhænge i de fire boldspil. | Q19: Ordinær, Udveksling | R19: Dansk | T19: Bjarke Andreasen | U19: 120458 | V19: banr@ph.au.dk | X19: Kurset omfatter forskellige teoretiske og praktiske aspekter af boldbasis og boldspil. Der startes med boldbasis, hvor der primært arbejdes med en indføring i boldspillenes teorier, spiludvikling og spilkonstruktion ud fra målgruppe og formål. Den studerende vil endvidere blive præsenteret for øvelser, regler, teknik og taktik inden for en lang række af ”mindre” boldspil. Herefter arbejdes der med fordybelse i fire udvalgte boldspil. Her trænes de personlige praktiske kompetencer inden for de fire spil sideløbende med, at der arbejdes med pædagogiske, psykologiske og læringsteoretiske teorier og refleksioner. Det er således et mål, at den studerende både skal blive en dygtigere praktiker, teoretiker og underviser inden for boldspil. | Y19: Bjarke Andreasen, Anton Elsner, Simon Søndergaard og Alexander Flattum | AC19: Kurset vil inddrage teorier og begreber fra kurset Idrætspædagogik | AE19: Samlet antal undervisningslektioner er 125,5. Timerne er fordelt således, at der de første tre uger er 37,5 lektioner fordelt på 5x2,5 lektioner om ugen og herefter 11 uger med 4x2 lektioner om ugen. | AF19: Aarhus | AI19: Studienævnet for Idræt | AJ19: Kandidattilvalget i idrætsvidenskab, Bacheloruddannelsen i idrætsvidenskab | AK19: 1 | AL19: Praktisk + Bunden mundtlig prøve | AM19: Eksamen er en kombination af en praktisk og en mundtlig prøve. Praktisk prøve: Den praktiske del afvikles inden den mundtlige eksamen i to af de fire primære discipliner efter lodtrækning. Mundtlig prøve: Den mundtlig prøve er individuel og varer 20 minutter inkl. votering. Der er 20 minutters forberedelsestid. Bedømmelsesgrundlag: Kombineret mundtlig og praktisk. De to dele vægtes ligeligt med udgangspunkt i en helhedsvurdering. Reeksamen er samme som ordinær eksamen | AN19: For at kunne indstilles til eksamen skal den studerende have godkendt en skriftlig spiludviklingsopgave med tilhørende fremlæggelse og en skriftlig undervisningsopgave med tilhørende undervisningspraksis inden afslutning af undervisningen. Begge aktiviteter indgår med den mundtlige eksamen og den praktiske prøve i den samlede bedømmelse. Såfremt indstillingsbetingelsen til eksamen ikke bestås inden den fastsatte frist, bruges et prøveforsøg. For at blive indstillet til 2. prøveforsøg opnås indstillingsbetingelsen ved at få godkendt en skriftlig spiludviklingsopgave med tilhørende fremlæggelse og en skriftlig undervisningsopgave med tilhørende undervisningspraksis senest en uge inden reeksamen. | AO19: intern censur | AP19: 7-trinsskala | AQ19: 2 | AR19: Praktisk(A),Bunden mundtlig prøve(B) | AS19: Praktisk(A),Mundtlig(B) | AT19: (A),20 minutter(B) | AU19: (A),20 minutter(B) | AV19: Alle(A),Alle(B) | AX19: https://kursuskatalog-admin.au.dk/da/course/140970/
A20: 143930 | B20: 321262U001 | C20: 321202E047 | D20: Børn og Unge i Almen Praksis | E20: 5 | F20: 5 ECTS | G20: Institut for Folkesundhed | H20: Health.studadm@au.dk | I20: Kandidatuddannelsen i medicin | J20: Health | K20: Kandidat | L20: Holdundervisning, Praktisk, Selvstudium | M20: Efterårssemester | N20: 2026 | O20: Efterår | P20: Formålet med faget ”Børn og Unge i Almen Praksis” er at give den studerende indsigt i den praktiserende læges rolle ved a) henvendelse fra forældre og børn/unge om de hyppigste symptom/trivsels-billeder og b) forebyggende indsatser. Faget har til hensigt at styrke den studerendes evne til at vurdere, diagnosticere, håndtere (evt i et tværsektorielt perspektiv) og følge barnet og dets familie. Faget bidrager desuden til at udvikle kommunikative, etiske og samarbejdsmæssige kompetencer, som er essentielle for arbejdet i almen praksis og for den professionelle identitet. Læringsmålene for dette kursus er følgende: Den studerende kan: Redegøre for grundlæggende principper for diagnostik, behandling og patientforløb indenfor de hyppigste sygdomme og problemstillinger, som præsenteres af børn og unge (op til 18 år) i almen praksisBeskrive, hvordan sociale, psykologiske og biologiske faktorer påvirker sygdomsforståelse og behandlingsvalgRedegøre for forebyggende tiltag rettet mod børn og unge i almen praksisAnvende klinisk beslutningstagning i mødet med børn og unge med de hyppigste symptom/mistrivsels-billederAnvende relevante diagnostiske værktøjer, screeningsmetoder og/eller henvisningsprocedurer i overensstemmelse med almen praksis’ vilkår og rammerReflektere over det tværsektorielle samarbejde mellem forskellige sundhedsprofessionelle, etiske dilemmaer og den lægefaglige professionelle rolle i mødet med barnet eller den unge og deres familie i almen praksisIntegrere medicinsk viden og klinisk erfaring | Q20: Ordinær, Udveksling | T20: Annelli Sandbæk | U20: 156851 | V20: annelli.sandbaek@ph.au.dk | X20: Kurset omfatter almen praksis som klinisk og professionel arbejdskontekst med hovedfokus på konsultationen, klinisk arbejde, forebyggelse og behandling. Internationale undersøgelser viser, at sundhedssystemer med et højt almenmedicinsk uddannelsesniveau og en velfungerende primærsektor er de mest behandlingseffektive. Nyuddannede danske almenmedicinere er formentlig blandt de bedst kvalificerede i verden, og almen praksis har en central og påskønnet plads i det danske sundhedsvæsen. Den praktiserende læges kontakt og relation til den enkelte patient-barn som voksen -og hele familie er unik. Konsultationen i almen praksis er karakteriseret ved generalistisk ekspertise og her arbejder man tæt på patienternes sociale liv, følger dem over tid, fra vugge til grav, og man præsenteres for meget forskellige kliniske problemer. Det stiller særlige krav til at kunne integrere de forskellige lægeroller i fagligheden. Evne til kommunikation, samarbejde og sundhedsfremme er centrale i faget. Undervisningen på kurset er tilrettelagt med vægt på aktiv deltagelse, samarbejde og reflexion. Faget vil inddrage casebaseret og problemorienteret gruppearbejde. På kurset arbejdes der med analyse og drøftelse af kliniske problemstillinger indenfor børn og unge i almen praksis, heriblandt håndtering af både specifikke og uspecifikke symptomer, akutte, daglige og komplekse patientforløb. Via gruppearbejde og fælles faglige drøftelser afdækkes og belyses almindelige daglige undersøgelser af såvel profylaktisk karakter såvel som behandlingskarakter. Endvidere belyses og arbejdes med diagnosestrategier, kommunikative og etiske overvejelser som praktiserende læge. Faget Børn og Unge i almen praksis giver anledning til fælles dialog, refleksion og udover teori også praktisk læring, mundtlig formidling og faglig argumentation som en del af processen. Faget introducerer følgende tilstande og sygdomme, som er hyppige hos børn og unge i almen praksis: Børneundersøgelser 5 uger-5 år – hvorfor og hvordan?De hyppige akutte sygdomme hos børn: udslæt, feber, hosteBørn og ulighed i sundhed, udfordrede familier, underretning og samarbejde med kommunenKronisk sygdom hos børn: hudlidelser, astma, RA, DM, muskoloskeletale lidelserOpmærksomheds- og adfærdsforstyrrelser og psykiatri minorStørre børn: menstruation, seksualitetUnge og trivsel: uddannelse, arbejde, alkohol, sociale udfordringer Faget omfatter forskellige aspekter af: Diagnostik af akut og kronisk sygdom hos børn og ungeMistrivsel hos børn og ungeAlmen praksis rolle i forebyggelse af sygdom hos børn og ungeBehandlingsmuligheder og behandlingsmålTværsektorielle samarbejderLivet med kronisk sygdom hos børn og unge Undervisningen vil tage udgangspunkt i cases, i vidt muligt omfang med ”ægte patienter” og når relevant inddrage sundhedsprofessionelle fra Almen Praksis, kommuner og fra berørte specialer. | AB20: 30 | AD20: De listede sygdoms-kategorier, fordeles over 8 undervisningsdage (1 dag i 8 på hinanden følgende uger). En undervisnings dag er typisk opbygget med 1-2 lektioner med fremlæggelse og dialog om det sidste gruppearbejde, 3 timers undervisning baseret på cases og 3 timers gruppearbejde. Undtagelser er 1. undervisningsgang, som starter med en fælles introduktion, og sidste undervisningsgang som afsluttes med fælles undervisning og evaluering. Afhængig af antal deltagere fremlægger 1-2 grupper hver gang. Dog således, at alle fremlægger mindst én gang. Alle grupper skal derudover mindst én gang have forberedt feedback til en gruppe-præsentation og være moderator for den efterfølgende dialog. Det forventes, at de studerende i tillæg lægger et tilsvarende antal forberedelsestimer. Ved kursusstart vil der blive etableret hold af cirka 4 studerende. I tilknytning til hver forelæsning lægges der på Brightspace (BS), senest 8-10 dage før undervisningsdagen, relateret litteratur (artikel(er)) med spørgsmål fra forelæser, som de studerende i de valgte hold skal besvare og præsentere på klassen som oplæg (PowerPoint (PP)) til efterfølgende diskussion i plenum. De studerendes gruppearbejde som PP skal lægges på BS og fremsendes til forelæser i emnet senest 2 dage før projektpræsentationerne så opponenterne kan forberede spørgsmål. | AE20: Undervisningen fordeles med : 8 x 4 timers undervisning = 32 timer (underviser til stede) 8 x 3 timers gruppearbejde = 24 timer (underviser til stede) Forberedelse- læsestof= 50 timer Forberedelse-gruppearbejde inkl. præsentation= 30 I alt omkring 136 timer | AF20: Herning | AI20: Studienævnet for Medicin | AK20: 1 | AL20: Undervisningsdeltagelse | AM20: For at få godkendt aktiv undervisningsdeltagelse og dermed kurset, skal studerende have godkendt følgende: Gruppeoplæg med efterfølgende diskussion i plenum i forbindelse med forelæsning. Deltagelse som opponent ved en andens gruppes oplæg i forbindelse med forelæsning På baggrund af aktiviteterne foretages en individuel vurdering af den studerendes præstation med henblik på at bedømme om undervisningsdeltagelsen er godkendt. Præsentationen af gruppearbejdet er på 20-30 min incl tid til spørgsmål. Reeksamen: Består den studerende ikke kurset ved undervisningsdeltagelse i 1. prøveforsøg, skal den studerende tilmelde sig B-prøven som sit 2. prøveforsøg. B-prøven er en 48 timers skriftlig hjemmeopgave på maks. 5 sider (á 2400 tegn inkl. blanktegn), inkl. noter, men ekskl. indholdsfortegnelse, litteraturliste, bilag og tabeller/figurer. Herudover 30 min. mundtlig eksamination (fremlæggelse af opgaven samt indgående spørgsmål til afdækning af om kursets målkrav er opfyldt på tilfredsstillende vis). | AO20: ingen censur | AP20: bestået/ikke bestået | AQ20: 1 | AS20: Undervisningsdeltagelse | AV20: Alle | AX20: https://kursuskatalog-admin.au.dk/da/course/143930/
A21: 139648 | B21: 341242U003 | C21: 341202E039 | D21: Challenging health inequities in the welfare state | E21: 10 | F21: 10 ECTS | G21: Institut for Folkesundhed | H21: Health.studadm@au.dk | I21: Kandidatuddannelsen i folkesundhedsvidenskab | J21: Health | K21: Kandidat | L21: Forelæsning, Holdundervisning, Praktisk, Selvstudium | M21: Sommer | N21: 2026 | O21: Forår | P21: People who are born and live with more wealth, higher incomes, more education, and more status and power are healthier and are less likely to become sick or to die at every age in their lives than people who are poorer and have less access to societal resources. This is also true in welfare states like Denmark, where health inequities are on the rise despite the state’s redistribution of resources. What is more, we know that people inside and outside of the healthcare sector can do a lot to identify and reduce these inequities, when they know what to look for and when and how to engage. With this in mind, this course asks: What are social inequities in health? Why are health inequities on the rise in the welfare state? What are some of the structural blinders and prejudices that make it difficult to challenge health inequities during clinical encounters and elsewhere? Drawing from anthropology, philosophy, medicine and public health, we will explore the intricate webs of factors that shape health and well-being across diverse populations and social contexts in the Danish welfare state. We can think about health inequities at different levels, from socio-economic, political and cultural forces; to relations in families and communities; to individual outcomes. This course emphasizes: 1) Embodied health dynamics, wherein we try to understand wellbeing and disease dynamics within the body, and analyze how health is shaped by personal, biosocial circumstances (e.g., as pathogens and risk factors for disease). 2) Relational health dynamics, where we seek to examine people’s health-related experiences, attending to the conditions in which they live (e.g., in their families, through clinical interactions, or in community institutions). 3) Structural health dynamics, wherein we map and critique sociocultural and economic determinants of health and consider broader societal contexts that impact wellbeing in the welfare state. Moreover, the course will explore the role of healthcare systems in perpetuating or mitigating disparities, delving into intersectionality, policy interventions, and practical applications for fostering equitable health outcomes. By the end of this course, students will gain a nuanced understanding of health inequities, their dynamics, and potential modes of engagement for addressing in them in various frontline situations (clinics, projects) in the welfare state. All intended learning outcomes have a knowledge component, and those indicated with an asterisk also comprise specific intellectual skills and competencies. Students will: Understand and challenge health inequities as a composite and multifaceted problem, with roots in history, policy, and practice. Collaborate in problem-solving regarding health challenges using case-based learning. Understand and discuss theoretical perspectives on inequities in health across the fields of health and the humanities. Interpret social dynamics through engaging in real-world situations (clinics, projects, advocacy), that shape social inequities in health. Navigate and critically assess data, policies, and literature on social inequities in health. Reflect on your own understandings and blind spots in relation to health inequities | Q21: Summer University, Udveksling | R21: Engelsk | T21: Jane Agergaard | U21: 18186 | V21: au18186@clin.au.dk | X21: This cross-faculty, interdisciplinary, master’s level course offers opportunities to explore causes, consequences, and possible solutions to rising inequalities in the Nordic welfare state. Covering both individual experiences in clinical and community contexts and patterns shaping broader societal conditions, instructors and students will use specific diseases to highlight instances of health inequity. These examples will then be worked through via interactive and discussion-based teaching, engagement with patient cases, field visits, and a dissemination day. Students will gain knowledge and experience in ways to identify, confront, and ideally reduce health inequities within the context of high-trust, democratic welfare states. The specific course content will likely vary from year to year, because the course will use different health and disease states as lenses through which to do the following: Introduce health inequity as a concept and as an intellectual tool for analyzing clinical health care and public health challenges. Health inequity will also be introduced as an advocacy tool to work towards meeting these challenges. Participants will distinguish between inequities, disparities, and inequalities in health. Debunk myths and misconceptions about health inequities in welfare states, unpacking the cultural and biosocial contexts of health inequities as the welfare state evolves from the mid 20th-century to the present and beyond. Attend to multiple levels of analysis and intervention and advocacy, beginning with disease processes and health states in individual bodies, scaling up to familial and community relationships, and scaling up further to the role of healthcare systems and broader structural forces in shaping health experiences, outcomes, and avenues for change. Introduce challenge or complicate main theories describing and explaining interactions between health systems, material factors, and social identities that may produce or alleviate inequities in health experiences and outcomes (e.g., intersectionality, social gradient of health, embodied capital model, biopsychosocial model, Developmental Origins of Health and Disease) Offer opportunities and experiences that will build skills with clinical and social relevance, building critical thinking and problem-solving skills. Through case studies and interactive sessions, attendees will examine how healthcare systems contribute to or combat health inequities, with reference to factors such as access to care, quality and integration of services, organizational health literacy and both structural and cultural competence. Practice clinical or other patient-focused skills that can be used in encounters with patients or community members who face unequal access to health services. This includes an introduction to and practical training on how to improve equal access to clinical examination, treatment, and rehabilitation. For students who are coming from backgrounds outside of medicine (e.g., anthropology, public health), clinical exercises will be adapted to health navigation exercises or person-centered research exercises.Offer opportunities to practice interdisciplinary research and collaboration skills. The summer school will conclude with practical exercises and group projects which will allow participants to apply their knowledge and skills, both to understanding a problem in clinical health inequities research and to dissemination of the process of grappling with that problem or problems. | Y21: Course leaders: Jane Agergaard and Anne Mette Fløe Hvass Teachers: Rikke Sand Andersen Loni Ledderer Luseadra Joy McKerracher Jens Seeberg Christian Wejse Somogy Varga Michael Fehsenfeld | AA21: What you don’t know will hurt the patient (Morten Sodemann) How to address migrant health inequity in Europe (thelancet.com) Metzl JM, Hansen H. Structural competency: theorizing a new medical engagement with stigma and inequality. Soc Sci Med. 2014 Feb;103:126-133. doi: 10.1016/j.socscimed.2013.06.032. https://www.ncbi.nlm.nih.gov/pmc/articles/PMC4269606/ Stonington SD, Holmes SM, Hansen H, Greene JA, Wailoo KA, Malina D, Morrissey S, Farmer PE, Marmot MG. Case Studies in Social Medicine - Attending to Structural Forces in Clinical Practice. N Engl J Med. 2018 Nov 15;379(20):1958-1961. doi: 10.1056/NEJMms1814262. https://www.nejm.org/doi/full/10.1056/NEJMms1814262 Bourgois P, Holmes SM, Sue K, Quesada J. Structural Vulnerability: Operationalizing the Concept to Address Health Disparities in Clinical Care. Acad Med. 2017 Mar;92(3):299-307. doi: 10.1097/ACM.0000000000001294. https://www.ncbi.nlm.nih.gov/pmc/articles/PMC5233668/ Navarro, Vicente (2009) What we mean by social determinants of health, IUHPE – Global Health Promotion Vol. I6, No. | AB21: 32 in total 6 seats are reserved for international students (either from partner universities or freemovers) and 4 seats are reserved for students coming for the faculty of ARTS, Aarhus University If there are more eligible applicants than available seats, they will be distributed according to the overall selection criteria and then the following selection criteria: randomized draw | AC21: Bachelor’s degree or in final year of your bachelor's program (if you are on a 4-year-program). | AD21: Teaching will be through lectures, case-study-driven seminars, group work and field trips. Field trips will involve spending a minimum of 2 hours per trip visiting a context where participants will be confronted with one or more inequitable barriers to health (e.g., visiting community resource centres in deprived neighbourhoods, trying to navigate the city centre on a tight timeline while sitting in a wheelchair). These may involve role-playing, participant observation or observation, and/or verbal or written reflection, among other possibilities. Groups will be given assignments, do presentations; most group work will be further discussed in plenary sessions. It is important that students participate in planned field trips and in case-study driven seminars, so that they are prepared to participate in the reflections and dialogues that follow these hands-on activities. Reading of literature. Students are expected to be on-line through the web-access service of Aarhus University Library. The in-person classes are shared with students from different study programs. The maximum number of participants is 30 students. | AE21: Physical attendance: Term 1: June 29 - July 17 2026 Prior to physical attendance: Prior to the start of in-person classes, students will dedicate 100 hours to reading, discussions, reflections, and preparing presentations on three monographs exploring themes related to health inequities in the welfare state from different perspectives. The three monographs will be available two weeks prior to the physical part. Three online sessions with the support of an instructor will be conducted the week before the physical attendance. In-person classes: Approximately 15 lecture hours pr week plus 10-15 hours of fieldtrips (in total) and 5 hours of group work where the instructors will be available and 15-20 hours per week in preparation, including reading. Students are expected to actively participate in person in all learning formats. Lectures: 40 hours Field trips: 15 hours Group work: 15 hours Preparation of poster: 20 hours Preparation (readings and presentations): 45 hours The poster presentation/ examination: 10 hours 10 ECTS: Total: 250 hours The in-person classes are shared with students from different study programs. The maximum number of participants are 30 students. | AF21: Aarhus | AH21: This course cannot be taken if the student has already completed the <a href="https://kursuskatalog.au.dk/en/course/133276/Challenging-health-inequities-in-the-welfare-state">5&#160;ECTS version of the course</a>&#160;in the Master's program in Medicine. | AI21: Studienævnet for Folkesundhedsvidenskab | AJ21: Kandidatuddannelsen i idrætsvidenskab | AK21: 1 | AL21: Undervisningsdeltagelse | AM21: At the end of the summer school, students will form groups of 3-4 to create a scientific poster summarizing a key topic covered during the program. Each group will have 20 hours to design a visually appealing and informative poster. They will then present their poster to the class in a 5-7 minute presentation each, explaining their main points and the collaborative process. Feedback will be provided by both teachers and peers, focusing on clarity, scientific content, visual appeal, and teamwork. The final assessment will consider the quality of the poster, effectiveness of the presentation, group collaboration, and engagement with feedback. Re-examination Re-exam consist of producing and presenting, in a group or as an individual, a high-quality, scientific poster. | AO21: ingen censur | AP21: bestået/ikke bestået | AQ21: 1 | AR21: Undervisningsdeltagelse | AS21: Undervisningsdeltagelse | AV21: Alle | AX21: https://kursuskatalog-admin.au.dk/da/course/139648/
A22: 137581 | B22: 345201U015 | C22: 345201E008 | D22: Dans og performance | E22: 5 | F22: 5 ECTS | G22: Institut for Folkesundhed | H22: Health.studadm@au.dk | I22: Bacheloruddannelsen i idrætsvidenskab | J22: Health | K22: Bachelor | L22: Holdundervisning, Praktisk | M22: Forårssemester | N22: 2026 | O22: Forår | P22: Formål I dette kursus videreudvikles de opnåede kompetencer i at undervise og give feedback fra kurset Kropsbasis, og den studerende får herudover erfaring med at arbejde med kreative, innovative og skabende gruppeprocesser. Den studerende får udvidet sin kropsbevidsthed og opmærksomhed på betydningen af de æstetiske og kommunikative muligheder, der ligger i kroppens bevægelser, og i forlængelse af dette får den studerende opøvet kompetencer i at turde stille sig frem foran andre og fremvise og instruere med overbevisning, hvilket er gavnligt fremadrettet både i forhold til at undervise og formidle. Herudover trænes den studerende i at reflektere over, hvilken type læring og hvilket læringsudbytte fagområdet bidrager med. Læringsmål Ved bedømmelse af den studerendes præstation lægges vægt på, i hvor høj grad den studerende kan: Redegøre for sammenhængen mellem musik og bevægelseKoreografere og fremvise en for gruppen og den enkelte udfordrende og samtidig kreativ, gennemarbejdet og vedkommende danseperformance med et sikkert teknisk niveau, ’stage presence’ og bevægelsesmæssig kvalitetBegrunde fagområdet dans’ kvaliteter, læringspotentialer og didaktiske udfordringer, særligt i forhold til idrætsfaget som helhed(Selvstændigt eller i samarbejde med andre) søge viden og herudfra tilrettelægge og gennemføre undervisning med fokus på udvalgte dansegenrer samt reflektere over undervisningen metodisk, didaktisk og pædagogiskAnvende fagområdets grundbegreber, herunder koreografiske principper og Labans bevægelseslære, i kreative og skabende gruppeprocesser, samt til at give kvalificeret feedback på koreografiske produkter | Q22: Ordinær, Udveksling | R22: Dansk | T22: Malene Kjær | U22: 231350 | V22: mkjr@ph.au.dk | X22: Den studerende vil efter endt kursus have uddybende, praktiske og teoretiske kundskaber i det æstetisk-kommunikative bevægelsesfelt med fokus på at koreografere, fremvise og iscenesætte bevægelse. Desuden vil den studerende have erfaring med formidling af aktiviteter inden for dans samt kunne reflektere over og diskutere metodiske, didaktiske og pædagogiske aspekter i fagområdet. Kurset indeholder: Forskellige tilgange og genrer inden for dans.Bevægelsesaktiviteter med henholdsvis imiterede og improviserede tilgange.Performance, koreografi og iscenesættelse af bevægelse til lyd og/eller musik, herunder bl.a. Rudolf Labans bevægelseslære som koreografisk redskab.Undervisningsøvelser og fagdidaktik.Anvendelse af feedback som et led i læreprocessen.Ekspressive kvaliteter og dannelsesaspekter i det æstetisk-kommunikative fagområde.Solo- og gruppekoreografiske projekter Kurset tager udgangspunkt i de opnåede læringsmål fra kurset Kropsbasis samt teori/viden fra kurset Idrætspædagogik. | Y22: Malene Kjær | AD22: Ud af de 14 uger er der 2 ugers skemalagt studietid til forberedelse af eksamen | AE22: 2 x 2½ teoretisk/praktisk lektion pr. uge i 14 uger | AF22: Aarhus | AI22: Studienævnet for Idræt | AJ22: Bachelortilvalget i idrætsvidenskab, Bacheloruddannelsen i idrætsvidenskab | AK22: 1 | AL22: Praktisk + Bunden mundtlig prøve | AM22: Kombineret praktisk og mundtlig prøve Praktisk prøve: i grupper på 4-6 studerende fremføres en performance á 6-8 minutter inklusiv solo på 20-25 sekunder for hver studerende i gruppen. Mundtlig prøve: efter den praktiske prøve er der individuel mundtlig eksamination uden forberedelse á 20 minutter inkl. votering. Den studerende trækker et spørgsmål, som bliver udgangspunkt for den mundtlige eksamination. Bedømmelsesgrundlag: Karakteren gives på baggrund af en helhedsvurdering af den praktiske og mundtlige prøve. Reeksamen er samme som ordinær | AN22: Indstillingsbetingelse: Læringsprøven nedenfor er en forudsætning for at blive indstillet til eksamen. (Selvstændigt eller i samarbejde med andre) søge viden og herudfra tilrettelægge og gennemføre undervisning med fokus på udvalgte dansegenrer samt reflektere over undervisningen metodisk, didaktisk og pædagogisk Hvis indstillingsbetingelsen ikke bestås i undervisningen gives der mulighed for at lave en kompensationsopgave inden ordinær eksamen. Der bruges først et prøveforsøg, hvis kompensationsopgaven ikke godkendes af kursusansvarlig. Kompensationsopgavens indhold: Kompensationsopgaven kan indeholde både skriftlige, mundtlige og praktiske elementer. Underviser tilrettelægger opgaven efter ”omfanget” af fravær eller ”mangler” i præstationen (altså hvis den studerende ikke består indstillingsbetingelsen). | AO22: ekstern censur | AP22: 7-trinsskala | AQ22: 2 | AR22: Praktisk(A),Bunden mundtlig prøve(B) | AS22: Praktisk(A),Mundtlig(B) | AT22: (A),(B) | AU22: 7 minutter(A),20 minutter(B) | AV22: Alle(A),Alle(B) | AX22: https://kursuskatalog-admin.au.dk/da/course/137581/
A23: 140984 | B23: 345201U005 | C23: 345201E022 | D23: Eksperimentel biomekanik | E23: 10 | F23: 10 ECTS | G23: Institut for Folkesundhed | H23: Health.studadm@au.dk | I23: Bacheloruddannelsen i idrætsvidenskab | J23: Health | K23: Bachelor | L23: Forelæsning, Holdundervisning | M23: Efterårssemester | N23: 2026 | O23: Efterår | P23: Formål Formålet med kurset er, at de studerende får et generelt teoretisk og praktisk kendskab til de eksperimentelle forskningsmetoder, der anvendes inden for bevægeapparatets biomekanik med henblik på læsning af forskningslitteratur og senere projektarbejde. Kurset bygger videre på teorien fra grunduddannelseskurset Biomekanik. I kurset fokuseres på biomekanisk analyse som et værktøj til forståelse af muskelfunktion og bevægeapparatsbelastning under bevægelse. Kurset er det ene af to overvejende metodeorienterede kurser indenfor biomekanik (det andet er Numerisk biomekanik); kurserne kan følges uafhængigt, men studerende, der påtænker at lave speciale indenfor biomekanik, anbefales at følge begge kurser. Læringsmål Ved bedømmelse af den studerendes præstation lægges vægt på, i hvor høj grad den studerende kan: Anvende 3D motion capture udstyr og kraftplatform; definere og udføre beregninger med inverse dynamics modeller; analysere og diskutere resultater af inverse dynamics beregninger.Anvende isokinetisk dynamometer; redegøre for sammenhængen mellem dynamometermålinger og mekanisk muskelfunktion.Anvende EMG-udstyr; analysere EMG-signaler; redegøre for sammenhængen mellem EMG og muskelfunktion (muskelkraft, elektro-mekanisk delay og relaxation, rate of force development).Redegøre kvalitativt for principper i digital signalbehandling (glatning og filtrering).Redegøre kvalitativt for principper i statisk optimering.Redegøre kvalitativt for principper i modellering og simulation af muskulo-skeletale systemer. | Q23: Ordinær, Udveksling | R23: Dansk | T23: Per Henrik Sørensen | U23: 105415 | V23: hs@ph.au.dk | X23: Anvendelse af 3D motion capture udstyr, kraftplatform, isokinetisk dynamometer og elektromyografi (EMG)-udstyrStivlegeme-mekanik (Kræfter og momenter; Newtons/Eulers bevægelsesligninger; fritlegemediagram; impuls og bevægelsesmængde; arbejde, energi og effekt)Simpel vektoralgebra (addition, skalarmultiplikation, prikprodukt, krydsprodukt)Antropometri og antropometriske modellerMekanisk muskelfunktion (længde-spænding, force-velocity, rate of force development, power)Introduktion til digital signalbehandlingIntroduktion til statisk optimeringIntroduktion til modellering og computersimulation af muskulo-skeletale systemer | Y23: Henrik Sørensen | AA23: Robertson, D.G.E et al: Research Methods in Biomechanics, Human Kinetics, 2004 eller 2014 Originalartikler Udleverede noter. | AB23: 35 | AE23: 3 x 2 timers undervisning om uge i 14 uger vekslende mellem forelæsninger, teoretiske øvelse og studiecafe. I 4 af ugerne erstattes den teoretiske undervisning med laboratorieøvelser. | AF23: Aarhus | AI23: Studienævnet for Idræt | AJ23: Kandidattilvalget i idrætsvidenskab, Bacheloruddannelsen i idrætsvidenskab | AK23: 1 | AL23: Skriftlig tilsynseksamen m. PC | AM23: Eksamen er en individuel fire-timers skriftlig tilsynseksamen. Anviste hjælpemidler: Papir og pen. Lommeregner og PC med officepakken; kun til løsning af opgave. Derfor er internet, værktøjer baseret på Generativ Artificial Intelligence (GAI), andre funktioner, programmer eller noter på PC´ en ikke tilladt. Prøveform ved reeksamen Prøveformen ved reeksamen svarer til kursets ordinære prøveform. | AO23: intern censur | AP23: 7-trinsskala | AQ23: 1 | AR23: Skriftlig tilsynseksamen m. PC | AS23: Skriftlig Tilsynsprøve(Assign) | AU23: 4 time(r) | AV23: Anviste | AX23: https://kursuskatalog-admin.au.dk/da/course/140984/
A24: 137527 | B24: 341181U005 | C24: 341181E004 | D24: Epidemiologi og Biostatistik | E24: 10 | F24: 10 ECTS | G24: Institut for Folkesundhed | H24: Health.studadm@au.dk | I24: Bacheloruddannelsen i folkesundhedsvidenskab | J24: Health | K24: Bachelor | L24: Forelæsning, Holdundervisning | M24: Forårssemester | N24: 2026 | O24: Forår | P24: Den studerende skal opnå et basalt kendskab til statistiske og epidemiologiske principper og metoder, så de bliver i stand til at læse og kritisk vurdere sundhedsvidenskabelig litteratur på dansk og engelsk, hvor der er anvendt epidemiologiske og/eller statistiske metoder til at understøtte konklusionerne. Den studerende skal kunne: Beskrive de forskellige hovedtyper af epidemiologiske design og diskutere styrke og svagheder ved de forskellige designDefinere og beregne epidemiologiske hyppigheds- og associationsmål definere, identificere, beskrive, og vurdere forskellige typer af fejlkilder i epidemiologiske studierDefinere confounding, beskrive hvordan der kan tages højde for confounding i design- og analysefasen og vurdere om analyseresultater afspejler confoundingDefinere effektmodifikation og vurdere om analyseresultater tyder på effektmodifikation diskutere om analyseresultater afspejler kausale sammenhænge og vurdere generaliserbarheden (ekstern validitet) af analyseresultaterDefinere hvad screening er og beskrive en tests diskriminationsevne, skelne mellem stikprøve og population og forklare hvorledes stikprøven bruges til at beskrive egenskaber ved populationenSkelne mellem forskellige typer af data og beskrive hvorledes den systematiske og tilfældige variation i data kan opsummeresBeskrive og fortolke den statistiske usikkerhed for et estimatSammenligne to estimater og vurdere om forskellen er systematisk eller tilfældigSammenfatte en række estimater med tilhørende statistiske usikkerheder til et fælles skøn og beskrive dette skøns statistiske usikkerhedFortolke resultater fra de almindeligste regressionsanalyser og beregne konsekvenser af analysens forudsigelser | Q24: Tomplads, Ordinær | R24: Dansk | T24: Dorte Rytter | U24: 1603 | V24: dr@ph.au.dk | Y24: Dorte Rytter (kursusansvarlig), dr@ph.au.dk + andre medarbejdere ved Sektion for Biostatistik og Sektion for Epidemiologi | AC24: Vejledende faglige forudsætninger: 1. semester på bacheloruddannelsen i folkesundhedsvidenskab | AD24: Arbejdsbelastning (omtrentlig) Forelæsning: 28 timer Holdundervisning og spørgetime: 47 timer Forberedelse: 220 timer Eksamen: 5 timer I alt: 300 timer | AF24: Aarhus | AI24: Studienævnet for Folkesundhedsvidenskab | AK24: 1 | AL24: Skriftlig tilsynseksamen m. PC | AM24: Hjælpemider: Anviste - Alle undtagen internet og værktøjer baseret på Generative Artificial Intelligence (GAI) | AO24: ekstern censur | AP24: 7-trinsskala | AQ24: 1 | AR24: Skriftlig tilsynseksamen m. PC | AS24: Skriftlig Tilsynsprøve(Assign) | AU24: 5 time(r) | AV24: Anviste | AX24: https://kursuskatalog-admin.au.dk/da/course/137527/
A25: 139116 | B25: 311191U003 | C25: 311201E007 | D25: Epidemiologi og biostatistik | E25: 10 | F25: 10 ECTS | G25: Institut for Folkesundhed | H25: Health.studadm@au.dk | I25: Bacheloruddannelsen i medicin | J25: Health | K25: Bachelor | L25: Forelæsning, Holdundervisning, Selvstudium | M25: Forårssemester | N25: 2026 | O25: Forår | P25: Med baggrund i sundhedsvidenskabelig forskning udvikler viden inden for forebyggelse og behandling sig hele tiden. Det er derfor som læge vigtigt at følge med i udviklingen og at kunne tilegne sig den nye viden. Kurset i epidemiologi og biostatistik vil give de studerende en forståelse for tilblivelse af viden og evidens og har derved relevans for forståelse af bl.a. tilblivelse af viden om risikofaktorer og behandling af tilstande/sygdomme. De studerende skal opnå et basalt kendskab til statistiske og epidemiologiske principper og metoder, således de bliver i stand til at læse, forstå samt kritisk vurdere sundhedsvidenskabelige artikler på dansk og engelsk, hvori der er anvendt epidemiologiske og/eller statistiske metoder til at understøtte konklusionerne. Kurset vil være et vigtigt fundament for en stor del af de studerende i forbindelse med deres bacheloropgave og for kurset i Folkesundhed, som de studerende skal have på 6. semester, bachelor. Derudover er faget grundlæggende for en videnskabelig tilgang til de kliniske fag, der ligger på kandidatuddannelsen. Læringsmål: Den studerende skal kunne: Foretage en kritisk vurdering af problemstillinger som optræder i den sundhedsvidenskabelige litteratur under anvendelse af epidemiologiske og statistiske begreber.Beskrive de forskellige hovedtyper af epidemiologiske design og diskutere deres styrker og svagheder.Identificere, beskrive, og diskutere forskellige typer af fejlkilder i epidemiologiske studier og på baggrund heraf vurdere studiets interne validitet, herunder om analyseresultaterne repræsenterer den sande sammenhæng i målpopulationen, eller om de er over- eller undervurderede.Beskrive hvordan der kan tages højde for confounding i design- og analysefasen og vurdere, om analyseresultater er påvirket af confounding.Diskutere om analyseresultater afspejler kausale sammenhænge og vurdere generaliserbarhed (ekstern validitet) af analyseresultater.Beskrive og vurdere diskriminationsevnen for en diagnostisk test ud fra sensitivitet, specificitet, positiv og negativ prædiktiv værdi.Skelne mellem forskellige datatyper samt estimere og sammenligne relevante hyppigheds- og associationsmål, herunder kunne vurdere om der er effektmodifikation.Forklare hvordan en stikprøve kan bruges til at beskrive egenskaber ved målpopulationen, herunder kunne forklare hvilken betydning variation i data har for disse egenskaber.Fortolke resultater fra de mest almindelige statistiske analyser og udlede konsekvenser heraf. | Q25: Ordinær | R25: Dansk | T25: Bodil Hammer Bech | U25: 7816 | V25: bhb@ph.au.dk | X25: Kurset introducerer de studerende til epidemiologiske og biostatistiske metoder, og hvordan metoderne anvendes i tilvejebringelse af ny viden inden for sundhedsvidenskab. Kurset struktureres, så de studerende i løbet af kurset oparbejder færdigheder i at kunne forholde sig kritisk til resultater og konklusioner, der er frembragt med brug af fagets metoder. I Epidemiologi vil kurset komme omkring: Hovedtyper af designs, som anvendes i epidemiologiske undersøgelser. Epidemiologiske hyppigheds- og associationsmål. Undersøgelsens interne validitet: Informationsproblemer, selektionsproblemer og confounding. Effektmodifikation. Kausalitetsovervejelser. Generaliserbarhed. Diagnostik. I Biostatistik vil kurset komme omkring: Basale deskriptive metoder. Prædiktionsinterval og konfidenssinterval. Statistisk test. Sammenligning af to middelværdier. Sammenligning af to proportioner. Analyse af krydstabulerede data. Sammenvægtning af flere estimater. Lineær regression og korrelation. Simple ikke-parametriske metoder. Basale egenskaber ved multipel lineær regression, logistisk regression og Cox regression og disse metoders anvendelse til vurdering af confounding og effektmodifikation. Analyse af parrede data. | Y25: Bodil Hammer Bech | Z25: 4. semester | AA25: Litteratur (til kursuskatalog): Til indøvelse af fagets grundviden og metoder anbefales følgende lærebøger: Svend Juul, Bodil Hammer Bech, Christina Catherine Dahm, Dorte Rytter. Epidemiologi og evidens. Munksgaard, 4. udgave 2025. Bogen er på dansk og dækker fagets læringsmål inden for epidemiologi. Den giver en god forståelse for basal epidemiologisk metode og de systematiske fejl, der kan forekomme i studier, der anvender epidemiologisk metode samt konsekvensen heraf. Bogen indeholder mange eksempler. Betty R Kirkwood, Jonathan A.C. Sterne. Essential medical statistics. Blackwell Publishing Company 2003. Lærebogen er på engelsk. Den dækker fagets læringsmål inden for biostatistik. Den beskriver metoderne på en lidt anderledes måde, end de studerende bliver præsenteret for til forelæsningerne. Derudover er den matematisk præcis, men tager samtidig udgangspunkt i mange eksempler, hvilket gør den relativt letlæselig. Publicerede forskningsartikler (angives på Brightspace). | AD25: Undervisningssprog: Dansk, men engelsk kan forekomme. | AE25: Antal undervisertilrettelagte timer i alt, pr. uge og kursuslængden. 4. semester, 57 timer, 2-6 timer per uge, 15 uger | AF25: Aarhus | AI25: Studienævnet for Medicin | AK25: 1 | AL25: Skriftlig tilsynseksamen m. PC | AM25: Der udleveres en sundhedsvidenskabelig artikel med tilhørende eksamensspørgsmål. Anviste hjælpemidler: Alle hjælpemidler undtaget internet. Det er ikke tilladt at anvende værktøjer baseret på Generativ Artificial Intelligence (GAI) til eksamen. Læs om tilladte hjælpemidler og regler for tilsynsprøver | AO25: ekstern censur | AP25: 7-trinsskala | AQ25: 1 | AR25: Skriftlig tilsynseksamen m. PC | AS25: Skriftlig Tilsynsprøve(Assign) | AU25: 5 time(r) | AV25: Anviste | AX25: https://kursuskatalog-admin.au.dk/da/course/139116/
A26: 137517 | B26: 311191U003 | C26: 311201E007 | D26: Epidemiologi og biostatistik | E26: 10 | F26: 10 ECTS | G26: Institut for Folkesundhed | H26: Health.studadm@au.dk | I26: Bacheloruddannelsen i medicin | J26: Health | K26: Bachelor | L26: Forelæsning, Holdundervisning, Selvstudium | M26: Efterårssemester | N26: 2026 | O26: Efterår | P26: Med baggrund i sundhedsvidenskabelig forskning udvikler viden inden for forebyggelse og behandling sig hele tiden. Det er derfor som læge vigtigt at følge med i udviklingen og at kunne tilegne sig den nye viden. Kurset i epidemiologi og biostatistik vil give de studerende en forståelse for tilblivelse af viden og evidens og har derved relevans for forståelse af bl.a. tilblivelse af viden om risikofaktorer og behandling af tilstande/sygdomme. De studerende skal opnå et basalt kendskab til statistiske og epidemiologiske principper og metoder, således de bliver i stand til at læse, forstå samt kritisk vurdere sundhedsvidenskabelige artikler på dansk og engelsk, hvori der er anvendt epidemiologiske og/eller statistiske metoder til at understøtte konklusionerne. Kurset vil være et vigtigt fundament for en stor del af de studerende i forbindelse med deres bacheloropgave og for kurset i Folkesundhed, som de studerende skal have på 6. semester, bachelor. Derudover er faget grundlæggende for en videnskabelig tilgang til de kliniske fag, der ligger på kandidatuddannelsen. Læringsmål: Den studerende skal kunne: Foretage en kritisk vurdering af problemstillinger som optræder i den sundhedsvidenskabelige litteratur under anvendelse af epidemiologiske og statistiske begreber.Beskrive de forskellige hovedtyper af epidemiologiske design og diskutere deres styrker og svagheder.Identificere, beskrive, og diskutere forskellige typer af fejlkilder i epidemiologiske studier og på baggrund heraf vurdere studiets interne validitet, herunder om analyseresultaterne repræsenterer den sande sammenhæng i målpopulationen, eller om de er over- eller undervurderede.Beskrive hvordan der kan tages højde for confounding i design- og analysefasen og vurdere, om analyseresultater er påvirket af confounding.Diskutere om analyseresultater afspejler kausale sammenhænge og vurdere generaliserbarhed (ekstern validitet) af analyseresultater.Beskrive og vurdere diskriminationsevnen for en diagnostisk test ud fra sensitivitet, specificitet, positiv og negativ prædiktiv værdi.Skelne mellem forskellige datatyper samt estimere og sammenligne relevante hyppigheds- og associationsmål, herunder kunne vurdere om der er effektmodifikation.Forklare hvordan en stikprøve kan bruges til at beskrive egenskaber ved målpopulationen, herunder kunne forklare hvilken betydning variation i data har for disse egenskaber.Fortolke resultater fra de mest almindelige statistiske analyser og udlede konsekvenser heraf. | Q26: Ordinær | R26: Dansk | T26: Bodil Hammer Bech | U26: 7816 | V26: bhb@ph.au.dk | X26: Kurset introducerer de studerende til epidemiologiske og biostatistiske metoder, og hvordan metoderne anvendes i tilvejebringelse af ny viden inden for sundhedsvidenskab. Kurset struktureres, så de studerende i løbet af kurset oparbejder færdigheder i at kunne forholde sig kritisk til resultater og konklusioner, der er frembragt med brug af fagets metoder. I Epidemiologi vil kurset komme omkring: Hovedtyper af designs, som anvendes i epidemiologiske undersøgelser. Epidemiologiske hyppigheds- og associationsmål. Undersøgelsens interne validitet: Informationsproblemer, selektionsproblemer og confounding. Effektmodifikation. Kausalitetsovervejelser. Generaliserbarhed. Diagnostik. I Biostatistik vil kurset komme omkring: Basale deskriptive metoder. Prædiktionsinterval og konfidenssinterval. Statistisk test. Sammenligning af to middelværdier. Sammenligning af to proportioner. Analyse af krydstabulerede data. Sammenvægtning af flere estimater. Lineær regression og korrelation. Simple ikke-parametriske metoder. Basale egenskaber ved multipel lineær regression, logistisk regression og Cox regression og disse metoders anvendelse til vurdering af confounding og effektmodifikation. Analyse af parrede data. | Y26: Bodil Hammer Bech | Z26: 4. semester | AA26: Litteratur (til kursuskatalog): Til indøvelse af fagets grundviden og metoder anbefales følgende lærebøger: Svend Juul, Bodil Hammer Bech, Christina Catherine Dahm, Dorte Rytter. Epidemiologi og evidens. Munksgaard, 4. udgave 2025. Bogen er på dansk og dækker fagets læringsmål inden for epidemiologi. Den giver en god forståelse for basal epidemiologisk metode og de systematiske fejl, der kan forekomme i studier, der anvender epidemiologisk metode samt konsekvensen heraf. Bogen indeholder mange eksempler. Betty R Kirkwood, Jonathan A.C. Sterne. Essential medical statistics. Blackwell Publishing Company 2003. Lærebogen er på engelsk. Den dækker fagets læringsmål inden for biostatistik. Den beskriver metoderne på en lidt anderledes måde, end de studerende bliver præsenteret for til forelæsningerne. Derudover er den matematisk præcis, men tager samtidig udgangspunkt i mange eksempler, hvilket gør den relativt letlæselig. Publicerede forskningsartikler (angives på Brightspace). | AD26: Undervisningssprog: Dansk, men engelsk kan forekomme. | AE26: Antal undervisertilrettelagte timer i alt, pr. uge og kursuslængden. 4. semester, 57 timer, 2-6 timer per uge, 15 uger | AF26: Aarhus | AI26: Studienævnet for Medicin | AK26: 1 | AL26: Skriftlig tilsynseksamen m. PC | AM26: Der udleveres en sundhedsvidenskabelig artikel med tilhørende eksamensspørgsmål. Anviste hjælpemidler: Alle hjælpemidler undtaget internet. Det er ikke tilladt at anvende værktøjer baseret på Generativ Artificial Intelligence (GAI) til eksamen. Læs om tilladte hjælpemidler og regler for tilsynsprøver | AO26: ekstern censur | AP26: 7-trinsskala | AQ26: 1 | AR26: Skriftlig tilsynseksamen m. PC | AS26: Skriftlig Tilsynsprøve(Assign) | AU26: 5 time(r) | AV26: Anviste | AX26: https://kursuskatalog-admin.au.dk/da/course/137517/
A27: 140985 | B27: 341152U017 | C27: 341152E003 | D27: Epidemiologi og biostatistik | E27: 10 | F27: 10 ECTS | G27: Institut for Folkesundhed | H27: Health.studadm@au.dk | I27: Den sundhedsfaglige kandidatuddannelse | J27: Health | K27: Kandidat | L27: Forelæsning, Holdundervisning | M27: Efterårssemester | N27: 2026 | O27: Efterår | P27: Formål Formålet er, at de studerende opnår et basalt kendskab til statistiske og epidemiologiske principper og metoder, så de bliver i stand til at læse og kritisk vurdere sundhedsvidenskabelig litteratur på dansk og engelsk, hvor der er anvendt epidemiologiske og/eller statistiske metoder til at understøtte konklusionerne. Der introduceres til den populations-baserede kvantitative forskningsproces, begreber, og afrapportering. Læringsmål Ved afslutning af kurset skal den studerende kunne: Have kendskab til for grundlæggende videnskabsteoretiske begreber inden for området, såsom hypotese, objektivitet og evidensIdentificere for centrale begreber i forskningsprocessen i relation til kvantitative forskningsdesignBeskrive de forskellige hovedtyper af epidemiologiske design og diskutere styrker og svagheder ved de forskellige studiedesignDefinere og beregne epidemiologiske hyppigheds- og associationsmålDefinere, identificere, beskrive, og vurdere forskellige typer af fejlkilder i epidemiologiske studierDefinere confounding, beskrive hvordan der kan tages højde for confounding i design- og analysefasen og vurdere om analyseresultater afspejler confoundingDefinere effektmodifikation/interaktion og vurdere om analyseresultater tyder på effektmodifikationDiskutere om analyseresultater afspejler kausale sammenhænge og vurdere den interne validitet og generaliserbarheden (den eksterne validitet) af analyseresultaterSkelne mellem stikprøve og population og forklare hvorledes stikprøven bruges til at beskrive egenskaber ved populationenSkelne mellem forskellige typer af data og beskrive hvorledes den systematiske og tilfældige variation i data kan opsummeresBeskrive og fortolke den statistiske usikkerhed for et estimat, sammenligne to estimater og vurdere om forskellen er systematisk eller tilfældigKonkludere på baggrund af statistiske test og herunder fortolke p-værdier,Sammenfatte en række estimater med tilhørende statistiske usikkerheder til et fælles skøn og beskrive dette skøns statistiske usikkerhedBeskrive antagelser bag og fortolke resultater fra udvalgte statistiske analyser af 1- og 2-stikprøverBeskrive antagelserne bag og fortolke resultater fra udvalgte regressionsanalyser samt beregne forudsigelser ud fra resultaterne af en analyse | Q27: Ordinær | R27: Dansk | T27: Christina C. Dahm | U27: 287908 | V27: ccd@ph.au.dk | X27: Kurset introducerer de studerende til epidemiologiske og biostatistiske metoder, og hvordan metoderne anvendes i tilvejebringelse af ny viden inden for sundhedsvidenskab. Kurset struktureres, så de studerende i løbet af kurset oparbejder færdigheder i at kunne forholde sig kritisk til resultater og konklusioner, der er frembragt med brug af fagenes metoder. I Epidemiologi vil kurset komme omkring: Hovedtyper af designs, som anvendes i epidemiologiske undersøgelser. Epidemiologiske hyppigheds- og associationsmål. Undersøgelsens interne validitet: informationsproblemer, selektionsproblemer og confounding. Effektmodifikation. Kausalitetsovervejelser. Generaliserbarhed. I Biostatistik vil kurset komme omkring: Basale deskriptive metoder. Prædiktionsinterval og sikkerhedsinterval. Statistisk test. Sammenligning af to gennemsnit. Sammenligning af to proportioner. Analyse af krydstabulerede data. Sammenvægtning af flere estimater. Lineær regression og korrelation. Simple ikke-parametriske metoder. Basale egenskaber ved multipel lineær regression, logistisk regression og Cox’s regression og disse metoders anvendelse til vurdering af confounding og effektmodifikation. I kurset vil man få brug for basale udregninger ved hjælp af lommeregner og/eller regneark i Excel. | AF27: Aarhus | AI27: Studienævnet for Sundhedsvidenskab | AJ27: Kandidatuddannelsen i sygepleje, Kandidatuddannelsen i optometri og synsvidenskab | AK27: 1 | AL27: Skriftlig tilsynseksamen m. PC | AM27: Hjælpemidler: Alle hjælpemidler undtagen internetadgang og værktøjer baseret på Generative Artificial Intelligence (GAI) Der udleveres en sundhedsvidenskabelig artikel med dertilhørende spørgsmål. Prøveform ved reeksamen Prøveformen ved reeksamen svarer til kursets ordinære prøveform. | AO27: ekstern censur | AP27: 7-trinsskala | AQ27: 1 | AR27: Skriftlig tilsynseksamen m. PC | AS27: Skriftlig Tilsynsprøve(Assign) | AU27: 5 time(r) | AV27: Anviste | AX27: https://kursuskatalog-admin.au.dk/da/course/140985/
A28: 137559 | B28: 341202U014 | C28: 341202E019 | D28: Erhvervsorienteret projektforløb | E28: 20 | F28: 20 ECTS | G28: Institut for Folkesundhed | H28: Health.studadm@au.dk | I28: Kandidatuddannelsen i folkesundhedsvidenskab | J28: Health | K28: Kandidat | L28: Forelæsning, Holdundervisning, Praktisk, Selvstudium, Vejledning | M28: Forårssemester | N28: 2026 | O28: Forår | P28: Kursets formål er at den studerende får erfaring med at anvende og reflektere over brugen af den faglige viden, samt de færdigheder og kompetencer, som de har tilegnet sig i løbet af deres kandidatstudium, i en folkesundhedsvidenskabelig praksis tilsvarende en jobsituation, der tilbydes nyuddannede kandidater i folkesundhedsvidenskab. OBS Det er ikke muligt at have erhvervsorienteret projektforløb såfremt man ønsker at lave 60 ECTS speciale Ved bedømmelse af den studerendes præstation lægges vægt på, i hvor høj grad den studerende kan: Viden: Redegøre for den pågældende arbejdsplads forretning (organisation og opgaver) og relevans af egen folkesundhedsvidenskabelig viden, færdigheder og kompetencer (herunder digitale teknologier til eksempelvis databearbejdning såfremt disse anvendes i projektforløbet) i denne sammenhæng. Kompetencer: Kort og informativt beskrive en folkesundhedsvidenskabelig opgave, som den studerende er blevet stillet.Reflektere over løsningsmuligheder, herunder organisatoriske og personlige barrierer for løsning af opgaven.Udvikle en plan for løsning af opgaven herunder vælge redskaber til at reducere barrierer for opgaveløsningen.Kritisk vurdere effekten af den valgte plan for løsning af opgaven. Færdigheder: Reflektere over egen præstation i forløbet og hvordan den studerende har interageret med kollegaer og overordnede.Gennemføre en analyse ud fra et folkesundhedsvidenskabeligt perspektiv på arbejdsstedet og de opgaver den studerende har været involveret i og kritisk vurdere de vilkår hvorunder opgaverne er blevet løst. | Q28: Ordinær, Udveksling | R28: Dansk | T28: Karin Rosenkilde Laursen | U28: 275164 | V28: krl@ph.au.dk | AD28: Der vil undervejs i forløbet være tre seminarer. Det første seminar har temaet 'Introduktion til praktik, GDPR, de kommende seminarer samt portfolio'. Det andet og tredje seminar består af studenterpræsentationer og gruppearbejde. | AF28: Aarhus | AI28: Studienævnet for Folkesundhedsvidenskab | AK28: 1 | AL28: Fri hjemmeopgave | AM28: Eksamen består af en portfolio samt en fri hjemmeopgave/projektopgave. Begge dele udarbejdes individuelt. Omfang af hjemmeopgaven maks. 10 normalsider. Der foretages en samlet vurdering på baggrund af portfolio og projektopgave. Projektopgaven skal besvares ud fra de angivne læringsmål. Indstillingsbetingelserne som beskrevet i forudsætninger skal være opnået inden ordinær såvel som reeksamen. Prøveformen ved reeksamen svarer til kursets ordinære prøve. | AN28: Dokumentation fra praktikstedet på gennemført ophold på min. 500 timer anses som et formaliakrav og skal vedlægges projektopgaven. Hvis praktikforløbet ikke godkendes, kan den studerende ikke færdiggøre kurset. Den studerende skal i så fald holdsættes på ny og har tilmed brugt et prøveforsøg. Den studerende skal udarbejde to præsentationer på seminarerne for at kunne indstilles til eksamen. For studerende med projektforløb udenbys/udenlands, vil der være online seminarer. Er det ikke muligt at deltage i et seminar, f.eks. pga. sygdom, kan der efter aftale med kursusansvarlig arrangeres et individuelt møde. Hvis den studerende ikke får godkendt de to præsentationer, bruges der et prøveforsøg. Forud for reeksamen skal den studerende udarbejde og få godkendt en digitalt optagen præsentation pr. ikke godkendt præsentation svarende til det enkelte seminars indholdskrav. | AO28: ingen censur | AP28: bestået/ikke bestået | AQ28: 1 | AR28: Fri hjemmeopgave | AS28: Hjemmeopgave (Assign) | AX28: https://kursuskatalog-admin.au.dk/da/course/137559/
A29: 140988 | B29: 341202U014 | C29: 341202E019 | D29: Erhvervsorienteret projektforløb | E29: 20 | F29: 20 ECTS | G29: Institut for Folkesundhed | H29: Health.studadm@au.dk | I29: Kandidatuddannelsen i folkesundhedsvidenskab | J29: Health | K29: Kandidat | L29: Forelæsning, Holdundervisning, Praktisk, Selvstudium, Vejledning | M29: Efterårssemester | N29: 2026 | O29: Efterår | P29: Kursets formål er at den studerende får erfaring med at anvende og reflektere over brugen af den faglige viden, samt de færdigheder og kompetencer, som de har tilegnet sig i løbet af deres kandidatstudium, i en folkesundhedsvidenskabelig praksis tilsvarende en jobsituation, der tilbydes nyuddannede kandidater i folkesundhedsvidenskab. OBS Det er ikke muligt at have erhvervsorienteret projektforløb såfremt man ønsker at lave 60 ECTS speciale Ved bedømmelse af den studerendes præstation lægges vægt på, i hvor høj grad den studerende kan: Viden: Redegøre for den pågældende arbejdsplads forretning (organisation og opgaver) og relevans af egen folkesundhedsvidenskabelig viden, færdigheder og kompetencer (herunder digitale teknologier til eksempelvis databearbejdning såfremt disse anvendes i projektforløbet) i denne sammenhæng. Kompetencer: Kort og informativt beskrive en folkesundhedsvidenskabelig opgave, som den studerende er blevet stillet.Reflektere over løsningsmuligheder, herunder organisatoriske og personlige barrierer for løsning af opgaven.Udvikle en plan for løsning af opgaven herunder vælge redskaber til at reducere barrierer for opgaveløsningen.Kritisk vurdere effekten af den valgte plan for løsning af opgaven. Færdigheder: Reflektere over egen præstation i forløbet og hvordan den studerende har interageret med kollegaer og overordnede.Gennemføre en analyse ud fra et folkesundhedsvidenskabeligt perspektiv på arbejdsstedet og de opgaver den studerende har været involveret i og kritisk vurdere de vilkår hvorunder opgaverne er blevet løst. | Q29: Ordinær, Udveksling | R29: Dansk | T29: Karin Rosenkilde Laursen | U29: 275164 | V29: krl@ph.au.dk | AD29: Der vil undervejs i forløbet være tre seminarer. Det første seminar har temaet 'Introduktion til praktik, GDPR, de kommende seminarer samt portfolio'. Det andet og tredje seminar består af studenterpræsentationer og gruppearbejde. | AF29: Aarhus | AI29: Studienævnet for Folkesundhedsvidenskab | AK29: 1 | AL29: Fri hjemmeopgave | AM29: Eksamen består af en portfolio samt en fri hjemmeopgave/projektopgave. Begge dele udarbejdes individuelt. Omfang af hjemmeopgaven maks. 10 normalsider. Der foretages en samlet vurdering på baggrund af portfolio og projektopgave. Projektopgaven skal besvares ud fra de angivne læringsmål. Indstillingsbetingelserne som beskrevet i forudsætninger skal være opnået inden ordinær såvel som reeksamen. Prøveformen ved reeksamen svarer til kursets ordinære prøve. | AN29: Dokumentation fra praktikstedet på gennemført ophold på min. 500 timer anses som et formaliakrav og skal vedlægges projektopgaven. Hvis praktikforløbet ikke godkendes, kan den studerende ikke færdiggøre kurset. Den studerende skal i så fald holdsættes på ny og har tilmed brugt et prøveforsøg. Den studerende skal udarbejde to præsentationer på seminarerne for at kunne indstilles til eksamen. For studerende med projektforløb udenbys/udenlands, vil der være online seminarer. Er det ikke muligt at deltage i et seminar, f.eks. pga. sygdom, kan der efter aftale med kursusansvarlig arrangeres et individuelt møde. Hvis den studerende ikke får godkendt de to præsentationer, bruges der et prøveforsøg. Forud for reeksamen skal den studerende udarbejde og få godkendt en digitalt optagen præsentation pr. ikke godkendt præsentation svarende til det enkelte seminars indholdskrav. | AO29: ingen censur | AP29: bestået/ikke bestået | AQ29: 1 | AR29: Fri hjemmeopgave | AS29: Hjemmeopgave (Assign) | AX29: https://kursuskatalog-admin.au.dk/da/course/140988/
A30: 137607 | B30: 345202U010 | C30: 345202E013 | D30: Erhvervsrettet projektforløb i Idræt | E30: 15 | F30: 15 ECTS | G30: Institut for Folkesundhed | H30: Health.studadm@au.dk | I30: Kandidatuddannelsen i idrætsvidenskab | J30: Health | K30: Kandidat | L30: Forelæsning, Holdundervisning, Praktisk, Selvstudium, Vejledning | M30: Forårssemester | N30: 2026 | O30: Forår | P30: Formål Formålet med det erhvervsrettede projektforløb er at give den studerende indsigt i arbejdsopgaver og arbejdsbetingelser på arbejdspladser, der er relevante for kandidater i idræt. Formålet er desuden at give den studerende mulighed for at afprøve sin idrætsfaglige viden og sine færdigheder og kompetencer i en jobsituation, som ligner den, der tilbydes nyuddannede kandidater i idræt. Funktionerne, der bestrides under projektforløbet, skal være på akademisk niveau. Læringsmål Ved bedømmelse af den studerendes præstation lægges vægt på, i hvor høj grad den studerende kan: Beskrive den pågældende arbejdsplads samt den studerendes opgaver i projektforløbet.Redegøre for arbejdspladsens organisering, arbejdsprocesser og leverancer.Beskrive og forklare løsningen af en eller flere hovedopgaver, som den studerende er blevet stillet under forløbet.Forklare og diskutere den idrætsfaglige viden og de færdigheder, som den studerende har anvendt ved løsning af en eller flere opgaver.Planlægge, lede eller gennemføre virkelighedsnære og praktiske projekter med afsæt i den studerendes videnskabeligt funderede faglighed.Anvende idrætsfaglig viden på kendte eller nye problemstillinger på individ-, gruppe- eller samfundsniveau.Reflektere over egne beslutningsprocesser og kritisk bedømme og evaluere de vilkår, hvor under de stillede opgaver er blevet løst.Selvstændigt reflektere over udvikling af egen professionelle rolle i projektforløbet. | Q30: Ordinær, Udveksling | T30: Kristian Raun Thomsen | U30: 275643 | V30: thomsen@ph.au.dk | X30: I undervisningen fokuseres der på aktuelle arbejdsmarkedsvilkår og samfundsforhold i relation til projektorienteret arbejde og professionsudøvelse. Relevante metoder og udvalgte teorier i tilknytning hertil vil blive præsenteret ved kursusstart. Betingelser for at praktikopholdet kan forhåndsgodkendes: At der er en ekstern vejleder fra praktikstedet og en intern vejleder tilknyttet idrætsuddannelsen ved Institut for folkesundhedAt der er tale om et formaliseret, men ulønnet ansættelsesforhold.At praktikopholdet er af minimum 5 ugers varighed (37 timer/uge i snit).At arbejdsopgaverne har en idrætsfaglig relevans og et kandidatfagligt niveau.At den studerende tilbydes et opholdssted på arbejdspladsen, f.eks. en kontorplads. Det er ikke muligt at afvikle projektforløbet som gymnasielærer i gymnasieskoleregi. Læs mere herom på studieportalen: http://studerende.au.dk/studier/fagportaler/sport/undervisning-og-eksamen/kandidat/erhvervsrettet-projektforloeb-i-idraet/ | Y30: Kristian Raun Thomsen | AA30: Pensum og anbefalet litteratur oplyses ved kursusstart Desuden inddrages relevant selvvalgt litteratur | AC30: Kurset kan ikke tages, hvis den studerende har gennemført kurset Erhvervsrettet projektforløb i Idræt på 20 ECTS eller lignende kurser, hvor der indgår praktik. Gælder ikke ’Praktik som gymnasielærer'. Kurset bygger videre på uddannelsen kernefaglige elementer og rettes mod konkrete og virkelighedsnære problemstillinger. | AD30: Ud over introseminar, forelæsninger, holdundervisning, posterseminar, selvstudium, vejledning og eksamen består kurset af et praktikophold på minimum 5 uger fordelt over semesteret. Det er muligt at tilrettelægge opholdet, så det strækker sig over en længere tidsperiode end 5 uger. En fuldtids arbejdsuge svarer til 37 timer. Praktikkens placering aftales som udgangspunkt mellem praktikvejleder og den studerende. Den samlede arbejdsbelastning på kurset skal have et omfang svarende til 375 arbejdstimer. Kurset indledes med et seminar (modul 1), der omfatter studenteroplæg fra forrige semesters erhvervsrettede projektforløb samt grundlæggende kursusinformation. Kurset består af i alt 6 moduler, hvoraf 5. modul er obligatorisk: Modul 1: Er placeret før semesterstart – Her gives der en introduktion til kurset, kriterier for praktikplads, forventningsafstemning samt indblik i forskellige typer af erhvervsrettede projektforløb. Modul 2 og 3: Er skemalagt i første undervisningsuge i semesteret. Her er der forelæsninger og refleksionsøvelser med fokus på teori og metode samt præsentation af praktiksteder og portfolio Modul 4: Er skemalagt ca. 5 uger inde i semesteret. Her er der fokus på koblinger mellem teori og konkrete arbejdsopgaver i praktikken. Der vil være forelæsning, studenteroplæg, øvelser og erfaringsudveksling. Modul 5: Obligatorisk posterseminar. Skemalagt i slutningen af semesteret. Alle studerende præsenterer en poster med efterfølgende spørgsmål fra medstuderende og underviser. Modul 6: Vejledning på synopsis samt kursusevaluering. Skemalagt sidst i semesteret. Dette modul leder op til den mundtlige eksamen, der tager afsæt i en synopsis og portfolio | AE30: 24 lektioner fordelt udover 6 moduler på hele semesteret | AF30: Aarhus | AI30: Studienævnet for Idræt | AJ30: Kandidatuddannelsen i idrætsvidenskab, Kandidattilvalget i idrætsvidenskab | AK30: 1 | AL30: Bunden hjemmeopgave + Bunden mundtlig prøve | AM30: Kombineret skriftlig og mundtlig prøve: Bunden hjemmeopgave (individuel): Der skal udarbejdes en synopses med afsæt i stillede spørgsmål. Omfang: maksimalt 5 normalsider. Varighed: Spørgsmålene bliver frigivet i Brightspace i starten af semesteret og besvarelsen afleveres i eksamenssystemet ved afslutning af semesteret. Se eksamensplanen for afleveringsfrist. Sammen med synopsen afleveres en portfolio. Rammer og kriterier for portfolio beskrives i første undervisningsuge. Mundtlig prøve: Individuel mundtlig eksamination i 30 minutter inkl. votering. Den mundtlige eksamen tager afsæt i synopsen. Bedømmelsesgrundlag: Den skriftlige opgavebesvarelse vil indgå i bedømmelsen, idet der foretages en helhedsvurdering af den skriftlige og mundtlige præstation. Reeksamen samme som ordinær | AN30: Forudsætning for at deltage i kurset er at der er indgået en aftale med et praktiksted, godkendt af kursusansvarlig, senest ved kursusstart. Forudsætning for at blive indstillet til eksamen er opfyldelse af følgende krav: Den studerende skal have godkendt et dokumentationsbrev efter endt praktikforløb. Den studerende skal derudover deltage aktivt i et posterseminar, herunder bestå en posterpræsentation. Opfyldes ovenstående krav ikke, bruger den studerende et prøveforsøg. Får den studerende ikke godkendt kravet om godkendt dokumentationsskema, kan kravet opfyldes ved fornyet undervisningstilmelding. Får den studerende ikke godkendt sin deltagelse i posterseminaret, kan kravet opfyldes på følgende måde: Forud for reeksamen præsenterer den studerende et poster for underviser og minimum to medstuderende fra kurset. Den studerende har ansvar for at finde og indkalde medstuderende. De vil agere opponenter og stille spørgsmål til posterpræsentationen. Tid og sted aftales med kursusansvarlig. | AO30: intern censur | AP30: bestået/ikke bestået | AQ30: 2 | AR30: Bunden hjemmeopgave(A),Bunden mundtlig prøve(B) | AS30: Hjemmeopgave (Assign)(A),Mundtlig(B) | AT30: (A),(B) | AU30: (A),30 minutter(B) | AV30: Alle(A),Alle(B) | AX30: https://kursuskatalog-admin.au.dk/da/course/137607/
A31: 137629 | B31: 345202U011 | C31: 345202E012 | D31: Erhvervsrettet projektforløb i Idræt | E31: 20 | F31: 20 ECTS | G31: Institut for Folkesundhed | H31: Health.studadm@au.dk | I31: Kandidatuddannelsen i idrætsvidenskab | J31: Health | K31: Kandidat | L31: Forelæsning, Holdundervisning, Praktisk, Selvstudium, Vejledning | M31: Forårssemester | N31: 2026 | O31: Forår | P31: Formål Formålet med det erhvervsrettede projektforløb er at give den studerende indsigt i arbejdsopgaver og arbejdsbetingelser på arbejdspladser, der er relevante for kandidater i idræt. Formålet er desuden at give den studerende mulighed for at afprøve sin idrætsfaglige viden og sine færdigheder og kompetencer i en jobsituation, som ligner den, der tilbydes nyuddannede kandidater i idræt. Funktionerne, der bestrides under projektforløbet, skal være på akademisk niveau. Læringsmål Ved bedømmelse af den studerendes præstation lægges vægt på, i hvor høj grad den studerende kan: Beskrive den pågældende arbejdsplads samt den studerendes opgaver i projektforløbet.Redegøre for arbejdspladsens organisering, arbejdsprocesser og leverancer.Beskrive og forklare løsningen af en eller flere hovedopgaver, som den studerende er blevet stillet under forløbet.Forklare og diskutere den idrætsfaglige viden og de færdigheder, som den studerende har anvendt ved løsning af en eller flere opgaver.Planlægge, lede eller gennemføre virkelighedsnære og praktiske projekter med afsæt i den studerendes videnskabeligt funderede faglighed.Anvende idrætsfaglig viden på kendte eller nye problemstillinger på individ-, gruppe- eller samfundsniveau.Reflektere over egne beslutningsprocesser og kritisk bedømme og evaluere de vilkår, hvor under de stillede opgaver er blevet løst.Selvstændigt reflektere over udvikling af egen professionelle rolle i projektforløbet. | Q31: Ordinær, Udveksling | T31: Kristian Raun Thomsen | U31: 275643 | V31: thomsen@ph.au.dk | X31: I undervisningen fokuseres der på aktuelle arbejdsmarkedsvilkår og samfundsforhold i relation til projektorienteret arbejde og professionsudøvelse. Relevante metoder og udvalgte teorier i tilknytning hertil vil blive præsenteret ved kursusstart. Betingelser for at praktikopholdet kan forhåndsgodkendes: At der er en ekstern vejleder fra praktikstedet og en intern vejleder tilknyttet idrætsuddannelsen ved Institut for folkesundhedAt der er tale om et formaliseret, men ulønnet ansættelsesforhold.At praktikopholdet er af minimum 8 ugers varighed (37 timer/uge i snit).At arbejdsopgaverne har en idrætsfaglig relevans og et kandidatfagligt niveau.At den studerende tilbydes et opholdssted på arbejdspladsen, f.eks. en kontorplads. Det er ikke muligt at afvikle projektforløbet som gymnasielærer i gymnasieskoleregi. Læs mere herom på studieportalen: http://studerende.au.dk/studier/fagportaler/sport/undervisning-og-eksamen/kandidat/erhvervsrettet-projektforloeb-i-idraet/ | Y31: Kristian Raun Thomsen | AA31: Pensum og anbefalet litteratur oplyses ved kursusstart Desuden inddrages relevant selvvalgt litteratur | AC31: Kurset kan ikke tages, hvis den studerende har gennemført kurset Erhvervsrettet projektforløb i Idræt på 15 ECTS eller lignende kurser, hvor der indgår praktik. Gælder ikke ’Praktik som gymnasielærer'. Kurset bygger videre på uddannelsen kernefaglige elementer og rettes mod konkrete og virkelighedsnære problemstillinger. | AD31: ﻿﻿Ud over introseminar, forelæsninger, holdundervisning, posterseminar, selvstudium, vejledning og eksamen består kurset af et praktikophold på minimum 8 uger fordelt over semesteret. Det er muligt at tilrettelægge opholdet, så det strækker sig over en længere tidsperiode end 8 uger. En fuldtids arbejdsuge svarer til 37 timer. Praktikkens placering aftales som udgangspunkt mellem praktikvejleder og den studerende. Den samlede arbejdsbelastning på kurset skal have et omfang svarende til 500 arbejdstimer. Kurset indledes med et seminar (modul 1), der omfatter studenteroplæg fra forrige semesters erhvervsrettede projektforløb samt grundlæggende kursusinformation. Kurset består af i alt 6 moduler, hvoraf 5. modul er obligatorisk: Modul 1: Er placeret før semesterstart – Her gives der en introduktion til kurset, kriterier for praktikplads, forventningsafstemning samt indblik i forskellige typer af erhvervsrettede projektforløb. Modul 2 og 3: Er skemalagt i første undervisningsuge i semesteret. Her er der forelæsninger og refleksionsøvelser med fokus på teori og metode samt præsentation af praktiksteder og portfolio. Modul 4: Er skemalagt ca. 5 uger inde i semesteret. Her er der fokus på koblinger mellem teori og konkrete arbejdsopgaver i praktikken. Der vil være forelæsning, studenteroplæg, øvelser og erfaringsudveksling. Modul 5: Obligatorisk posterseminar. Skemalagt i slutningen af semesteret. Alle studerende præsenterer en poster med efterfølgende spørgsmål fra medstuderende og underviser. Modul 6: Vejledning på synopsis samt kursusevaluering. Skemalagt sidst i semesteret. Dette modul leder op til den mundtlige eksamen, der tager afsæt i en synopsis og portfolio. | AE31: 24 lektioner fordelt udover 6 moduler på hele semesteret | AF31: Aarhus | AI31: Studienævnet for Idræt | AJ31: Kandidatuddannelsen i idrætsvidenskab, Kandidattilvalget i idrætsvidenskab | AK31: 1 | AL31: Bunden hjemmeopgave + Bunden mundtlig prøve | AM31: Kombineret skriftlig og mundtlig prøve: Bunden hjemmeopgave (individuel): Der skal udarbejdes en synopses med afsæt i stillede spørgsmål. Omfang: maksimalt 5 normalsider. Varighed: Spørgsmålene bliver frigivet i Brightspace i starten af semesteret og besvarelsen afleveres i eksamenssystemet ved afslutning af semesteret. Se eksamensplanen for afleveringsfrist. Sammen med synopsen afleveres en portfolio. Rammer og kriterier for portfolio beskrives i første undervisningsuge. Mundtlig prøve: Individuel mundtlig eksamination i 30 minutter inkl. votering. Den mundtlige eksamen tager afsæt i synopsen. Bedømmelsesgrundlag: Den skriftlige opgavebesvarelse vil indgå i bedømmelsen, idet der foretages en helhedsvurdering af den skriftlige og mundtlige præstation. Reeksamen samme som ordinær | AN31: Forudsætning for at deltage i kurset er at der er indgået en aftale med et praktiksted, godkendt af kursusansvarlig, senest ved kursusstart. Forudsætning for at blive indstillet til eksamen er opfyldelse af følgende krav: Den studerende skal have godkendt et dokumentationsbrev efter endt praktikforløb. Den studerende skal derudover deltage aktivt i et posterseminar, herunder bestå en posterpræsentation. Opfyldes ovenstående krav ikke, bruger den studerende et prøveforsøg. Får den studerende ikke godkendt kravet om godkendt dokumentationsskema, kan kravet opfyldes ved fornyet undervisningstilmelding. Får den studerende ikke godkendt sin deltagelse i posterseminaret, kan kravet opfyldes på følgende måde: Forud for reeksamen præsenterer den studerende et poster for underviser og minimum to medstuderende fra kurset. Den studerende har ansvar for at finde og indkalde medstuderende. De vil agere opponenter og stille spørgsmål til posterpræsentationen. Tid og sted aftales med kursusansvarlig. | AO31: intern censur | AP31: bestået/ikke bestået | AQ31: 2 | AR31: Bunden hjemmeopgave(A),Bunden mundtlig prøve(B) | AS31: Hjemmeopgave (Assign)(A),Mundtlig(B) | AT31: (A),(B) | AU31: (A),30 minutter(B) | AV31: Alle(A),Alle(B) | AX31: https://kursuskatalog-admin.au.dk/da/course/137629/
A32: 140989 | B32: 345202U010 | C32: 345202E013 | D32: Erhvervsrettet projektforløb i Idræt | E32: 15 | F32: 15 ECTS | G32: Institut for Folkesundhed | H32: Health.studadm@au.dk | I32: Kandidatuddannelsen i idrætsvidenskab | J32: Health | K32: Kandidat | L32: Forelæsning, Holdundervisning, Praktisk, Selvstudium, Vejledning | M32: Efterårssemester | N32: 2026 | O32: Efterår | P32: Formål Formålet med det erhvervsrettede projektforløb er at give den studerende indsigt i arbejdsopgaver og arbejdsbetingelser på arbejdspladser, der er relevante for kandidater i idræt. Formålet er desuden at give den studerende mulighed for at afprøve sin idrætsfaglige viden og sine færdigheder og kompetencer i en jobsituation, som ligner den, der tilbydes nyuddannede kandidater i idræt. Funktionerne, der bestrides under projektforløbet, skal være på akademisk niveau. Læringsmål Ved bedømmelse af den studerendes præstation lægges vægt på, i hvor høj grad den studerende kan: Beskrive den pågældende arbejdsplads samt den studerendes opgaver i projektforløbet.Redegøre for arbejdspladsens organisering, arbejdsprocesser og leverancer.Beskrive og forklare løsningen af en eller flere hovedopgaver, som den studerende er blevet stillet under forløbet.Forklare og diskutere den idrætsfaglige viden og de færdigheder, som den studerende har anvendt ved løsning af en eller flere opgaver.Planlægge, lede eller gennemføre virkelighedsnære og praktiske projekter med afsæt i den studerendes videnskabeligt funderede faglighed.Anvende idrætsfaglig viden på kendte eller nye problemstillinger på individ-, gruppe- eller samfundsniveau.Reflektere over egne beslutningsprocesser og kritisk bedømme og evaluere de vilkår, hvor under de stillede opgaver er blevet løst.Selvstændigt reflektere over udvikling af egen professionelle rolle i projektforløbet. | Q32: Ordinær, Udveksling | T32: Kristian Raun Thomsen | U32: 275643 | V32: thomsen@ph.au.dk | X32: I undervisningen fokuseres der på aktuelle arbejdsmarkedsvilkår og samfundsforhold i relation til projektorienteret arbejde og professionsudøvelse. Relevante metoder og udvalgte teorier i tilknytning hertil vil blive præsenteret ved kursusstart. Betingelser for at praktikopholdet kan forhåndsgodkendes: At der er en ekstern vejleder fra praktikstedet og en intern vejleder tilknyttet idrætsuddannelsen ved Institut for folkesundhedAt der er tale om et formaliseret, men ulønnet ansættelsesforhold.At praktikopholdet er af minimum 5 ugers varighed (37 timer/uge i snit).At arbejdsopgaverne har en idrætsfaglig relevans og et kandidatfagligt niveau.At den studerende tilbydes et opholdssted på arbejdspladsen, f.eks. en kontorplads. Det er ikke muligt at afvikle projektforløbet som gymnasielærer i gymnasieskoleregi. Læs mere herom på studieportalen: http://studerende.au.dk/studier/fagportaler/sport/undervisning-og-eksamen/kandidat/erhvervsrettet-projektforloeb-i-idraet/ | Y32: Kristian Raun Thomsen | AA32: Pensum og anbefalet litteratur oplyses ved kursusstart Desuden inddrages relevant selvvalgt litteratur | AC32: Kurset kan ikke tages, hvis den studerende har gennemført kurset Erhvervsrettet projektforløb i Idræt på 20 ECTS eller lignende kurser, hvor der indgår praktik. Gælder ikke ’Praktik som gymnasielærer'. Kurset bygger videre på uddannelsen kernefaglige elementer og rettes mod konkrete og virkelighedsnære problemstillinger. | AD32: Ud over introseminar, forelæsninger, holdundervisning, posterseminar, selvstudium, vejledning og eksamen består kurset af et praktikophold på minimum 5 uger fordelt over semesteret. Det er muligt at tilrettelægge opholdet, så det strækker sig over en længere tidsperiode end 5 uger. En fuldtids arbejdsuge svarer til 37 timer. Praktikkens placering aftales som udgangspunkt mellem praktikvejleder og den studerende. Den samlede arbejdsbelastning på kurset skal have et omfang svarende til 375 arbejdstimer. Kurset indledes med et seminar (modul 1), der omfatter studenteroplæg fra forrige semesters erhvervsrettede projektforløb samt grundlæggende kursusinformation. Kurset består af i alt 6 moduler, hvoraf 5. modul er obligatorisk: Modul 1: Er placeret før semesterstart – Her gives der en introduktion til kurset, kriterier for praktikplads, forventningsafstemning samt indblik i forskellige typer af erhvervsrettede projektforløb. Modul 2 og 3: Er skemalagt i første undervisningsuge i semesteret. Her er der forelæsninger og refleksionsøvelser med fokus på teori og metode samt præsentation af praktiksteder og portfolio Modul 4: Er skemalagt ca. 5 uger inde i semesteret. Her er der fokus på koblinger mellem teori og konkrete arbejdsopgaver i praktikken. Der vil være forelæsning, studenteroplæg, øvelser og erfaringsudveksling. Modul 5: Obligatorisk posterseminar. Skemalagt i slutningen af semesteret. Alle studerende præsenterer en poster med efterfølgende spørgsmål fra medstuderende og underviser. Modul 6: Vejledning på synopsis samt kursusevaluering. Skemalagt sidst i semesteret. Dette modul leder op til den mundtlige eksamen, der tager afsæt i en synopsis og portfolio | AE32: 24 lektioner fordelt udover 6 moduler på hele semesteret | AF32: Aarhus | AI32: Studienævnet for Idræt | AJ32: Kandidatuddannelsen i idrætsvidenskab, Kandidattilvalget i idrætsvidenskab | AK32: 1 | AL32: Fri hjemmeopgave + Bunden mundtlig prøve | AM32: Kombineret skriflig og mundtlig prøve: Skriftlig: Individuel skriftlig synopsis på maksimalt 6 normalsider afleveres senest en uge før mundtlig eksamen.Portfolio skal indleveres sammen med synopsen i digital eksamen forud for den mundtlige eksamen Mundtlig: Individuel mundtlig eksamination i 30 minutter inkl. votering. Den mundtlige eksamen tager afsæt i synopsen. Bedømmelsesgrundlag: Den skriftlige opgavebesvarelse vil indgå i bedømmelsen, idet der foretages en helhedsvurdering af den skriftlige og mundtlige præstation. Indstillingsbetingelser som beskrevet under forudsætninger skal være opnået før ordinær eksamen såvel som reeksamen. Reeksamen er samme som ordinær. Denne prøveform udfases og udbydes kun for studerende tilmeldt kurset efterået 2024 og tidligere. Prøveformen udbydes indtil denne gruppe af studerende enten består kurset eller har haft tre prøvemuligheder. Sidste udbud er ved ordinær eksamen sommertermin 2025. | AN32: Forudsætning for at deltage i kurset er at der er indgået en aftale med et praktiksted, godkendt af kursusansvarlig, senest ved kursusstart Den studerende skal have godkendt et dokumentationsskema efter endt praktikforløb. Godkendes dette ikke, kan den studerende ikke færdiggøre kurset. Den studerende skal i så fald holdsættes på ny. Den studerende skal derudover deltage aktivt i et posterseminar, herunder bestå en posterpræsentation. Deltager den studerende ikke i seminaret, bruges et prøveforøsg. Forud for reeksamen deltager den studerende i et nyt posterseminar. Den studerende er til dette seminar ansvarlig for at finde to medstuderende fra kurset, der sammen med underviser vil agere opponenter og stille spørgsmål til posterpræsentationen. Tid og sted aftales med kursusansvarlig | AO32: intern censur | AP32: bestået/ikke bestået | AQ32: 2 | AR32: Fri hjemmeopgave(A),Bunden mundtlig prøve(B) | AS32: Hjemmeopgave (Assign)(A),Mundtlig(B) | AT32: (A),(B) | AU32: (A),30 minutter(B) | AV32: Alle(A),Alle(B) | AX32: https://kursuskatalog-admin.au.dk/da/course/140989/
A33: 140990 | B33: 345202U011 | C33: 345202E012 | D33: Erhvervsrettet projektforløb i Idræt | E33: 20 | F33: 20 ECTS | G33: Institut for Folkesundhed | H33: Health.studadm@au.dk | I33: Kandidatuddannelsen i idrætsvidenskab | J33: Health | K33: Kandidat | L33: Forelæsning, Holdundervisning, Praktisk, Selvstudium, Vejledning | M33: Efterårssemester | N33: 2026 | O33: Efterår | P33: Formål Formålet med det erhvervsrettede projektforløb er at give den studerende indsigt i arbejdsopgaver og arbejdsbetingelser på arbejdspladser, der er relevante for kandidater i idræt. Formålet er desuden at give den studerende mulighed for at afprøve sin idrætsfaglige viden og sine færdigheder og kompetencer i en jobsituation, som ligner den, der tilbydes nyuddannede kandidater i idræt. Funktionerne, der bestrides under projektforløbet, skal være på akademisk niveau. Læringsmål Ved bedømmelse af den studerendes præstation lægges vægt på, i hvor høj grad den studerende kan: Beskrive den pågældende arbejdsplads samt den studerendes opgaver i projektforløbet.Redegøre for arbejdspladsens organisering, arbejdsprocesser og leverancer.Beskrive og forklare løsningen af en eller flere hovedopgaver, som den studerende er blevet stillet under forløbet.Forklare og diskutere den idrætsfaglige viden og de færdigheder, som den studerende har anvendt ved løsning af en eller flere opgaver.Planlægge, lede eller gennemføre virkelighedsnære og praktiske projekter med afsæt i den studerendes videnskabeligt funderede faglighed.Anvende idrætsfaglig viden på kendte eller nye problemstillinger på individ-, gruppe- eller samfundsniveau.Reflektere over egne beslutningsprocesser og kritisk bedømme og evaluere de vilkår, hvor under de stillede opgaver er blevet løst.Selvstændigt reflektere over udvikling af egen professionelle rolle i projektforløbet. | Q33: Ordinær, Udveksling | T33: Kristian Raun Thomsen | U33: 275643 | V33: thomsen@ph.au.dk | X33: I undervisningen fokuseres der på aktuelle arbejdsmarkedsvilkår og samfundsforhold i relation til projektorienteret arbejde og professionsudøvelse. Relevante metoder og udvalgte teorier i tilknytning hertil vil blive præsenteret ved kursusstart. Betingelser for at praktikopholdet kan forhåndsgodkendes: At der er en ekstern vejleder fra praktikstedet og en intern vejleder tilknyttet idrætsuddannelsen ved Institut for folkesundhedAt der er tale om et formaliseret, men ulønnet ansættelsesforhold.At praktikopholdet er af minimum 8 ugers varighed (37 timer/uge i snit).At arbejdsopgaverne har en idrætsfaglig relevans og et kandidatfagligt niveau.At den studerende tilbydes et opholdssted på arbejdspladsen, f.eks. en kontorplads. Det er ikke muligt at afvikle projektforløbet som gymnasielærer i gymnasieskoleregi. Læs mere herom på studieportalen: http://studerende.au.dk/studier/fagportaler/sport/undervisning-og-eksamen/kandidat/erhvervsrettet-projektforloeb-i-idraet/ | Y33: Kristian Raun Thomsen | AA33: Pensum og anbefalet litteratur oplyses ved kursusstart Desuden inddrages relevant selvvalgt litteratur | AC33: Kurset kan ikke tages, hvis den studerende har gennemført kurset Erhvervsrettet projektforløb i Idræt på 15 ECTS eller lignende kurser, hvor der indgår praktik. Gælder ikke ’Praktik som gymnasielærer'. Kurset bygger videre på uddannelsen kernefaglige elementer og rettes mod konkrete og virkelighedsnære problemstillinger. | AD33: ﻿﻿Ud over introseminar, forelæsninger, holdundervisning, posterseminar, selvstudium, vejledning og eksamen består kurset af et praktikophold på minimum 8 uger fordelt over semesteret. Det er muligt at tilrettelægge opholdet, så det strækker sig over en længere tidsperiode end 8 uger. En fuldtids arbejdsuge svarer til 37 timer. Praktikkens placering aftales som udgangspunkt mellem praktikvejleder og den studerende. Den samlede arbejdsbelastning på kurset skal have et omfang svarende til 500 arbejdstimer. Kurset indledes med et seminar (modul 1), der omfatter studenteroplæg fra forrige semesters erhvervsrettede projektforløb samt grundlæggende kursusinformation. Kurset består af i alt 6 moduler, hvoraf 5. modul er obligatorisk: Modul 1: Er placeret før semesterstart – Her gives der en introduktion til kurset, kriterier for praktikplads, forventningsafstemning samt indblik i forskellige typer af erhvervsrettede projektforløb. Modul 2 og 3: Er skemalagt i første undervisningsuge i semesteret. Her er der forelæsninger og refleksionsøvelser med fokus på teori og metode samt præsentation af praktiksteder og portfolio. Modul 4: Er skemalagt ca. 5 uger inde i semesteret. Her er der fokus på koblinger mellem teori og konkrete arbejdsopgaver i praktikken. Der vil være forelæsning, studenteroplæg, øvelser og erfaringsudveksling. Modul 5: Obligatorisk posterseminar. Skemalagt i slutningen af semesteret. Alle studerende præsenterer en poster med efterfølgende spørgsmål fra medstuderende og underviser. Modul 6: Vejledning på synopsis samt kursusevaluering. Skemalagt sidst i semesteret. Dette modul leder op til den mundtlige eksamen, der tager afsæt i en synopsis og portfolio. | AE33: 24 lektioner fordelt udover 6 moduler på hele semesteret | AF33: Aarhus | AI33: Studienævnet for Idræt | AJ33: Kandidatuddannelsen i idrætsvidenskab, Kandidattilvalget i idrætsvidenskab | AK33: 1 | AL33: Fri hjemmeopgave + Bunden mundtlig prøve | AM33: Kombineret skriftlig og mundtlig prøve: Skrifltig prøve: Individuel skriftlig synopsis på maksimalt 6 normalsider afleveres senest en uge før mundtlig eksamen. Portfolio skal indleveres sammen med synopsen i digital eksamen forud for den mundtlige eksamen. Mundtlig prøve: Individuel mundtlig eksamination i 30 minutter inkl. votering. Den mundtlige eksamen tager afsæt i synopsen. Bedømmelsesgrundlag: Den skriftlige opgavebesvarelse vil indgå i bedømmelsen, idet der foretages en helhedsvurdering af den skriftlige og mundtlige præstation. Indstillingsbetingelserne som beskrevet i Forudsætninger skal være opnået inden ordinær såvel som reeksamen. Reeksamen samme som ordinær | AN33: Forudsætning for at deltage i kurset er at der er indgået en aftale med et praktiksted, godkendt af kursusansvarlig, senest ved kursusstart Den studerende skal have godkendt et dokumentationsskema efter endt praktikforløb. Godkendes dette ikke, kan den studerende ikke færdiggøre kurset. Den studerende skal i så fald holdsættes på ny. Den studerende skal derudover deltage aktivt i et posterseminar, herunder bestå en posterpræsentation. Deltager den studerende ikke i seminaret, bruges der et prøveforsøg. Forud for reeksamen deltager den studerende i et nyt posterseminar. Den studerende er til dette seminar ansvarlig for at finde to medstuderende fra kurset, der sammen med underviser vil agere opponenter og stille spørgsmål til posterpræsentationen. Tid og sted aftales med kursusansvarlig. | AO33: intern censur | AP33: bestået/ikke bestået | AQ33: 2 | AR33: Fri hjemmeopgave(A),Bunden mundtlig prøve(B) | AS33: Hjemmeopgave (Assign)(A),Mundtlig(B) | AT33: (A),(B) | AU33: (A),30 minutter(B) | AV33: Alle(A),Alle(B) | AX33: https://kursuskatalog-admin.au.dk/da/course/140990/
A34: 140991 | B34: 341222U005 | C34: 341202E033 | D34: Evalueringsteorier- og metoder | E34: 5 | F34: 5 ECTS | G34: Institut for Folkesundhed | H34: Health.studadm@au.dk | I34: Den sundhedsfaglige kandidatuddannelse | J34: Health | K34: Kandidat | L34: Forelæsning, Holdundervisning | M34: Efterårssemester | N34: 2026 | O34: Efterår | P34: Formål Valgfaget bygger videre på de studerendes kompetencer til at forholde sig kritisk og analytisk til sundhedsvidenskabelige problemstillinger. Formålet med kurset er, at de studerende opnår videregående kompetencer til at anvende og kritisk vurdere teorier og metoder i forhold til sundhedsvidenskabelige problemstillinger. Valgfagene giver de studerende mulighed for at integrere deres sundhedsvidenskabelige fagligheder med andre perspektiver. Ved afslutning af kurset skal den studerende kunne: Redegøre for og kritisk diskutere udvalgte teorier og/eller metoder anvendt inden for sundhedsvidenskabelige forskningAnvende disse teorier og/eller metoder til at belyse problemstillinger og/eller empirisk materialeVurdere disse teoriers og/eller metoders anvendelighed (forudsætninger, begrænsninger og styrker) i en sundhedsfaglig sammenhæng | Q34: Tomplads, Ordinær, Udveksling | T34: Susanne Friis Søndergård | U34: 506074 | V34: sfso@ph.au.dk | X34: Kurset giver en indføring i centrale begreber, teorier, metoder og modeller inden for evalueringsforskning. Kurset er struktureret efter fire centrale evalueringsbølger, som alle anvendes i dag. Samtidig afspejler de fire bølger den historiske udvikling af evalueringsforskning inden for samfunds- og sundhedsvidenskaberne fra omkring 1960 og frem til i dag. De udvalgte teorier/metoder/modeller er: Effektevaluering,Procesevaluering,Responsiv evaluering/interessent evalueringRealistisk evaluering. Der arbejdes med evaluering som en systematisk undersøgelsesmetode. I undervisningen vil der blive lagt vægt på de enkelte evalueringsteoriers centrale begreber, videnskabsteoretiske position, styrker/svagheder, samt hvordan den anvendes i en sundhedsvidenskabelig kontekst. Konkrete eksempler i form af empiriske undersøgelser vil indgå som tilknyttede cases til alle kursets indholdselementer. | AB34: 25 | AD34: Der arbejdes med evaluering som en systematisk undersøgelsesmetode. I undervisningen vil der blive lagt vægt på de enkelte evalueringsteoriers centrale begreber, videnskabsteoretiske position, styrker/svagheder, samt hvordan den anvendes i en sundhedsvidenskabelig kontekst. Konkrete eksempler i form af empiriske undersøgelser vil indgå som tilknyttede cases til alle kursets indholdselementer. Undervisningen i de enkelte evalueringsteorier er bygget op omkring en formel teoretisk indføring i begreber, videnskabsteoretisk grundlag og metoder kombineret med eksempler på empiriske studier og/eller underviserens erfaringer med den aktuelle type af evalueringsmetodologi/metode/model Undervisningen er tænkt med høj grad af studenteraktivitet (deltagelse) i form af mindre refleksionsøvelser i tilknytning til de enkelte evalueringsteorier og -modeller. Refleksionsøvelserne skal bidrage til at skabe sammenhæng mellem kursets teorifundament, den studerendes egne erfaringer og konkrete kontekster fra en sundhedsfagligpraksis. Desuden giver den afsluttende obligatoriske opgave de studerende mulighed for at arbejde mere i dybden med i en af de præsenterede teorier. Teknologisk hjælpemiddel, som for eksempel Mentimeter, vil danne grundlag for en eksemplarisk bruge af evaluering som metode under battlen – dvs. en evaluering som alle de studerende i situationen vil deltage i. Derved vil teknologien både understøtte studenteraktivitet og fungere som et eksempel på en type af evaluering in situ. | AF34: Aarhus | AI34: Studienævnet for Sundhedsvidenskab | AJ34: Kandidatuddannelsen i sygepleje, Kandidatuddannelsen i optometri og synsvidenskab | AK34: 1 | AL34: Undervisningsdeltagelse | AM34: Den obligatoriske opgave udarbejdes i grupper og består af: Et skriftligt produkt i form af en E-poster En mundtlig præsentation af E-posteren, hvor de studerende med et kritisk reflekterende afsæt skal præsentere centrale elementer fra den udvalgte evaluerings teori, -metode eller -model. Præsentationen efterfølges af en akademisk battle med de øvrige studerende på holdet, hvor fokus er på akademisk argumentation. Beskrivelse af indholdet i/kravet til den obligatoriske opgave: Gruppens medlemmer skal bidrage ligeligt til: udarbejdelsens af en disposition, hvor af det fremgår, hvem der er ansvarlig for, hvilke opgaver i forbindelse med den obligatoriske opgave fremdrift i processen i udarbejdelse af E-posteren og planlægningen af præsentationen udarbejdelse af det skriftlige produkt og præsentationen argumentation for styrker og svagheder under den akademiske battle ReeksamenBestår den studerende ikke kurset ved aktiv undervisningsdeltagelse, skal den studerende bestå kurset ved en bunden hjemmeopgave + en mundtlig eksamen Individuel, bunden hjemmeopgave: Varighed: 7 dageOmfang: 28.800 anslag (tegn inkl. mellemrum) svarende til 12 normalsiderMundtlig eksamen:Varighed: 30 min. inkl. votering | AO34: ingen censur | AP34: bestået/ikke bestået | AQ34: 1 | AR34: Undervisningsdeltagelse | AS34: Undervisningsdeltagelse | AX34: https://kursuskatalog-admin.au.dk/da/course/140991/
A35: 137600 | B35: 345202U015 | C35: 345202E016 | D35: Fodboldvidenskab | E35: 10 | F35: 10 ECTS | G35: Institut for Folkesundhed | H35: Health.studadm@au.dk | I35: Kandidatuddannelsen i idrætsvidenskab | J35: Health | K35: Kandidat | L35: Forelæsning, Holdundervisning | M35: Forårssemester | N35: 2026 | O35: Forår | P35: Formål Formålet med kurset er, at give de studerende teoretisk og praktisk indsigt i et udsnit af emner inden for fodboldvidenskab. Faget bygger videre på de studerendes kendskab til biomekanik og arbejdsfysiologi. Kurset indeholder emner der anvendes i praksis til præstationsoptimering i fodbold, herunder taktik, teknik, fysisk præstation, alder, køn, talentidentifikation og testning. Læringsmål Ved bedømmelse af den studerendes præstation lægges vægt på, i hvor høj grad den studerende kan: Redegøre for udvalgte emner inden for fodboldvidenskaben, herunder taktik, teknik, fysisk præstation, alder, køn, talentidentifikation og testning.Redegøre for udvalgte metoder der anvendes til måling, analyse og testning i fodbold.Anvende udvalgte metoder til fodboldrelevante målinger, analyser og tests i fodbold.Analysere forskellige typer af fodboldrelevante data.Diskutere forskellige typer af data og deres relevans i fodbold i forhold til den videnskabelige litteratur på området.Selvstændigt tilrettelægge relevante analyser og tests i fodbold i forhold til forskellige populationer. | Q35: Ordinær, Udveksling | T35: Thomas Bull Andersen | U35: 132707 | V35: tbull@ph.au.dk | X35: Emnerne, der behandles i kurset, er biomekaniske undersøgelser, fysiologiske match analyser, notationsanalyser/taktiske match analyser, børn og unge, kønsforskelle, talentidentifikation samt testning. Kurset vil således have en tværfaglig natur, dog med hovedvægt på en naturvidenskabelig tilgang. I løbet af kurset vil de studerende skulle arbejde ud fra original litteratur. En stor del af kurset vil indeholde ekskursioner, dataindsamling og udarbejdelse af rapporter. Ekskursionerne vil i nogen grad foregå aften/weekend. Undervisningen tilrettelægges så den til hvert emne indeholder forelæsning eller studenterfremlæggelser, dataindsamling og udarbejdelse af en mindre rapport. | Y35: Thomas Bull Andersen | AC35: Kurset forudsætter kendskab til fodbold/boldspil, biomekanik, statistik, arbejdsfysiologi. Desuden vil det være en fordel (men ikke et krav) med kendskab til numerisk biomekanik. | AD35: Kurset tilrettelægges, så hvert emne vil blive behandlet i løbet af en to-ugers periode. I løbet af en sådan periode vil de studerende læse og diskutere relevant litteratur, deltage i dataindsamling (enten i egne lokaler, eller som led i en ekskursion), lave databehandling samt udarbejde en rapport i en mindre gruppe. Ekskursionerne vil typisk gå til fodboldanlæg eller testfaciliteter i det øst/midtjyske område. | AE35: I gennemsnit 3 timer per uge i 14 uger. Derudover ekskursioner og dataindsamling. | AF35: Aarhus | AI35: Studienævnet for Idræt | AJ35: Kandidatuddannelsen i idrætsvidenskab, Kandidattilvalget i idrætsvidenskab | AK35: 1 | AL35: Bunden mundtlig prøve | AM35: Individuel forberedelse i 30 minutter, herefter individuel mundtlig eksamination i 30 minutter inkl. votering Anviste hjælpemidler: alle hjælpemidler undtagen internet og værktøjer baseret på Generative Artificial Intelligence (GAI) Bedømmelsesgrundlag: Bedømmelsen sker på baggrund af en helhedsvurdering af den skriftlige opgave og den mundtlige eksamination Reeksamen er samme som ordinær | AN35: Indstillingsbetingelse til eksamen består af aflevering og godkendelse af 6 rapporter gennem undervisningsforløbet. Hvis rapporterne ikke afleveres inden for undervisningen bruges et prøveforsøg. Indstillingsbetingelse til reeksamen består af individuelle tilrettelagte kompensationsrapporter/opgaver, der modsvarer de 6 rapporter. Fiktive datasæt vil kunne fås ved henvendelse til underviser. | AO35: intern censur | AP35: 7-trinsskala | AQ35: 1 | AR35: Bunden mundtlig prøve | AS35: Mundtlig | AT35: 30 minutter | AU35: 30 minutter | AV35: Anviste | AX35: https://kursuskatalog-admin.au.dk/da/course/137600/
A36: 137540 | B36: 311191U007 | C36: 311201E015 | D36: Folkesundhed | E36: 10 | F36: 10 ECTS | G36: Institut for Folkesundhed | H36: Health.studadm@au.dk | I36: Bacheloruddannelsen i medicin | J36: Health | K36: Bachelor | L36: Forelæsning, Holdundervisning, Selvstudium, Vejledning | M36: Forårssemester | N36: 2026 | O36: Forår | P36: I kurset lægges der vægt på, at de studerende får indblik i sundhed på populationsniveau og deres sundhedsfaglige rolle i dette perspektiv. Det forventes, at de studerende opnår forståelse af de overordnede begreber af betydning for Folkesundheden. Formålet med kurset er også, at de studerende lærer at analysere, vurdere, fortolke og formidle betydningen af specifikke faktorer for folkesundheden, samt at perspektivere og diskutere folkesundhedsrelevante problemstillinger. Læringsmål: Den studerende skal kunne: Nævne og gengive hvad der karakteriserer folkesundhed i et nutidigt og historisk perspektiv og identificere, hvordan man arbejder med folkesundhed i praksis.Beskrive folkesundhed i et livsforløbs perspektiv med udgangspunkt i WHO´s brede sundhedsbegreb.Beskrive internationale og nationale strategier for folkesundhed, herunder FN´s 17 mål for bæredygtig udvikling (Sustainable Development Goals) og WHO´s mål for sundhed.Beskrive overordnede faktorer af betydning for folkesundheden, herunder den politiske og samfundsmæssige ramme, opbygning og kvalitet af sundhedssystemet, livsstilsfaktorer, sundhedsadfærd, livsomstændigheder, miljøfaktorer, arbejdsmiljø og arbejdsliv.Beskrive patientens vej gennem sundhedsvæsenet, herunder den praktiserende læges rolle samt det sammenhængende patientforløb.Redegøre for samfundsmæssige konsekvenser af udvalgte folkesygdomme i Danmark og internationalt.Beskrive, anvende og sammenligne sundhedsfremme- og forebyggelsesbegreber (herunder primær, sekundær og tertiær forebyggelse).Redegøre for og sammenligne epidemiologiske designs til monitorering og intervention, samt nævne og vurdere udvalgte folkesundhedsprogrammer.Beskrive, anvende og sammenfatte de enkelte trin i en risikovurdering af en miljøfaktor eller en livsstilsfaktor, herunder fare-identifikation og -karakterisering, eksponeringskarakterisering og risikokarakterisering.Opstille hypoteser inden for en folkesundhedsrelevant problemstilling, inklusiv hypoteser om faktorer og helbredsudfald af relevans for folkesundhedsområdet.Vurdere og diskutere materiale- og metodevalg i relation til en defineret folkesundhedsfaglig problemstilling.Analysere, vurdere, fortolke og formidle betydningen af specifikke faktorer for folkesundheden, samt generalisere denne analyse til lignende problemstillinger inden for folkesundhedsområdet. | Q36: Ordinær | R36: Dansk | T36: Linda Huibers | U36: 448135 | V36: huibers@ph.au.dk | X36: Kurset omhandler, hvad der forstås ved folkesundhed, hvordan folkesundheden monitoreres, og hvordan man kan forbedre folkesundheden. Undervisningen er opdelt i tre søjler; Promotion, Protection og Prevention. Promotion handler om at fremme folkesundheden.Protection handler om at fjerne farlige eksponeringer.Prevention handler om at beskytte mod sygdomsopståen. Hver søjle består af en række forelæsninger, to-tre holdundervisninger og en porteføljeopgave. Porteføljeopgaverne skal afleveres løbende, hvorefter der gives peer-to-peer feedback til medstuderende. Faget afsluttes med en 24 timers eksamen og individuel mundtlig prøve. | Z36: 6. semester | AC36: Færdigheder i epidemiologisk og biostatistisk metode, færdigheder i problemformulering samt træning i systematisk materialesøgning og kritisk vurdering af anvendt materiale. | AD36: Holdundervisning: De studerende fordeles på 5-6 hold. Der er planlagt 7 holdundervisninger. Holdundervisningen forberedes før fremmøde. Varighed er 2 timer per holdundervisning. Porteføljeopgaver: hver søjle afsluttes med en porteføljeopgave, hvor de studerende laver en opgave i grupper af op til 6 studerende, med fokus på faglig diskussion. Opgaven udformes på dansk og afleveres løbende online (se deadlines i Brightspace). Omfanget af porteføljeopgaven er minimum 2 sider (4.800 tegn inkl. mellemrum) og maksimum 5 sider (12.000 tegn inkl. mellemrum). Peer-to-peer feedback: porteføljeopgaverne fordeles tilfældigt til andre grupper, som skal give peer-to-peer feedback. Feedback laves i grupper og afleveres online. | AE36: Der vil være undervisning (både in-classs og out-of class) i de første 5 semesteruger. I den 5. semesteruge vil de studerende blive fordelt på en af de tre søjler, hvorefter de har 24 timer til at aflevere 10 slides inden for den sølje, som de primært skal eksamineres i. Eksamen vil ligge i den 6. semesteruge. | AF36: Aarhus | AI36: Studienævnet for Medicin | AK36: 1 | AL36: Bunden hjemmeopgave + Mundtlig | AM36: 24-timers eksamen: de studerende modtager eksamensspørgsmål, læsemateriale (2-4 artikler), samt et tilfældigt udtrukket emne (enten Promotion eller Protection eller Prevention). De studerende skal individuelt forberede en præsentation af spørgsmålsbesvarelsen med inddragelse af artiklerne og perspektivering til det aktuelle emne . Præsentationen skal kunne perspektiveres til det udtrukne emne. Præsentationen skal bestå af maks. 10 slides, alt inklusive, som uploades til eksamenssystemet senest 24 timer efter udlevering af opgaven. Mundtlige eksamen: Eksaminator åbner den uploadede præsentation, og den studerende laver en fremlæggelse på maks. 10 minutter, hvorefter den studerende eksamineres i yderlige 15 minutter (inkl. votering). Alternativ prøveform (reeksamen) Reeksamen er samme som ordinær eksamen; en 24-timers eksamensforberedelse, der afsluttes med en individuel mundtlig prøve. Deltager den studerende i reeksamen via den alternative indstillingsbetingelse, skal denne individuelt forberede en præsentation af spørgsmålsbesvarelsen med inddragelse af artiklerne og perspektivering til det aktuelle emne Præsentationen skal primært kunne perspektiveres til det udtrukne emne. | AN36: For at kunne indstilles til eksamen skal alle studerende løbende have afleveret alle tre porteføljeopgaver (se deadlines i Brightspace). Afleveres alle tre ikke til tiden, kan den studerende ikke indstilles til eksamen, og har derved brugt et eksamensforsøg. Hvis indstillingsbetingelsen ikke er bestået vil der være mulighed for at opfylde denne ved alternativ indstillingsbetingelse inden en mulig reeksamen. Den alternative indstillingsbetingelse består af 3 opgaver (en opgave for hver sølje), som skal besvares og afleveres og godkendes inden den studerende kan gå til reeksamen. Besvarelsen må maksimalt fylde 5 sider (maksimum 12.000 tegn inkl. mellemrum). Den studerende har 3 dage til at udforme besvarelsen. Afleveres besvarelsen ikke, kan den studerende ikke indstilles til eksamen, og har derved brugt et eksamensforsøg. | AO36: ekstern censur | AP36: 7-trinsskala | AQ36: 2 | AR36: Bunden hjemmeopgave(A),(B) | AS36: Hjemmeopgave (Assign)(A),Mundtlig(B) | AT36: (A),(B) | AU36: 24 time(r)(A),25 minutter(B) | AV36: Alle(A),Alle(B) | AX36: https://kursuskatalog-admin.au.dk/da/course/137540/
A37: 140994 | B37: 311191U007 | C37: 311201E015 | D37: Folkesundhed | E37: 10 | F37: 10 ECTS | G37: Institut for Folkesundhed | H37: Health.studadm@au.dk | I37: Bacheloruddannelsen i medicin | J37: Health | K37: Bachelor | L37: Forelæsning, Holdundervisning, Selvstudium, Vejledning | M37: Efterårssemester | N37: 2026 | O37: Efterår | P37: I kurset lægges der vægt på, at de studerende får indblik i sundhed på populationsniveau og deres sundhedsfaglige rolle i dette perspektiv. Det forventes, at de studerende opnår forståelse af de overordnede begreber af betydning for Folkesundheden. Formålet med kurset er også, at de studerende lærer at analysere, vurdere, fortolke og formidle betydningen af specifikke faktorer for folkesundheden, samt at perspektivere og diskutere folkesundhedsrelevante problemstillinger. Læringsmål: Den studerende skal kunne: Nævne og gengive hvad der karakteriserer folkesundhed i et nutidigt og historisk perspektiv og identificere, hvordan man arbejder med folkesundhed i praksis.Beskrive folkesundhed i et livsforløbs perspektiv med udgangspunkt i WHO´s brede sundhedsbegreb.Beskrive internationale og nationale strategier for folkesundhed, herunder FN´s 17 mål for bæredygtig udvikling (Sustainable Development Goals) og WHO´s mål for sundhed.Beskrive overordnede faktorer af betydning for folkesundheden, herunder den politiske og samfundsmæssige ramme, opbygning og kvalitet af sundhedssystemet, livsstilsfaktorer, sundhedsadfærd, livsomstændigheder, miljøfaktorer, arbejdsmiljø og arbejdsliv.Beskrive patientens vej gennem sundhedsvæsenet, herunder den praktiserende læges rolle samt det sammenhængende patientforløb.Redegøre for samfundsmæssige konsekvenser af udvalgte folkesygdomme i Danmark og internationalt.Beskrive, anvende og sammenligne sundhedsfremme- og forebyggelsesbegreber (herunder primær, sekundær og tertiær forebyggelse).Redegøre for og sammenligne epidemiologiske designs til monitorering og intervention, samt nævne og vurdere udvalgte folkesundhedsprogrammer.Beskrive, anvende og sammenfatte de enkelte trin i en risikovurdering af en miljøfaktor eller en livsstilsfaktor, herunder fare-identifikation og -karakterisering, eksponeringskarakterisering og risikokarakterisering.Opstille hypoteser inden for en folkesundhedsrelevant problemstilling, inklusiv hypoteser om faktorer og helbredsudfald af relevans for folkesundhedsområdet.Vurdere og diskutere materiale- og metodevalg i relation til en defineret folkesundhedsfaglig problemstilling.Analysere, vurdere, fortolke og formidle betydningen af specifikke faktorer for folkesundheden, samt generalisere denne analyse til lignende problemstillinger inden for folkesundhedsområdet. | Q37: Ordinær | R37: Dansk | T37: Linda Huibers | U37: 448135 | V37: huibers@ph.au.dk | X37: Kurset omhandler, hvad der forstås ved folkesundhed, hvordan folkesundheden monitoreres, og hvordan man kan forbedre folkesundheden. Undervisningen er opdelt i tre søjler; Promotion, Protection og Prevention. Promotion handler om at fremme folkesundheden.Protection handler om at fjerne farlige eksponeringer.Prevention handler om at beskytte mod sygdomsopståen. Hver søjle består af en række forelæsninger, to-tre holdundervisninger og en porteføljeopgave. Porteføljeopgaverne skal afleveres løbende, hvorefter der gives peer-to-peer feedback til medstuderende. Faget afsluttes med en 24 timers eksamen og individuel mundtlig prøve. | Z37: 6. semester | AC37: Færdigheder i epidemiologisk og biostatistisk metode, færdigheder i problemformulering samt træning i systematisk materialesøgning og kritisk vurdering af anvendt materiale. | AD37: Holdundervisning: De studerende fordeles på 5-6 hold. Der er planlagt 7 holdundervisninger. Holdundervisningen forberedes før fremmøde. Varighed er 2 timer per holdundervisning. Porteføljeopgaver: hver søjle afsluttes med en porteføljeopgave, hvor de studerende laver en opgave i grupper af op til 6 studerende, med fokus på faglig diskussion. Opgaven udformes på dansk og afleveres løbende online (se deadlines i Brightspace). Omfanget af porteføljeopgaven er minimum 2 sider (4.800 tegn inkl. mellemrum) og maksimum 5 sider (12.000 tegn inkl. mellemrum). Peer-to-peer feedback: porteføljeopgaverne fordeles tilfældigt til andre grupper, som skal give peer-to-peer feedback. Feedback laves i grupper og afleveres online. | AE37: Der vil være undervisning (både in-classs og out-of- class) i de første 5 semesteruger. I den 5. semesteruge foregår den første del af eksamen, vil hvor de studerende har 24 timer til at aflevere 10 slides som besvarelse af eksamensopgaven. Den mundtlige del af eksamen vil ligge i den 6. semesteruge. | AF37: Aarhus | AI37: Studienævnet for Medicin | AK37: 1 | AL37: Bunden hjemmeopgave + Mundtlig | AM37: 24-timers eksamen: de studerende modtager eksamensspørgsmål og læsemateriale (2-4 artikler). De studerende skal individuelt forberede en præsentation af spørgsmålsbesvarelsen med inddragelse af artiklerne. Præsentationen skal bestå af maks. 10 slides, alt inklusive, som uploades til eksamenssystemet senest 24 timer efter udlevering af opgaven. Mundtlig eksamen: Eksaminator åbner den uploadede præsentation, og den studerende laver en fremlæggelse på maks. 10 minutter, hvorefter den studerende eksamineres i yderligere 15 minutter (inkl. votering). Reeksamen Reeksamen er samme som ordinær eksamen; en 24-timers eksamensforberedelse, der afsluttes med en individuel mundtlig prøve. | AN37: For at blive indstillet til eksamen, skal den studerende aflevere tre porteføljeopgaver inden for hver sin deadline i løbet af kurset, der dækker hele pensum (se deadlines i Brightspace). Afleveres alle tre ikke til tiden, kan den studerende ikke indstilles til eksamen, og har derved brugt et eksamensforsøg. Hvis indstillingsbetingelsen ikke er bestået vil der være mulighed for at opfylde denne ved alternativ indstillingsbetingelse inden en mulig reeksamen. Besvarelsen af relevante pensumspørgsmål skal minimum fylde 5 sider (maksimum 10 sider)- (minimum 12.000 tegn og maksimum 24.000 tegn inkl. mellemrum). Den studerende har 3 dage til at udforme besvarelsen. Afleveres besvarelsen ikke, kan den studerende ikke indstilles til eksamen, og har derved brugt et eksamensforsøg. | AO37: ekstern censur | AP37: 7-trinsskala | AQ37: 2 | AR37: Bunden hjemmeopgave(A),(B) | AS37: Hjemmeopgave (Assign)(A),Mundtlig(B) | AT37: (A),(B) | AU37: 24 time(r)(A),25 minutter(B) | AV37: Alle(A),Alle(B) | AX37: https://kursuskatalog-admin.au.dk/da/course/140994/
A38: 140995 | B38: 341181U003 | C38: 341181E002 | D38: Folkesundhed - problemstillinger og tilgange | E38: 10 | F38: 10 ECTS | G38: Institut for Folkesundhed | H38: Health.studadm@au.dk | I38: Bacheloruddannelsen i folkesundhedsvidenskab | J38: Health | K38: Bachelor | L38: Forelæsning, Holdundervisning | M38: Efterårssemester | N38: 2026 | O38: Efterår | P38: Formålet med kurset er, at den studerende indføres i faget folkesundhed og får kendskab til at arbejde videnskabeligt og tværdisciplinært med folkesundhedsproblemstillinger samt at den studerende kan redegøre for, hvordan specifikke folkesundhedsproblemer påvirkes af biologiske, kulturelle, sociale, miljømæssige, organisatoriske, økonomiske og politiske forhold. Den studerende skal have kendskab til: udvalgte tilgange, informationer og metoder, der benyttes inden for folkesundhedsvindeskab, herunder have kendskab til - forskelle i humanistiske, sundhedsvidenskabelige og samfundsfaglige perspektiver - kvalitative og kvantitative informationer og metoderden overordnede organisering af samt økonomi i sundhedsvæsenet i Danmark og udvalgte andre lande Den studerende skal kunne: foretage en struktureret præsentation af en problemstilling inden for folkesundheddefinere og anvende de vigtigste sundheds- og forebyggelsesbegreber herunder kunne identificere forskelle i udvalgte humanistiske, sundhedsvidenskabelige og samfundsfaglige tilgange, informationer og metoder, der benyttes inden for folkesundhedsvidenskabargumentere for metodevalg i relation til definerede problemstillingerforetage søgninger i udvalgte databaser | Q38: Ordinær | R38: Dansk | T38: Cecilie Nørby Lyhne | U38: 259208 | V38: cnth@ph.au.dk | Y38: Cecilie Nørby Lyhne (cnth@ph.au.dk) | AD38: Arbejdsbelastning (omtrentlig) Forelæsninger: 28 timer Holdtimer: 45 timer Hjemmearbejde i grupper: 65 timer Forberedelse til forelæsninger: 102 timer Forberedelse til holdundervisning: 30 timer Eksamen: 30 timer I alt: 300 timer | AF38: Aarhus | AI38: Studienævnet for Folkesundhedsvidenskab | AK38: 1 | AL38: Fri mundtlig prøve + Fri hjemmeopgave | AM38: I løbet af kuret skal de studerende identificere et folkesundhedsproblem og udarbejde et skriftligt produkt om dette. Det skriftlige produkt må udarbejdes i grupper af 1-4 personer, og være på max 5 normalsider. Der afholdes individuel mundtlige eksamination. Det skriftlige produkt vil indgå i bedømmelsen, idet der foretages en helhedsvurdering af den skriftlige og mundtlige præstation. 30 min mundtlig inklusiv votering. Mundtlig eksamen indledes med oplæg af maksimalt 10 minutter ved studerende.Den individuelle mundtlige prøve, som tager udgangspunkt i et skriftligt produkt udarbejdet i grupper, foregår således, at alle studerende i gruppen møder samtidig til prøven, hvorefter den første studerende eksamineres, mens de øvrige studerende isoleres indtil de selv eksamineres. For reeksamen gælder følgende: Reeksamen består af en individuel, bunden skriftlig hjemmeopgave efterfulgt af en mundtlig eksamination. Den studerende skal udarbejde en skriftlig besvarelse (uden vejledning) af stillede spørgsmål. Besvarelsen må have et omfang på max. 5 normalsider inkl. bilag og noter, men ekskl. indholdsfortegnelse samt litteraturliste. Varighed 1 uge. Den mundtlige eksamen har en varighed af 30 min. inkl. votering og vil bestå af et indledende oplæg, der tager afsæt i og uddyber opgavebesvarelsen (max 10 minutter) samt diskussion og overhøring medudgangspunkt i det mundtlige oplæg og i den udarbejdede besvarelse. Det skriftlige produkt vil indgå i bedømmelsen, idet der foretages en helhedsvurdering af den skriftlige og mundtlige præstation. | AO38: ekstern censur | AP38: 7-trinsskala | AQ38: 2 | AR38: Fri mundtlig prøve(A),Fri hjemmeopgave(B) | AS38: Mundtlig(A),Hjemmeopgave (Assign)(B) | AT38: (A),(B) | AU38: 30 minutter(A),(B) | AV38: Alle(A),(B) | AX38: https://kursuskatalog-admin.au.dk/da/course/140995/
